Workbook

Sheet Kluczowe informacje_Key data
A1: Comparable data pro-forma | B1: Dane porównywalne pro-forma | AY1: nowa segmentacja / new segmentation ->
A2: Key financial and business information | B2: Kluczowe informacje finansowe i biznesowe | C2: 2007 | G2: 2008 | K2: 2009 | O2: 2010 | S2: 2011 | W2: 2012 | AA2: 2013 | AE2: 2014 | AI2: 2015 | AM2: 2016 | AQ2: 2017 | AU2: 2018 | AY2: 2019 | BC2: 2020
C3: 1Q | D3: 2Q | E3: 3Q | F3: 4Q | G3: 1Q | H3: 2Q | I3: 3Q | J3: 4Q | K3: 1Q | L3: 2Q | M3: 3Q | N3: 4Q | O3: 1Q | P3: 2Q | Q3: 3Q | R3: 4Q | S3: 1Q | T3: 2Q | U3: 3Q | V3: 4Q | W3: 1Q | X3: 2Q | Y3: 3Q | Z3: 4Q | AA3: 1Q | AB3: 2Q | AC3: 3Q | AD3: 4Q | AE3: 1Q | AF3: 2Q | AG3: 3Q | AH3: 4Q | AI3: 1Q | AJ3: 2Q | AK3: 3Q | AL3: 4Q | AM3: 1Q | AN3: 2Q | AO3: 3Q | AP3: 4Q | AQ3: 1Q | AR3: 2Q | AS3: 3Q | AT3: 4Q | AU3: 1Q | AV3: 2Q | AW3: 3Q | AX3: 4Q | AY3: 1Q | AZ3: 2Q | BA3: 3Q | BB3: 4Q | BC3: 1Q | BD3: 2Q | BE3: 3Q | BF3: 4Q
A4: (PLN million) | B4: (w mln zł)
A5: P&L: | B5: Wynik finansowy:
A6: Income 1 | B6: Przychody 1 | C6: ='RZiS_P&L'!C18+'RZiS_P&L'!C23 -> 539.2 | D6: ='RZiS_P&L'!D18+'RZiS_P&L'!D23 -> 522.2 | E6: ='RZiS_P&L'!E18+'RZiS_P&L'!E23 -> 542.3 | F6: ='RZiS_P&L'!F18+'RZiS_P&L'!F23 -> 473.2 | G6: ='RZiS_P&L'!G18+'RZiS_P&L'!G23 -> 582.7 | H6: ='RZiS_P&L'!H18+'RZiS_P&L'!H23 -> 625.7 | I6: ='RZiS_P&L'!I18+'RZiS_P&L'!I23 -> 620.2 | J6: ='RZiS_P&L'!J18+'RZiS_P&L'!J23 -> 303.9 | ... BF6: ='RZiS_P&L'!BF18+'RZiS_P&L'!BF23 -> 1603.8
A7: Costs | B7: Koszty | C7: ='RZiS_P&L'!C19 -> 336.1 | D7: ='RZiS_P&L'!D19 -> 345 | E7: ='RZiS_P&L'!E19 -> 356.9 | F7: ='RZiS_P&L'!F19-'RZiS_P&L'!F20 -> 355.1 | G7: ='RZiS_P&L'!G19 -> 367.7 | H7: ='RZiS_P&L'!H19 -> 389.9 | I7: ='RZiS_P&L'!I19 -> 407.7 | J7: ='RZiS_P&L'!J19-'RZiS_P&L'!J20 -> 338.6 | K7: ='RZiS_P&L'!K19 -> 366.8 | L7: ='RZiS_P&L'!L19 -> 386.6 | M7: ='RZiS_P&L'!M19 -> 397.3 | N7: ='RZiS_P&L'!N19-'RZiS_P&L'!N20 -> 355.2 | O7: ='RZiS_P&L'!O19 -> 394.4 | P7: ='RZiS_P&L'!P19 -> 407.1 | Q7: ='RZiS_P&L'!Q19 -> 411.6 | R7: ='RZiS_P&L'!R19-'RZiS_P&L'!R20 -> 396.4 | S7: ='RZiS_P&L'!S19 -> 417.4 | T7: ='RZiS_P&L'!T19 -> 431.8 | U7: ='RZiS_P&L'!U19 -> 431.1 | V7: ='RZiS_P&L'!V19-'RZiS_P&L'!V20 -> 419.7 | W7: ='RZiS_P&L'!W19 -> 474.9 | X7: ='RZiS_P&L'!X19 -> 465 | Y7: ='RZiS_P&L'!Y19 -> 466.2 | Z7: ='RZiS_P&L'!Z19-'RZiS_P&L'!Z20 -> 460.1 | AA7: ='RZiS_P&L'!AA19 -> 482.2 | AB7: ='RZiS_P&L'!AB19 -> 477 | AC7: ='RZiS_P&L'!AC19 -> 458.8 | AD7: ='RZiS_P&L'!AD19-'RZiS_P&L'!AD20 -> 450.4 | AE7: ='RZiS_P&L'!AE19-'RZiS_P&L'!AE20 -> 471.2 | AF7: ='RZiS_P&L'!AF19-'RZiS_P&L'!AF20 -> 480.5 | AG7: ='RZiS_P&L'!AG19-'RZiS_P&L'!AG20 -> 489.5 | AH7: ='RZiS_P&L'!AH19-'RZiS_P&L'!AH20 -> 488.5 | AI7: ='RZiS_P&L'!AI19-'RZiS_P&L'!AI20 -> 495.6 | AJ7: ='RZiS_P&L'!AJ19-'RZiS_P&L'!AJ20 -> 502.3 | AK7: ='RZiS_P&L'!AK19-'RZiS_P&L'!AK20 -> 509.8 | AL7: ='RZiS_P&L'!AL19-'RZiS_P&L'!AL20 -> 648 | AM7: ='RZiS_P&L'!AM19 -> 508.8 | AN7: ='RZiS_P&L'!AN19 -> 517.2 | AO7: ='RZiS_P&L'!AO19 -> 515.5 | AP7: ='RZiS_P&L'!AP19 -> 557.7 | AQ7: ='RZiS_P&L'!AQ19 -> 565.6 | AR7: ='RZiS_P&L'!AR19 -> 512.1 | AS7: ='RZiS_P&L'!AS19 -> 529.6 | AT7: ='RZiS_P&L'!AT19 -> 528.5 | ... BF7: ='RZiS_P&L'!BF19 -> 682.3
A8: Risk costs including legal cost of risk for FX-mortgage loans | B8: Koszty ryzyka łącznie z kosztami ryzyka prawnego walutowych kredytów hipotecznych | C8: ='RZiS_P&L'!C21 -> -6.3 | D8: ='RZiS_P&L'!D21 -> -26.7 | E8: ='RZiS_P&L'!E21 -> -64.4 | F8: ='RZiS_P&L'!F21 -> -5.8 | G8: ='RZiS_P&L'!G21 -> 0.7 | H8: ='RZiS_P&L'!H21 -> -58.8 | I8: ='RZiS_P&L'!I21 -> 7.2 | J8: ='RZiS_P&L'!J21 -> 116.5 | ... AT8: ='RZiS_P&L'!AT21 -> 112.6 | AU8: ='RZiS_P&L'!AU22 -> 94.8 | AV8: ='RZiS_P&L'!AV22 -> 173.7 | AW8: ='RZiS_P&L'!AW22 -> 133.9 | AX8: ='RZiS_P&L'!AX22 -> 98.5 | AY8: ='RZiS_P&L'!AY22 -> 125 | AZ8: ='RZiS_P&L'!AZ22 -> 135.9 | BA8: ='RZiS_P&L'!BA22 -> 180.2 | BB8: ='RZiS_P&L'!BB22 -> 164.4 | ... BF8: ='RZiS_P&L'!BF22 -> 322.5
A9: Gross profit | B9: Zysk brutto | C9: ='RZiS_P&L'!C24 -> 209.4 | D9: ='RZiS_P&L'!D24 -> 203.9 | E9: ='RZiS_P&L'!E24 -> 249.8 | F9: ='RZiS_P&L'!F24 -> 123.9 | G9: ='RZiS_P&L'!G24 -> 214.3 | H9: ='RZiS_P&L'!H24 -> 294.6 | I9: ='RZiS_P&L'!I24 -> 205.3 | J9: ='RZiS_P&L'!J24 -> -151.2 | ... BF9: ='RZiS_P&L'!BF24 -> 476.5
A10: Net profit 2 | B10: Zysk netto 2 | C10: ='RZiS_P&L'!C27 -> 167.4 | D10: ='RZiS_P&L'!D27 -> 167.8 | E10: ='RZiS_P&L'!E27 -> 198 | F10: ='RZiS_P&L'!F27 -> 97.5 | G10: ='RZiS_P&L'!G27 -> 173.8 | H10: ='RZiS_P&L'!H27 -> 233.7 | I10: ='RZiS_P&L'!I27 -> 166.9 | J10: ='RZiS_P&L'!J27 -> -129 | ... BF10: ='RZiS_P&L'!BF27 -> 313.9
A12: BS: | B12: Dane bilansowe:
A13: Balance sheet total | B13: Suma bilansowa | C13: =Bilans_BS!C20 -> 56616.9 | D13: =Bilans_BS!D20 -> 53203.1 | E13: =Bilans_BS!E20 -> 53246.6 | F13: =Bilans_BS!F20 -> 52010.8 | G13: =Bilans_BS!G20 -> 60234.4 | H13: =Bilans_BS!H20 -> 60513.2 | I13: =Bilans_BS!I20 -> 65262.6 | J13: =Bilans_BS!J20 -> 69610.5 | ... BF13: =Bilans_BS!BF20 -> 186595.7
A14: Loans and receivables to customers (net) 3, of which: | B14: Kredyty i inne należności udzielone klientom netto 3, w tym: | C14: =Bilans_BS!C11-Kredyty_loans_old!C83-Kredyty_loans_old!C90 -> 13782.6 | D14: =Bilans_BS!D11-Kredyty_loans_old!D83-Kredyty_loans_old!D90 -> 14567.2 | E14: =Bilans_BS!E11-Kredyty_loans_old!E83-Kredyty_loans_old!E90 -> 15449.4 | F14: =Bilans_BS!F11-Kredyty_loans_old!F83-Kredyty_loans_old!F90 -> 16379.1 | G14: =Bilans_BS!G11-Kredyty_loans_old!G83-Kredyty_loans_old!G90 -> 18039.9 | H14: =Bilans_BS!H11-Kredyty_loans_old!H83-Kredyty_loans_old!H90 -> 20372 | I14: =Bilans_BS!I11-Kredyty_loans_old!I83-Kredyty_loans_old!I90 -> 21986.8 | J14: =Bilans_BS!J11-Kredyty_loans_old!J83-Kredyty_loans_old!J90 -> 24088.8 | ... AT14: =Bilans_BS!AT11-Kredyty_loans_old!AT83-Kredyty_loans_old!AT90 -> 83710.5 | AU14: =Bilans_BS!AU11 -> 90028.2 | AV14: =Bilans_BS!AV11 -> 94475.3 | AW14: =Bilans_BS!AW11 -> 98986 | AX14: =Bilans_BS!AX11 -> 102907.4 | AY14: =Bilans_BS!AY11 -> 107181.3 | AZ14: =Bilans_BS!AZ11 -> 110316.4 | BA14: =Bilans_BS!BA11 -> 115551 | BB14: =Bilans_BS!BB11 -> 118127.8 | ... BF14: =Bilans_BS!BF11 -> 124655.3
A15: Loans | B15: Kredyty | C15: =Kredyty_loans_old!C6+Kredyty_loans_old!C9+Kredyty_loans_old!C16+Kredyty_loans_old!C19 -> 13547.4 | D15: =Kredyty_loans_old!D6+Kredyty_loans_old!D9+Kredyty_loans_old!D16+Kredyty_loans_old!D19 -> 14323.8 | E15: =Kredyty_loans_old!E6+Kredyty_loans_old!E9+Kredyty_loans_old!E16+Kredyty_loans_old!E19 -> 15231.5 | F15: =Kredyty_loans_old!F6+Kredyty_loans_old!F9+Kredyty_loans_old!F16+Kredyty_loans_old!F19 -> 16105.5 | G15: =Kredyty_loans_old!G6+Kredyty_loans_old!G9+Kredyty_loans_old!G16+Kredyty_loans_old!G19 -> 17758.9 | H15: =Kredyty_loans_old!H6+Kredyty_loans_old!H9+Kredyty_loans_old!H16+Kredyty_loans_old!H19 -> 19283.5 | I15: =Kredyty_loans_old!I6+Kredyty_loans_old!I9+Kredyty_loans_old!I16+Kredyty_loans_old!I19 -> 21522.1 | J15: =Kredyty_loans_old!J6+Kredyty_loans_old!J9+Kredyty_loans_old!J16+Kredyty_loans_old!J19 -> 23639.8 | ... AO15: =Kredyty_loans_old!AO6+Kredyty_loans_old!AO9+Kredyty_loans_old!AO16+Kredyty_loans_old!AO19 -> 66660.6 | AP15: =Kredyty_loans!AP66-Kredyty_loans!AP70-Kredyty_loans!AP71-Kredyty_loans!AP76 -> 67572.6 | AQ15: =Kredyty_loans!AQ66-Kredyty_loans!AQ70-Kredyty_loans!AQ71-Kredyty_loans!AQ76 -> 69982.9 | AR15: =Kredyty_loans!AR66-Kredyty_loans!AR70-Kredyty_loans!AR71-Kredyty_loans!AR76 -> 72021.2 | AS15: =Kredyty_loans!AS66-Kredyty_loans!AS70-Kredyty_loans!AS71-Kredyty_loans!AS76 -> 74721.8 | AT15: =Kredyty_loans!AT66-Kredyty_loans!AT70-Kredyty_loans!AT71-Kredyty_loans!AT76 -> 75407.2 | AU15: =Kredyty_loans!AU66-Kredyty_loans!AU70-Kredyty_loans!AU71-Kredyty_loans!AU76 -> 77893.4 | AV15: =Kredyty_loans!AV66-Kredyty_loans!AV70-Kredyty_loans!AV71-Kredyty_loans!AV76 -> 81668.4 | AW15: =Kredyty_loans!AW66-Kredyty_loans!AW70-Kredyty_loans!AW71-Kredyty_loans!AW76 -> 85819.6 | ... BF15: =Kredyty_loans!BF66-Kredyty_loans!BF70-Kredyty_loans!BF71-Kredyty_loans!BF76 -> 108230
A16: Leasing receivables | B16: Należności leasingowe | C16: 0 | D16: 0 | E16: 0 | F16: 0 | G16: 0 | H16: 0 | I16: 0 | J16: 0 | K16: 0 | L16: 0 | M16: 0 | N16: 0 | O16: 0 | P16: 0 | Q16: 0 | R16: 0 | S16: 0 | T16: 0 | U16: 0 | V16: 0 | W16: 3045.6 | X16: 3084.4 | Y16: =Kredyty_loans_old!Y7+Kredyty_loans_old!Y17 -> 3067.2 | Z16: =Kredyty_loans_old!Z7+Kredyty_loans_old!Z17 -> 3164.5 | AA16: =Kredyty_loans_old!AA7+Kredyty_loans_old!AA17 -> 3188.4 | AB16: =Kredyty_loans_old!AB7+Kredyty_loans_old!AB17 -> 3322.4 | AC16: =Kredyty_loans_old!AC7+Kredyty_loans_old!AC17 -> 3472.2 | AD16: =Kredyty_loans_old!AD7+Kredyty_loans_old!AD17 -> 3590.8 | AE16: =Kredyty_loans_old!AE7+Kredyty_loans_old!AE17 -> 3774.3 | AF16: =Kredyty_loans_old!AF7+Kredyty_loans_old!AF17 -> 4162.1 | ... AO16: =Kredyty_loans_old!AO7+Kredyty_loans_old!AO17 -> 5509.3 | AP16: =Kredyty_loans!AP70+Kredyty_loans!AP76 -> 5710.6 | AQ16: =Kredyty_loans!AQ70+Kredyty_loans!AQ76 -> 5774.1 | AR16: =Kredyty_loans!AR70+Kredyty_loans!AR76 -> 6098.6 | AS16: =Kredyty_loans!AS70+Kredyty_loans!AS76 -> 6327.4 | AT16: =Kredyty_loans!AT70+Kredyty_loans!AT76 -> 6560.1 | AU16: =Kredyty_loans!AU70+Kredyty_loans!AU76 -> 6825 | AV16: =Kredyty_loans!AV70+Kredyty_loans!AV76 -> 7246.3 | AW16: =Kredyty_loans!AW70+Kredyty_loans!AW76 -> 7608.3 | ... BF16: =Kredyty_loans!BF70+Kredyty_loans!BF76 -> 9697.6
A17: Factoring receivables | B17: Należności faktoringowe | C17: =Kredyty_loans_old!C8+Kredyty_loans_old!C18 -> 148.7 | D17: =Kredyty_loans_old!D8+Kredyty_loans_old!D18 -> 148.1 | E17: =Kredyty_loans_old!E8+Kredyty_loans_old!E18 -> 125.5 | F17: =Kredyty_loans_old!F8+Kredyty_loans_old!F18 -> 128.6 | G17: =Kredyty_loans_old!G8+Kredyty_loans_old!G18 -> 130.5 | H17: =Kredyty_loans_old!H8+Kredyty_loans_old!H18 -> 136 | I17: =Kredyty_loans_old!I8+Kredyty_loans_old!I18 -> 178.2 | J17: =Kredyty_loans_old!J8+Kredyty_loans_old!J18 -> 164.6 | ... AO17: =Kredyty_loans_old!AO8+Kredyty_loans_old!AO18 -> 4264.7 | AP17: =Kredyty_loans!AP71 -> 4350.4 | AQ17: =Kredyty_loans!AQ71 -> 4513.4 | AR17: =Kredyty_loans!AR71 -> 4622.2 | AS17: =Kredyty_loans!AS71 -> 4715.1 | AT17: =Kredyty_loans!AT71 -> 4589 | AU17: =Kredyty_loans!AU71 -> 4562.6 | AV17: =Kredyty_loans!AV71 -> 4751.6 | AW17: =Kredyty_loans!AW71 -> 4767 | ... BF17: =Kredyty_loans!BF71 -> 4794.5
A18: Liabilities due to customers | B18: Zobowiązania wobec klientów | C18: =Bilans_BS!C28 -> 40774.6 | D18: =Bilans_BS!D28 -> 40253.4 | E18: =Bilans_BS!E28 -> 40658.1 | F18: =Bilans_BS!F28 -> 44501.8 | G18: =Bilans_BS!G28 -> 45359.1 | H18: =Bilans_BS!H28 -> 47651.4 | I18: =Bilans_BS!I28 -> 51303.5 | J18: =Bilans_BS!J28 -> 47111.9 | ... BF18: =Bilans_BS!BF28 -> 151028.5
A19: Equity 4 | B19: Kapitały własne 4 | C19: =Bilans_BS!C41 -> 3902.3 | D19: =Bilans_BS!D41 -> 3622 | E19: =Bilans_BS!E41 -> 3820.4 | F19: =Bilans_BS!F41 -> 3838.8 | G19: =Bilans_BS!G41 -> 4013.7 | H19: =Bilans_BS!H41 -> 3977.6 | I19: =Bilans_BS!I41 -> 4277.9 | J19: =Bilans_BS!J41 -> 4222.2 | ... BF19: =Bilans_BS!BF41 -> 18618.3
A21: Total capital ratio (consolidated) as % | B21: Łączny współczynnik kapitałowy skonsolidowany w % | C21: 0.1374 | D21: 0.1341 | E21: 0.1305 | F21: 0.1312 | G21: 0.1102 | H21: 0.1122 | I21: 0.119 | J21: 0.1039 | K21: 0.101 | L21: 0.1087 | M21: 0.1207 | N21: 0.1201 | O21: 0.13 | P21: 0.1256 | Q21: 0.133 | R21: 0.1315 | S21: 0.1274 | T21: 0.1261 | U21: 0.1256 | V21: 0.1192 | W21: 0.1211 | X21: 0.1298 | Y21: ='Łączny współ kap_TCR_GROUP'!Y53 -> 0.1367 | Z21: ='Łączny współ kap_TCR_GROUP'!Z53 -> 0.1455 | AA21: ='Łączny współ kap_TCR_GROUP'!AA53 -> 0.1515 | AB21: ='Łączny współ kap_TCR_GROUP'!AB53 -> 0.1583 | AC21: ='Łączny współ kap_TCR_GROUP'!AC53 -> 0.1739 | AD21: ='Łączny współ kap_TCR_GROUP'!AD53 -> 0.1728 | AE21: ='Łączny współ kap_TCR_GROUP'!AE53 -> 0.1457 | AF21: ='Łączny współ kap_TCR_GROUP'!AF53 -> 0.1504 | ... BF21: ='Łączny współ kap_TCR_GROUP'!BF53 -> 0.1872
A25: Total capital ratio (standalone) as % | B25: Łączny współczynnik kapitałowy jednostkowy w % | C25: 0.1318 | D25: 0.1255 | E25: 0.1217 | F25: 0.1203 | G25: 0.1025 | H25: 0.1033 | I25: 0.1131 | J25: 0.0983 | K25: 0.0939 | L25: 0.0993 | M25: 0.1121 | N25: 0.1124 | O25: 0.1218 | P25: 0.1159 | Q25: 0.1236 | R25: 0.122 | S25: 0.1173 | T25: 0.1161 | U25: 0.1178 | V25: 0.1158 | W25: 0.1157 | X25: 0.124 | Y25: 0.1309 | Z25: 0.14 | AA25: 0.1441 | AB25: 0.1525 | AC25: 0.1733 | AD25: 0.171 | AE25: 0.153 | AF25: 0.157 | AG25: 0.1531 | AH25: 0.1552 | AI25: 0.1576 | AJ25: 0.1462 | AK25: 0.1467 | AL25: 0.1507 | AM25: 0.154 | AN25: 0.1628 | AO25: 0.1659 | AP25: 0.166 | AQ25: 0.1613 | AR25: 0.172 | AS25: 0.1647 | AT25: 0.1839 | AU25: 0.1765 | AV25: 0.1664 | AW25: 0.1673 | AX25: 0.1717 | AY25: 0.1717 | AZ25: 0.1624 | BA25: 0.1704 | BB25: 0.183 | BC25: 0.1707 | BD25: 0.1954 | BE25: 0.1974 | BF25: 0.2
A28: LR (consolidated) as % | B28: Wskaźnik dzwigni w % (skonsolidowany) | AQ28: 0.0696 | AR28: 0.0768 | AS28: 0.0749 | AT28: 0.0773 | AU28: 0.0761 | AV28: 0.075 | AW28: 0.0768 | AX28: 0.0742 | AY28: 0.0739 | AZ28: 0.0723 | BA28: 0.0722 | BB28: 0.0723 | BC28: 0.0643 | BD28: 0.0696 | BE28: 0.0685 | BF28: 0.0689
A29: LCR (consolidated) as % | B29: LCR w % (skonsolidowany) | AQ29: 1.44 | AR29: 1.34 | AS29: 1.31 | AT29: 1.45 | AU29: 1.35 | AV29: 1.23 | AW29: 1.19 | AX29: 1.33 | AY29: 1.25 | AZ29: 1.22 | BA29: 1.19 | BB29: 1.3 | BC29: 1.41 | BD29: 2.23 | BE29: 2.13 | BF29: 2.2
A30: NSFR (consolidated) as % | B30: NSFR w % (skonsolidowany) | AQ30: 1.22 | AR30: 1.19 | AS30: 1.16 | AT30: 1.22 | AU30: 1.19 | AV30: 1.23 | AW30: 1.17 | AX30: 1.31 | AY30: 1.28 | AZ30: 1.28 | BA30: 1.26 | BB30: 1.3 | BC30: 1.3 | BD30: 1.44 | BE30: 1.44 | BF30: 1.44
A32: Basic ratios: | B32: Podstawowe wskaźniki:
A33: Net profit/ Balance sheet total (ROA) as % | B33: Zysk netto/suma bilansowa (ROA) w % | C33: 1.3 | D33: 1.2 | E33: 1.2 | F33: 1.2 | G33: =SUM(D10:G10)/AVERAGE(C13:G13)*100 -> 1.1570518 | H33: =SUM(E10:H10)/AVERAGE(D13:H13)*100 -> 1.2589176 | I33: =SUM(F10:I10)/AVERAGE(E13:I13)*100 -> 1.1534067 | J33: =SUM(G10:J10)/AVERAGE(F13:J13)*100 -> 0.72391806 | K33: =SUM(H10:K10)/AVERAGE(G13:K13)*100 -> 0.54411853 | L33: =SUM(I10:L10)/AVERAGE(H13:L13)*100 -> 0.45929915 | M33: =SUM(J10:M10)/AVERAGE(I13:M13)*100 -> 0.52026236 | N33: =SUM(K10:N10)/AVERAGE(J13:N13)*100 -> 0.9114088 | ... BF33: =SUM(BC10:BF10)/AVERAGE(BB13:BF13)*100 -> 0.75832238
A34: Net profit/ Equity (ROE) as % | B34: Zysk netto/Kapitały (ROE) w % | C34: 16.3 | D34: 16.3 | E34: 17 | F34: 16.7 | G34: =SUM(D10:G10)/AVERAGE(C19:G19)*100 -> 16.593566 | H34: =SUM(E10:H10)/AVERAGE(D19:H19)*100 -> 18.238423 | I34: =SUM(F10:I10)/AVERAGE(E19:I19)*100 -> 16.857851 | J34: =SUM(G10:J10)/AVERAGE(F19:J19)*100 -> 10.954147 | K34: =SUM(H10:K10)/AVERAGE(G19:K19)*100 -> 8.4824502 | L34: =SUM(I10:L10)/AVERAGE(H19:L19)*100 -> 7.0840306 | M34: =SUM(J10:M10)/AVERAGE(I19:M19)*100 -> 7.8343021 | N34: =SUM(K10:N10)/AVERAGE(J19:N19)*100 -> 13.14023 | ... BF34: =SUM(BC10:BF10)/AVERAGE(BB19:BF19)*100 -> 7.5987997
A35: Cost /Income ratio (C/I) as % | B35: Koszty/Dochody w % | C35: =+C7/C6*100 -> 62.333086 | D35: =ROUND(D7/D6*100,1) -> 66.1 | E35: =ROUND(E7/E6*100,1) -> 65.8 | F35: =ROUND(F7/F6*100,1) -> 75 | G35: =ROUND(G7/G6*100,1) -> 63.1 | H35: =ROUND(H7/H6*100,1) -> 62.3 | I35: =ROUND(I7/I6*100,1) -> 65.7 | J35: =ROUND(J7/J6*100,1) -> 111.4 | K35: =ROUND(K7/K6*100,1) -> 65.3 | ... BF35: =ROUND(BF7/BF6*100,1) -> 42.5
A36: Cost /Income ratio (C/I) as % - cumulatively | B36: Koszty/Dochody w % - narastająco | C36: =+C7/C6*100 -> 62.333086 | D36: =(+C7+D7)/(C6+D6)*100 -> 64.169964 | E36: =(+C7+D7+E7)/(C6+D6+E6)*100 -> 64.725323 | F36: =(+C7+D7+E7+F7)/(C6+D6+E6+F6)*100 -> 67.07593 | G36: =+G7/G6*100 -> 63.102797 | H36: =(+G7+H7)/(G6+H6)*100 -> 62.694472 | I36: =(+G7+H7+I7)/(G6+H6+I6)*100 -> 63.726348 | J36: =(+G7+H7+I7+J7)/(G6+H6+I6+J6)*100 -> 70.52286 | K36: =+K7/K6*100 -> 65.336658 | L36: =(+K7+L7)/(K6+L6)*100 -> 60.247901 | M36: =(+K7+L7+M7)/(K6+L6+M6)*100 -> 58.742151 | N36: =(+K7+L7+M7+N7)/(K6+L6+M6+N6)*100 -> 59.087342 | O36: =+O7/O6*100 -> 59.577039 | P36: =(+O7+P7)/(O6+P6)*100 -> 59.613239 | Q36: =(+O7+P7+Q7)/(O6+P6+Q6)*100 -> 59.21605 | R36: =(+O7+P7+Q7+R7)/(O6+P6+Q6+R6)*100 -> 58.586925 | S36: =+S7/S6*100 -> 56.283711 | T36: =(+S7+T7)/(S6+T6)*100 -> 56.571847 | U36: =(+S7+T7+U7)/(S6+T6+U6)*100 -> 57.261058 | V36: =(+S7+T7+U7+V7)/(S6+T6+U6+V6)*100 -> 56.856187 | W36: =+W7/W6*100 -> 55.427171 | X36: =(+W7+X7)/(W6+X6)*100 -> 56.610251 | Y36: =(+X7+Y7+W7)/(X6+Y6+W6)*100 -> 57.116744 | Z36: =(+Y7+W7+X7+Z7)/(Y6+W6+X6+Z6)*100 -> 57.508243 | AA36: =(+AA7/AA6)*100 -> 55.797269 | AB36: =(+AA7+AB7)/(AA6+AB6)*100 -> 57.153072 | AC36: =(+AA7+AC7+AB7)/(AA6+AC6+AB6)*100 -> 56.961517 | AD36: =(+AA7+AD7+AC7+AB7)/(AA6+AD6+AC6+AB6)*100 -> 56.133393 | AE36: =(+AE7/AE6)*100 -> 53.31523 | AF36: =(+AE7+AF7)/(AE6+AF6)*100 -> 53.421274 | AG36: =(+AE7+AG7+AF7)/(AE6+AG6+AF6)*100 -> 53.800209 | AH36: =(+AE7+AH7+AF7+AG7)/(AE6+AH6+AF6+AG6)*100 -> 54.437486 | AI36: =(+AI7)/(AI6)*100 -> 54.701987 | AJ36: =(+AI7+AJ7)/(AI6+AJ6)*100 -> 52.871675 | AK36: =(+AI7+AK7+AJ7)/(AI6+AK6+AJ6)*100 -> 53.379359 | AL36: =(+AJ7+AL7+AK7+AI7)/(AJ6+AL6+AK6+AI6)*100 -> 57.05778 | AM36: =ROUND(AM7/AM6*100,1) -> 52.2 | AN36: =(+AM7+AN7)/(AM6+AN6)*100 -> 48.214286 | AO36: =(+AN7+AO7+AM7)/(AN6+AO6+AM6)*100 -> 48.13427 | AP36: =(+AN7+AP7+AM7+AO7)/(AN6+AP6+AM6+AO6)*100 -> 48.542028 | AQ36: =SUM($AQ$7:AQ7)/SUM($AQ$6:AQ6)*100 -> 49.819431 | AR36: =SUM($AQ$7:AR7)/SUM($AQ$6:AR6)*100 -> 46.314839 | AS36: =SUM($AQ$7:AS7)/SUM($AQ$6:AS6)*100 -> 45.38088 | AT36: =SUM($AQ$7:AT7)/SUM($AQ$6:AT6)*100 -> 44.784131 | AU36: =SUM($AU$7:AU7)/SUM($AU$6:AU6)*100 -> 49.988066 | AV36: =SUM($AU$7:AV7)/SUM($AU$6:AV6)*100 -> 46.094815 | AW36: =SUM($AU$7:AW7)/SUM($AU$6:AW6)*100 -> 45.455719 | AX36: =SUM($AU$7:AX7)/SUM($AU$6:AX6)*100 -> 44.469077 | AY36: =SUM($AY$7:AY7)/SUM($AY$6:AY6)*100 -> 52.016158 | AZ36: =SUM($AY$7:AZ7)/SUM($AY$6:AZ6)*100 -> 45.892511 | BA36: =SUM($AY$7:BA7)/SUM($AY$6:BA6)*100 -> 44.240765 | BB36: =SUM($AY$7:BB7)/SUM($AY$6:BB6)*100 -> 43.085363 | BC36: =SUM($BC$7:BC7)/SUM($BC$6:BC6)*100 -> 49.593652 | BD36: =SUM($BC$7:BD7)/SUM($BC$6:BD6)*100 -> 45.97047 | BE36: =SUM($BC$7:BE7)/SUM($BC$6:BE6)*100 -> 44.958828 | BF36: =SUM($BC$7:BF7)/SUM($BC$6:BF6)*100 -> 44.336912
A37: Net interest margin (NIM) as % 5 | B37: Marża odsetkowa netto w % 5 | C37: - | D37: - | E37: - | F37: - | G37: 2.04 | H37: 2.14 | I37: 2.15 | J37: 2.14 | K37: 2.08 | L37: 2.11 | M37: 2.18 | N37: 2.25 | O37: 2.45 | P37: 2.58 | Q37: 2.66 | R37: 2.78 | S37: 2.79 | T37: 2.83 | U37: 2.84 | V37: 2.87 | W37: 2.89 | X37: 2.94 | Y37: 2.95 | Z37: 2.94 | AA37: 2.87 | AB37: 2.76 | AC37: 2.69 | AD37: 2.68 | AE37: 2.73 | AF37: 2.73 | AG37: 2.72 | AH37: 2.67 | AI37: 2.56 | AJ37: 2.47 | AK37: 2.43 | AL37: 2.45 | AM37: 2.48 | AN37: 2.5 | AO37: 2.57 | AP37: ='Marża odsetkowa_NIM'!AP24*100 -> 2.6724743 | AQ37: ='Marża odsetkowa_NIM'!AQ24*100 -> 2.7272549 | AR37: ='Marża odsetkowa_NIM'!AR24*100 -> 2.8038894 | AS37: ='Marża odsetkowa_NIM'!AS24*100 -> 2.8467504 | AT37: ='Marża odsetkowa_NIM'!AT24*100 -> 2.882691 | AU37: ='Marża odsetkowa_NIM'!AU24*100 -> 2.909161 | AV37: ='Marża odsetkowa_NIM'!AV24*100 -> 2.9277906 | AW37: ='Marża odsetkowa_NIM'!AW24*100 -> 2.9369804 | ... BF37: ='Marża odsetkowa_NIM'!BF24*100 -> 2.6284885
A39: Information for investors and shareholders: | B39: Informacje dla inwestorów i akcjonariuszy:
A40: Number of shares 6 | B40: Liczba akcji 6 | C40: 130100000 | D40: 130100000 | E40: 130100000 | F40: 130100000 | G40: 130100000 | H40: 130100000 | I40: 130100000 | J40: 130100000 | K40: 130100000 | L40: 130100000 | M40: 130100000 | N40: 130100000 | O40: 130100000 | P40: 130100000 | Q40: 130100000 | R40: 130100000 | S40: 130100000 | T40: 130100000 | U40: 130100000 | V40: 130100000 | W40: 130100000 | X40: 130100000 | Y40: 130100000 | Z40: 130100000 | AA40: 130100000 | AB40: 130100000 | AC40: 130100000 | AD40: 130100000 | AE40: 130100000 | AF40: 130100000 | AG40: 130100000 | AH40: 130100000 | AI40: 130100000 | AJ40: 130100000 | AK40: 130100000 | AL40: 130100000 | AM40: 130100000 | AN40: 130100000 | AO40: 130100000 | AP40: 130100000 | AQ40: 130100000 | AR40: 130100000 | AS40: 130100000 | AT40: 130100000 | AU40: 130100000 | AV40: 130100000 | AW40: 130100000 | AX40: 130100000 | AY40: 130100000 | AZ40: =$AY$40 -> 130100000 | BA40: =$AY$40 -> 130100000 | BB40: =$AY$40 -> 130100000 | BC40: =$AY$40 -> 130100000 | BD40: =$AY$40 -> 130100000 | BE40: =$AY$40 -> 130100000 | BF40: =$AY$40 -> 130100000
A41: Net book value | B41: Wartość księgowa | C41: 3902.3 | D41: 3622 | E41: 3820.4 | F41: 3838.8 | G41: 4013.7 | H41: 3977.6 | I41: 4277.9 | J41: 4222.2 | K41: 4280.9 | L41: 4514.6 | M41: 4742.1 | N41: 4884.4 | O41: 5131.7 | P41: 5280.2 | Q41: 5529.5 | R41: 5650.8 | S41: 5782 | T41: 5951.5 | U41: 6194.6 | V41: 6413.7 | W41: 6751.1 | X41: 6978.8 | Y41: =Y19 -> 7424.9 | Z41: =Z19 -> 8133.8 | AA41: =AA19 -> 8236.5 | AB41: =AB19 -> 8131.2 | AC41: =AC19 -> 8269.2 | AD41: =AD19 -> 8626.3 | AE41: =AE19 -> 8885.6 | AF41: =AF19 -> 9158.7 | ... BF41: =BF19 -> 18618.3
A42: Net book value per share in PLN | B42: Wartość księgowa na jedną akcję w zł | C42: =+C41/C40*1000000 -> 29.99462 | D42: =+D41/D40*1000000 -> 27.840123 | E42: =+E41/E40*1000000 -> 29.365104 | F42: =+F41/F40*1000000 -> 29.506533 | G42: =+G41/G40*1000000 -> 30.850884 | H42: =+H41/H40*1000000 -> 30.573405 | I42: =+I41/I40*1000000 -> 32.88163 | J42: =+J41/J40*1000000 -> 32.453497 | ... BF42: =+BF41/BF40*1000000 -> 143.10761
A43: Earnings per 1 share in PLN | B43: Zysk na 1 akcję w zł | C43: =(C10/C40)*1000000 -> 1.2867025 | D43: =(D10/D40)*1000000 -> 1.2897771 | E43: =(E10/E40)*1000000 -> 1.5219062 | F43: =(F10/F40)*1000000 -> 0.74942352 | G43: =(G10/G40)*1000000 -> 1.3358955 | H43: =(H10/H40)*1000000 -> 1.7963105 | I43: =(I10/I40)*1000000 -> 1.2828593 | J43: =(J10/J40)*1000000 -> -0.99154497 | ... BF43: =(BF10/BF40)*1000000 -> 2.4127594
A44: Market capitalisation | B44: Kapitalizacja giełdowa | C44: =(+C45*C40)/1000000 -> 9887.6 | D44: =+(D45*D40)/1000000 -> 13049.03 | E44: =(+E45*E40)/1000000 -> 11839.1 | F44: =(+F45*F40)/1000000 -> 9432.25 | G44: =(+G45*G40)/1000000 -> 6895.3 | H44: =+(H45*H40)/1000000 -> 5399.15 | I44: =(+I45*I40)/1000000 -> 6648.11 | J44: =(+J45*J40)/1000000 -> 5594.3 | K44: =(+K45*K40)/1000000 -> 2758.12 | L44: =+(L45*L40)/1000000 -> 4566.51 | M44: =(+M45*M40)/1000000 -> 8326.4 | N44: =(+N45*N40)/1000000 -> 10147.8 | O44: =(+O45*O40)/1000000 -> 9705.46 | P44: =+(P45*P40)/1000000 -> 9822.55 | Q44: =(+Q45*Q40)/1000000 -> 10733.25 | R44: =(+R45*R40)/1000000 -> 11630.94 | S44: =(+S45*S40)/1000000 -> 11630.94 | T44: =+(T45*T40)/1000000 -> 11227.63 | U44: =(+U45*U40)/1000000 -> 9627.4 | V44: =(+V45*V40)/1000000 -> 10225.86 | W44: =(+W45*W40)/1000000 -> 11500.84 | X44: =(+X45*X40)/1000000 -> 10616.16 | Y44: =(+Y45*Y40)/1000000 -> 10941.41 | Z44: =(+Z45*Z40)/1000000 -> 11839.1 | AA44: =(+AA45*AA40)/1000000 -> 11813.08 | AB44: =(+AB45*AB40)/1000000 -> 12315.266 | ... BF44: =(+BF45*BF40)/1000000 -> 22247.1
A45: Share price in PLN | B45: Kurs akcji w zł | C45: 76 | D45: 100.3 | E45: 91 | F45: 72.5 | G45: 53 | H45: 41.5 | I45: 51.1 | J45: 43 | K45: 21.2 | L45: 35.1 | M45: 64 | N45: 78 | O45: 74.6 | P45: 75.5 | Q45: 82.5 | R45: 89.4 | S45: 89.4 | T45: 86.3 | U45: 74 | V45: 78.6 | W45: 88.4 | X45: 81.6 | Y45: 84.1 | Z45: 91 | AA45: 90.8 | AB45: 94.66 | AC45: 112 | AD45: 113.35 | AE45: 132.5 | AF45: 132.6 | AG45: 148 | AH45: 139.9 | AI45: 136.8 | AJ45: 127 | AK45: 119.2 | AL45: 117.15 | AM45: 121 | AN45: 123.45 | AO45: 148 | AP45: 161.4 | AQ45: 172.1 | AR45: 182.4 | AS45: 204.5 | AT45: 205.6 | AU45: 196.8 | AV45: 179 | AW45: 182.8 | AX45: 180 | AY45: 192.02 | AZ45: 202 | BA45: 199.4 | BB45: 202.5 | BC45: 148.8 | BD45: 142.2 | BE45: 123 | BF45: 171
A47: Other quantitative data: | B47: Pozostałe dane ilościowe:
A48: Number of retail clients in thousands | B48: Liczba klientów detalicznych w tys. | C48: 2089 | D48: 2133 | E48: 2213 | F48: 2257 | G48: 2343 | H48: 2411 | I48: 2525 | J48: 2598 | K48: 2632 | L48: 2673 | M48: 2705 | N48: 2761 | O48: 2805 | P48: 2858 | Q48: 2917 | R48: 2969 | S48: 3000 | T48: 3028 | U48: 3046 | V48: 3073 | W48: 3123 | X48: 3145 | Y48: 3199 | Z48: 3236 | AA48: 3268 | AB48: 3316 | AC48: 3347 | AD48: 3542 | AE48: 3546 | AF48: 3602 | AG48: 3668 | AH48: 3727 | AI48: 3806 | AJ48: 3883 | AK48: 3958 | AL48: 4016 | AM48: 4081 | AN48: 4149 | AO48: 4202 | AP48: 4272 | AQ48: 4329 | AR48: 4393 | AS48: 4468 | AT48: 4532 | AU48: 4610 | AV48: 4680 | AW48: 4757 | AX48: 4796 | AY48: 4483 | AZ48: 4532 | BA48: 4288 | BB48: 4049 | BC48: 4133 | BD48: 4165 | BE48: 4215 | BF48: 4236
A49: Total number of clients in thousands | B49: Łączna liczba klientów w tys. | AD49: 3577 | AE49: 3581 | AF49: 3639 | AG49: 3706 | AH49: 3766 | AI49: 3846 | AJ49: 3924 | AK49: 4001 | AL49: 4060 | AM49: 4127 | AN49: 4197 | AO49: 4251 | AP49: 4323 | AQ49: 4381 | AR49: 4448 | AS49: 4524 | AT49: 4590 | AU49: 4669 | AV49: 4741 | AW49: 4819 | AX49: 4860 | AY49: 4934 | AZ49: 4982 | BA49: 4727 | BB49: 4503 | BC49: 4606 | BD49: 4648 | BE49: 4700 | BF49: 4722
A50: Number of outlets | B50: Liczba placówek | C50: ='Pozostałe informacje_other info'!C13 -> 350 | D50: ='Pozostałe informacje_other info'!D13 -> 361 | E50: ='Pozostałe informacje_other info'!E13 -> 375 | F50: ='Pozostałe informacje_other info'!F13 -> 404 | G50: ='Pozostałe informacje_other info'!G13 -> 415 | H50: ='Pozostałe informacje_other info'!H13 -> 430 | I50: ='Pozostałe informacje_other info'!I13 -> 432 | J50: ='Pozostałe informacje_other info'!J13 -> 439 | ... BF50: ='Pozostałe informacje_other info'!BF13 -> 290
A51: Number of employees | B51: Liczba pracowników | C51: ='Pozostałe informacje_other info'!C7 -> 7578 | D51: ='Pozostałe informacje_other info'!D7 -> 7676 | E51: ='Pozostałe informacje_other info'!E7 -> 7828 | F51: ='Pozostałe informacje_other info'!F7 -> 8048 | G51: ='Pozostałe informacje_other info'!G7 -> 8137 | H51: ='Pozostałe informacje_other info'!H7 -> 8318 | I51: ='Pozostałe informacje_other info'!I7 -> 8330 | J51: ='Pozostałe informacje_other info'!J7 -> 8454 | ... BF51: ='Pozostałe informacje_other info'!BF7 -> 8507
A53: 1 Including net profit of affiliated entities recognised on an equity basis. | B53: 1 Łącznie z zyskiem netto jednostek stowarzyszonych wykazywanych metodą praw własności.
A54: 2 Attributable to the shareholders of the parent entity. | B54: 2 Przypadający na akcjonariuszy jednostki dominującej.
A55: 3 Excluding T-eurobonds | B55: 3 Z wyłączeniem portfela Euroobligacji
A56: 4 Equity of the parent entity | B56: 4 Kapitały własne jednostki dominującej
A57: 5 Sum of NII of 4 consecutive quarters / average interest bearing assets of 5 consecutive quarters | B57: 5 Suma wyniku odsetkowego dla 4 kolejnych kwartałów / średnia wartośc aktywów odsetkowych dla 5 kolejnych kwartałów
A58: 6 After making figures comparable (1:10 split in Q4 2011) | B58: 6 Po doprowadzeniu do porównywalności (podział w stosunku 1:10 w IV kwartale 2011 roku)

Sheet RZiS_P&L
A1: Comparable data pro-forma | B1: Dane porównywalne pro-forma
A2: CONSOLIDATED INCOME STATEMENT of the ING Bank Śląski Group S.A. | B2: SKONSOLIDOWANY RACHUNEK ZYSKÓW I STRAT Grupy Kapitałowej ING Banku Śląskiego S.A. | C2: 2007 | G2: 2008 | K2: 2009 | O2: 2010 | S2: 2011 | W2: 2012 | AA2: 2013 | AE2: 2014 | AI2: 2015 | AM2: 2016 | AQ2: 2017 | AU2: 2018 | AY2: 2019 | BC2: 2020
C3: 1Q | D3: 2Q | E3: 3Q | F3: 4Q | G3: 1Q | H3: 2Q | I3: 3Q | J3: 4Q | K3: 1Q | L3: 2Q | M3: 3Q | N3: 4Q | O3: 1Q | P3: 2Q | Q3: 3Q | R3: 4Q | S3: 1Q | T3: 2Q | U3: 3Q | V3: 4Q | W3: 1Q | X3: 2Q | Y3: 3Q | Z3: 4Q | AA3: 1Q | AB3: 2Q | AC3: 3Q | AD3: 4Q | AE3: 1Q | AF3: 2Q | AG3: 3Q | AH3: 4Q | AI3: 1Q | AJ3: 2Q | AK3: 3Q | AL3: 4Q | AM3: 1Q | AN3: 2Q | AO3: 3Q | AP3: 4Q | AQ3: 1Q | AR3: 2Q | AS3: 3Q | AT3: 4Q | AU3: 1Q | AV3: 2Q | AW3: 3Q | AX3: 4Q | AY3: 1Q | AZ3: 2Q | BA3: 3Q | BB3: 4Q | BC3: 1Q | BD3: 2Q | BE3: 3Q | BF3: 4Q
A4: (PLN million) | B4: (w mln zł)
A5: - Interest income | B5: - Przychody z tytułu odsetek w tym | C5: 556 | D5: 586 | E5: 618.3 | F5: 673.3 | G5: 750.5 | H5: 855.3 | I5: 910.1 | J5: 982.8 | K5: 860.8 | L5: 773.3 | M5: 732.1 | N5: 711.5 | O5: 726.8 | P5: 723.1 | Q5: 747.3 | R5: 751.5 | S5: 772.6 | T5: 833.6 | U5: 882.3 | V5: 897 | W5: 945.2 | X5: 945.2 | Y5: 963.2 | Z5: 977.9 | AA5: 925.1 | AB5: 902.8 | AC5: 895.4 | AD5: 891.4 | AE5: 903.8 | AF5: 932.6 | AG5: 962.2 | AH5: 925.9 | AI5: 887 | AJ5: 878 | AK5: 928.5 | AL5: 935.1 | AM5: 935 | AN5: 961.2 | AO5: 1010.5 | AP5: 1016.2 | AQ5: 1004.3 | AR5: 1040.6 | AS5: 1081.6 | AT5: 1111 | AU5: 1098.1 | AV5: 1150.2 | AW5: 1194.7 | AX5: 1230.8 | AY5: 1263.1 | AZ5: 1314.1 | BA5: 1367.5 | BB5: 1366.6 | BC5: 1386.6 | BD5: 1304 | BE5: 1277.3 | BF5: 1279
A6: Interest income on assets measured at amortised cost | B6: przychody odsetkowe od aktywów wycenianych wg zamortyzowanego kosztu | C6: - | D6: - | E6: - | F6: - | G6: - | H6: - | I6: - | J6: - | K6: - | L6: - | M6: - | N6: - | O6: - | P6: - | Q6: - | R6: - | S6: - | T6: - | U6: - | V6: - | W6: - | X6: - | Y6: - | Z6: - | AA6: - | AB6: - | AC6: - | AD6: - | AE6: - | AF6: - | AG6: - | AH6: - | AI6: - | AJ6: - | AK6: - | AL6: - | AM6: - | AN6: - | AO6: - | AP6: - | AQ6: - | AR6: - | AS6: - | AT6: - | AU6: =AU5-AU7 -> 1096.8 | AV6: =AV5-AV7 -> 1148.8 | AW6: =AW5-AW7 -> 1193.4 | AX6: =AX5-AX7 -> 1229.5 | AY6: =AY5-AY7 -> 1262 | AZ6: =AZ5-AZ7 -> 1313 | BA6: =BA5-BA7 -> 1366.5 | BB6: =BB5-BB7 -> 1365.7 | ... BF6: =BF5-BF7 -> 1278.4
A7: Other interest income | B7: pozostałe przychody odsetkowe | C7: - | D7: - | E7: - | F7: - | G7: - | H7: - | I7: - | J7: - | K7: - | L7: - | M7: - | N7: - | O7: - | P7: - | Q7: - | R7: - | S7: - | T7: - | U7: - | V7: - | W7: - | X7: - | Y7: - | Z7: - | AA7: - | AB7: - | AC7: - | AD7: - | AE7: - | AF7: - | AG7: - | AH7: - | AI7: - | AJ7: - | AK7: - | AL7: - | AM7: - | AN7: - | AO7: - | AP7: - | AQ7: - | AR7: - | AS7: - | AT7: - | AU7: 1.3 | AV7: 1.4 | AW7: 1.3 | AX7: 1.3 | AY7: 1.1 | AZ7: 1.1 | BA7: 1 | BB7: 0.9 | BC7: 0.8 | BD7: 0.7 | BE7: 0.7 | BF7: 0.6
A8: - Interest expenses | B8: - Koszty odsetek | C8: =320.1-0.2 -> 319.9 | D8: 339.1 | E8: 363.7 | F8: 410.1 | G8: 467.1 | H8: 539.5 | I8: 589.2 | J8: 650.3 | K8: 549.7 | L8: 414.3 | M8: 354.1 | N8: 357.1 | O8: 336.4 | P8: 317.8 | Q8: 337.1 | R8: 329.8 | S8: 337.7 | T8: 374.1 | U8: 404.9 | V8: 417.3 | W8: 431.7 | X8: 431.1 | Y8: 447.7 | Z8: 472.1 | AA8: 449.3 | AB8: 407.5 | AC8: 369.3 | AD8: 346 | AE8: 335.9 | AF8: 350.4 | AG8: 365.3 | AH8: 342.7 | AI8: 318 | AJ8: 283.9 | AK8: 283.9 | AL8: 275.7 | AM8: 266.9 | AN8: 270.3 | AO8: 225.6 | AP8: 206.7 | AQ8: 209.5 | AR8: 210.1 | AS8: 212.7 | AT8: 215.8 | AU8: 215.1 | AV8: 230.2 | AW8: 233.5 | AX8: 235.7 | AY8: 242.9 | AZ8: 260.9 | BA8: 239.7 | BB8: 242.7 | BC8: 234.5 | BD8: 204.8 | BE8: 141 | BF8: 124.8
A9: Net interest income | B9: Wynik z tytułu odsetek | C9: =C5-C8 -> 236.1 | D9: =D5-D8 -> 246.9 | E9: =E5-E8 -> 254.6 | F9: =F5-F8 -> 263.2 | G9: =G5-G8 -> 283.4 | H9: =H5-H8 -> 315.8 | I9: =I5-I8 -> 320.9 | J9: =J5-J8 -> 332.5 | ... BF9: =BF5-BF8 -> 1154.2
A10: - Commission income | B10: - Przychody z tytułu prowizji | C10: 239 | D10: 248.5 | E10: =251.9-0.1 -> 251.8 | F10: 241.5 | G10: 228.8 | H10: 235.7 | I10: 244.7 | J10: 268.5 | K10: =256.1-0.1 -> 256 | L10: =275.3-0.7 -> 274.6 | M10: =278 -> 278 | N10: =275.7-0.2 -> 275.5 | O10: =264.1-0.1 -> 264 | P10: =277.6-0.1 -> 277.5 | Q10: =287.2-0.4 -> 286.8 | R10: =288.2-0.4 -> 287.8 | S10: =285.9-0.3 -> 285.6 | T10: =295.7-0.7 -> 295 | U10: =297.7-0.5 -> 297.2 | V10: =290.8-0.9 -> 289.9 | W10: =280.7-0.7-0.3 -> 279.7 | X10: =285.4-0.8-0.3 -> 284.3 | Y10: =283.8-0.8-0.3 -> 282.7 | Z10: =292.6-1.6-0.3 -> 290.7 | AA10: =271.3-0.3-0.1-0.3 -> 270.6 | AB10: =294.2-0.5-10.3-0.2-0.1-0.3 -> 282.8 | AC10: =263.4-1.2+5.1-0.3-1-0.3 -> 265.7 | AD10: =292.2-0.5-1.8-0.3 -> 289.6 | AE10: =297.7-0.9-0.3 -> 296.5 | AF10: =305.8-0.2-0.3 -> 305.3 | AG10: =286.4-0.6-0.3 -> 285.5 | AH10: =280-0.3 -> 279.7 | AI10: =277-1.3 -> 275.7 | AJ10: =291.3-0.3 -> 291 | AK10: =279.8-0.3 -> 279.5 | AL10: =286.6-0.3 -> 286.3 | AM10: =285.6-1.7 -> 283.9 | AN10: =294.7-0.3 -> 294.4 | AO10: =303.1-0.3 -> 302.8 | AP10: 320.2 | AQ10: 350.9 | AR10: 358.9 | AS10: 375.9 | AT10: 384.4 | AU10: 385 | AV10: 418.2 | AW10: 395.3 | AX10: 417 | AY10: 399.6 | AZ10: 443.9 | BA10: 433.9 | BB10: 446.7 | BC10: 460.6 | BD10: 448.6 | BE10: 506.4 | BF10: 547.9
A11: - Commission expenses | B11: - Koszty prowizji | C11: =16.7-1 -> 15.7 | D11: =15.2-1 -> 14.2 | E11: =21.1-1 -> 20.1 | F11: =29-1 -> 28 | G11: =22.1-1.2 -> 20.9 | H11: =19.9-1.2 -> 18.7 | I11: =16.4-1.2 -> 15.2 | J11: =29.6-1.2 -> 28.4 | K11: =22.1-4.1-0.1 -> 17.9 | L11: =25.4-4.1-0.7 -> 20.6 | M11: =25-4.1 -> 20.9 | N11: =48.2-4.1-0.2 -> 43.9 | O11: =35.6-3.9-0.1 -> 31.6 | P11: =30.7-3.9-0.1 -> 26.7 | Q11: =31.6-3.9-0.4 -> 27.3 | R11: =31.9-3.9-0.4 -> 27.6 | S11: =34.5-9.1-0.3 -> 25.1 | T11: =37.3-9.1-0.7 -> 27.5 | U11: =36.3-9.1-0.5 -> 26.7 | V11: =40.8-9.1-0.9 -> 30.8 | W11: =33.7-11-0.7-0.3 -> 21.7 | X11: =35-11-0.8-0.3 -> 22.9 | Y11: =32.6-11-0.8-0.3 -> 20.5 | Z11: =36.9-11-1.6-0.3 -> 24 | AA11: =31.5-11.3-0.3-0.1-0.3 -> 19.5 | AB11: =33.8-11.4-0.2-0.1-0.3 -> 21.8 | AC11: =33.6-11.3-0.3-1-0.3 -> 20.7 | AD11: =38.7-11.3-0.5-1.8-0.3 -> 24.8 | AE11: =21.6-0.9-0.3 -> 20.4 | AF11: =26.2-0.2-0.3 -> 25.7 | AG11: =28.1-0.6-0.3 -> 27.2 | AH11: =31.1-0.3 -> 30.8 | AI11: =27-1.3 -> 25.7 | AJ11: =27.8-0.3 -> 27.5 | AK11: =30.9-0.3 -> 30.6 | AL11: =31.8-0.3 -> 31.5 | AM11: =31.7-1.7 -> 30 | AN11: =36.6-0.3 -> 36.3 | AO11: =33.8-0.3 -> 33.5 | AP11: 36.7 | AQ11: 60.1 | AR11: 65.8 | AS11: 66 | AT11: 82.2 | AU11: 66.9 | AV11: 78.6 | AW11: 78.8 | AX11: 86.3 | AY11: 81.8 | AZ11: 90.2 | BA11: 101.3 | BB11: 110.3 | BC11: 101.5 | BD11: 104.6 | BE11: 112.8 | BF11: 116.2
A12: Net commission income | B12: Wynik z tytułu prowizji | C12: =C10-C11 -> 223.3 | D12: =D10-D11 -> 234.3 | E12: =E10-E11 -> 231.7 | F12: =F10-F11 -> 213.5 | G12: =G10-G11 -> 207.9 | H12: =H10-H11 -> 217 | I12: =I10-I11 -> 229.5 | J12: =J10-J11 -> 240.1 | ... BF12: =BF10-BF11 -> 431.7
A13: - Net income on financial instruments measured at fair value through profit or loss and FX result | B13: - Wynik na instrumentach finansowych wycenianych przez rachunek zysków i strat oraz wynik z pozycji wymiany | C13: 37.8 | D13: 17.4 | E13: 36.3 | F13: -8.5 | G13: 72.5 | H13: 64.8 | I13: 53.4 | J13: -307.9 | K13: -24 | L13: 43.6 | M13: 58.8 | N13: 19.5 | O13: 28.5 | P13: 22.8 | Q13: 24.4 | R13: 1.8 | S13: 26.8 | T13: =11.5-0.1 -> 11.4 | U13: -8.1 | V13: -11.8 | W13: 53.7 | X13: 12.3 | Y13: 18.9 | Z13: 0.6 | AA13: =17.1-1 -> 16.1 | AB13: =24+10.3-5.2 -> 29.1 | AC13: =41.5-5.1-16.2 -> 20.2 | AD13: 10.1 | AE13: =25.3-0.4 -> 24.9 | AF13: =22.8 -> 22.8 | AG13: 23.6 | AH13: 23.1 | AI13: 15.2 | AJ13: 27.5 | AK13: 19.5 | AL13: 22.9 | AM13: 23 | AN13: 5.1 | AO13: 16.4 | AP13: 12.7 | AQ13: 36.7 | AR13: 27.6 | AS13: 31.3 | AT13: 23.2 | AU13: 18 | AV13: 24.4 | AW13: 27.1 | AX13: 21.4 | AY13: 31.4 | AZ13: 25.1 | BA13: 26.6 | BB13: 25.2 | BC13: 13.9 | BD13: 44.3 | BE13: 24.4 | BF13: 20.9
A14: - Net income on the sale of securities and dividend income | B14: - Wynik na sprzedaży papierów wartościowych oraz przychody z tytułu dywidend | C14: - | D14: - | E14: - | F14: - | G14: - | H14: - | I14: - | J14: - | K14: - | L14: - | M14: - | N14: - | O14: - | P14: - | Q14: - | R14: - | S14: - | T14: - | U14: - | V14: - | W14: - | X14: - | Y14: - | Z14: - | AA14: - | AB14: - | AC14: - | AD14: - | AE14: - | AF14: - | AG14: - | AH14: - | AI14: - | AJ14: - | AK14: - | AL14: - | AM14: - | AN14: - | AO14: - | AP14: - | AQ14: - | AR14: - | AS14: - | AT14: - | AU14: 33.3 | AV14: 18.2 | AW14: 0 | AX14: 3.8 | AY14: 15.8 | AZ14: 16.4 | BA14: 3.6 | BB14: 0.5 | BC14: 9.1 | BD14: 18.8 | BE14: 5.4 | BF14: 5.1
A15: - Net income on investments | B15: - Wynik na inwestycjach | C15: 16.9 | D15: 6.1 | E15: 1.9 | F15: 0.1 | G15: 0.1 | H15: 24.1 | I15: -0.3 | J15: 6.9 | K15: 0.3 | L15: 8.3 | M15: 5.4 | N15: -10.7 | O15: 4 | P15: 3 | Q15: 0.8 | R15: -5.6 | S15: 18.2 | T15: 6.2 | U15: 7.7 | V15: 5.9 | W15: 19.1 | X15: 6.6 | Y15: -0.9 | Z15: -0.2 | AA15: =120.4-20.9 -> 99.5 | AB15: =-0.3+6.8 -> 6.5 | AC15: =-11.7+3 -> -8.7 | AD15: 0.4 | AE15: =0.1+0.2 -> 0.3 | AF15: 4.9 | AG15: 5.2 | AH15: 5.4 | AI15: =51.5-0.6 -> 50.9 | AJ15: 90.6 | AK15: 23.2 | AL15: 0.3 | AM15: 28.7 | AN15: 196.6 | AO15: 4 | AP15: 3 | AQ15: 10.2 | AR15: 32.8 | AS15: 3.6 | AT15: 0 | AU15: - | AV15: - | AW15: - | AX15: - | AY15: - | AZ15: - | BA15: - | BB15: - | BC15: - | BD15: - | BE15: - | BF15: -
A16: - Net income on hedge accounting | B16: - Wynik na rachunkowości zabezpieczeń | C16: 0 | D16: -0.2 | E16: 1.6 | F16: -0.6 | G16: 0.7 | H16: -0.7 | I16: 2.7 | J16: 1.9 | K16: 17.9 | L16: 6 | M16: -6.7 | N16: 2.9 | O16: -6.9 | P16: -15.3 | Q16: -7.9 | R16: 18 | S16: -16.3 | T16: -3.2 | U16: =-23.6 -> -23.6 | V16: =9.7 -> 9.7 | W16: 1.7 | X16: -5.2 | Y16: -5.5 | Z16: -4.3 | AA16: =-19+20.9+1 -> 2.9 | AB16: =11.5-6.8+5.2 -> 9.9 | AC16: =2.3+16.2-3 -> 15.5 | AD16: 3.7 | AE16: =0.6+0.4-0.2 -> 0.8 | AF16: 3 | AG16: 7.2 | AH16: -2.1 | AI16: =10.8+0.6 -> 11.4 | AJ16: 3.3 | AK16: 2.6 | AL16: 5.6 | AM16: -2.6 | AN16: 0.5 | AO16: 0.2 | AP16: -0.7 | AQ16: 2 | AR16: 8.3 | AS16: 1.3 | AT16: 3.7 | AU16: 2.2 | AV16: 2 | AW16: -0.7 | AX16: 4.4 | AY16: -1.2 | AZ16: -0.9 | BA16: -6.7 | BB16: -5.5 | BC16: 23.7 | BD16: 4.9 | BE16: -14.1 | BF16: -3
A17: - Net income on other basic activities | B17: - Wynik na pozostałej działalności podstawowej | C17: 12.7 | D17: 6.8 | E17: 6.6 | F17: -5.2 | G17: 6.5 | H17: -9.5 | I17: 1 | J17: 21 | K17: 7.9 | L17: 2.7 | M17: 5.4 | N17: -24.1 | O17: 6.3 | P17: 5 | Q17: 6.5 | R17: -9.9 | S17: 7.8 | T17: 4.9 | U17: 2.7 | V17: 1.4 | W17: 4 | X17: 3.1 | Y17: 3.7 | Z17: 4.6 | AA17: 9.8 | AB17: 4.5 | AC17: 3.7 | AD17: 2.7 | AE17: 2.6 | AF17: 4.1 | AG17: 6.1 | AH17: 7.5 | AI17: 9.5 | AJ17: 2.4 | AK17: -1.7 | AL17: 10.6 | AM17: 4.5 | AN17: 1.2 | AO17: -0.3 | AP17: 14 | AQ17: 0.8 | AR17: -0.7 | AS17: -0.1 | AT17: 3 | AU17: 2.3 | AV17: 6 | AW17: 2 | AX17: 4.1 | AY17: 2.4 | AZ17: 3.8 | BA17: -14.6 | BB17: 2.3 | BC17: 0.4 | BD17: -3.1 | BE17: 2.8 | BF17: -9.1
A18: Result on basic activities | B18: Wynik na działalności podstawowej | C18: =C9+C12+C13+C15+C16+C17 -> 526.8 | D18: =D9+D12+D13+D15+D16+D17 -> 511.3 | E18: =E9+E12+E13+E15+E16+E17 -> 532.7 | F18: =F9+F12+F13+F15+F16+F17 -> 462.5 | G18: =G9+G12+G13+G15+G16+G17 -> 571.1 | H18: =H9+H12+H13+H15+H16+H17 -> 611.5 | I18: =I9+I12+I13+I15+I16+I17 -> 607.2 | J18: =J9+J12+J13+J15+J16+J17 -> 294.5 | ... AT18: =AT9+AT12+AT13+AT15+AT16+AT17 -> 1227.3 | AU18: =AU9+AU12+AU13+AU16+AU17+AU14 -> 1256.9 | AV18: =AV9+AV12+AV13+AV16+AV17+AV14 -> 1310.2 | AW18: =AW9+AW12+AW13+AW16+AW17+AW14 -> 1306.1 | AX18: =AX9+AX12+AX13+AX16+AX17+AX14 -> 1359.5 | AY18: =AY9+AY12+AY13+AY16+AY17+AY14 -> 1386.4 | AZ18: =AZ9+AZ12+AZ13+AZ16+AZ17+AZ14 -> 1451.3 | BA18: =BA9+BA12+BA13+BA16+BA17+BA14 -> 1469.3 | BB18: =BB9+BB12+BB13+BB16+BB17+BB14 -> 1482.8 | ... BF18: =BF9+BF12+BF13+BF16+BF17+BF14 -> 1599.8
A19: - General and administrative expenses | B19: - Koszty działania banku | C19: 336.1 | D19: 345 | E19: 356.9 | F19: 355.1 | G19: 367.7 | H19: 389.9 | I19: 407.7 | J19: 338.6 | K19: 366.8 | L19: 386.6 | M19: 397.3 | N19: 355.2 | O19: 394.4 | P19: 407.1 | Q19: 411.6 | R19: 396.4 | S19: 417.4 | T19: 431.8 | U19: 431.1 | V19: 419.7 | W19: 474.9 | X19: 465 | Y19: 466.2 | Z19: 460.1 | AA19: 482.2 | AB19: 477 | AC19: 458.8 | AD19: 450.4 | AE19: 471.2 | AF19: 480.5 | AG19: 489.5 | AH19: 488.5 | AI19: 495.6 | AJ19: 502.3 | AK19: 509.8 | AL19: 648 | AM19: 508.8 | AN19: 517.2 | AO19: 515.5 | AP19: 557.7 | AQ19: 565.6 | AR19: 512.1 | AS19: 529.6 | AT19: 528.5 | AU19: 628.3 | AV19: 555 | AW19: 577.2 | AX19: 566.3 | AY19: 721.1 | AZ19: 581.1 | BA19: 604.4 | BB19: 590.8 | BC19: 775 | BD19: 638.5 | BE19: 666.7 | BF19: 682.3
A20: - Tax on certain financial institutions | B20: - Podatek od niektórych instytucji finansowych | C20: 0 | D20: 0 | E20: 0 | F20: 0 | G20: 0 | H20: 0 | I20: 0 | J20: 0 | K20: 0 | L20: 0 | M20: 0 | N20: 0 | O20: 0 | P20: 0 | Q20: 0 | R20: 0 | S20: 0 | T20: 0 | U20: 0 | V20: 0 | W20: 0 | X20: 0 | Y20: 0 | Z20: 0 | AA20: 0 | AB20: 0 | AC20: 0 | AD20: 0 | AE20: 0 | AF20: 0 | AG20: 0 | AH20: 0 | AI20: 0 | AJ20: 0 | AK20: 0 | AL20: 0 | AM20: 50.5 | AN20: 76.8 | AO20: 75.7 | AP20: 77.2 | AQ20: 79.4 | AR20: 80.4 | AS20: 84.1 | AT20: 86.2 | AU20: 87.5 | AV20: 92.1 | AW20: 94.7 | AX20: 99.5 | AY20: 102.2 | AZ20: 108.4 | BA20: 111.5 | BB20: 113.6 | BC20: 116 | BD20: 121.1 | BE20: 122 | BF20: 122.5
A21: - Impairment losses and provisions for off-balance sheet liabilities | B21: - Odpisy na utratę wartości aktywów finansowych i rezerwy na zobowiązania pozabilansowe | C21: -6.3 | D21: -26.7 | E21: -64.4 | F21: -5.8 | G21: 0.7 | H21: -58.8 | I21: 7.2 | J21: 116.5 | K21: 91.7 | L21: 73.8 | M21: 54.1 | N21: 84.8 | O21: 48.1 | P21: 39.2 | Q21: 55.1 | R21: 61.2 | S21: 57.1 | T21: 37.7 | U21: 27.1 | V21: 50.5 | W21: 64.3 | X21: 131.2 | Y21: 82.6 | Z21: 84.7 | AA21: 58 | AB21: =64+5.1 -> 69.1 | AC21: 63.7 | AD21: =68+7.3+1.1 -> 76.4 | AE21: 84.1 | AF21: 33.3 | AG21: 65.2 | AH21: 85.1 | AI21: 84.3 | AJ21: 64.3 | AK21: 32 | AL21: 51.5 | AM21: 78.9 | AN21: 33.5 | AO21: 49.7 | AP21: 138.5 | AQ21: 76.4 | AR21: 123.1 | AS21: 109.1 | AT21: 112.6 | AU21: - | AV21: - | AW21: - | AX21: - | AY21: - | AZ21: - | BA21: - | BB21: - | BC21: - | BD21: - | BE21: - | BF21: -
A22: - Impairment for expected losses including legal cost of risk for FX-mortgage loans | B22: - Odpisy z tytułu strat oczekiwanych łącznie z kosztami ryzyka prawnego walutowych kredytów hipotecznych | C22: - | D22: - | E22: - | F22: - | G22: - | H22: - | I22: - | J22: - | K22: - | L22: - | M22: - | N22: - | O22: - | P22: - | Q22: - | R22: - | S22: - | T22: - | U22: - | V22: - | W22: - | X22: - | Y22: - | Z22: - | AA22: - | AB22: - | AC22: - | AD22: - | AE22: - | AF22: - | AG22: - | AH22: - | AI22: - | AJ22: - | AK22: - | AL22: - | AM22: - | AN22: - | AO22: - | AP22: - | AQ22: - | AR22: - | AS22: - | AT22: - | AU22: 94.8 | AV22: 173.7 | AW22: 133.9 | AX22: 98.5 | AY22: 125 | AZ22: 135.9 | BA22: 180.2 | BB22: 164.4 | BC22: 294.7 | BD22: 312.4 | BE22: 145.3 | BF22: 322.5
A23: - Share in net profit (loss) of associated entities recognised under the equity method | B23: - Udział w zyskach netto jednostek stowarzyszonych wycenianych metodą praw własności | C23: 12.4 | D23: 10.9 | E23: 9.6 | F23: 10.7 | G23: 11.6 | H23: 14.2 | I23: 13 | J23: =9.3+0.1 -> 9.4 | K23: 10.1 | L23: 15.5 | M23: 10.4 | N23: 16.1 | O23: 7.3 | P23: 10.9 | Q23: 10.6 | R23: 12.4 | S23: 9.7 | T23: 13.2 | U23: 8.2 | V23: 10.1 | W23: 6.8 | X23: 11.2 | Y23: 7.6 | Z23: 10.1 | AA23: 9 | AB23: 7.8 | AC23: 9.3 | AD23: 12 | AE23: 11.2 | AF23: 1.1 | AG23: 0 | AH23: 0 | AI23: 0 | AJ23: 0 | AK23: 0 | AL23: 0 | AM23: 0 | AN23: 0 | AO23: 0 | AP23: 0 | AQ23: 0 | AR23: 0 | AS23: 0 | AT23: 0 | AU23: 0 | AV23: 0 | AW23: -0.2 | AX23: -0.1 | AY23: -0.1 | AZ23: -0.1 | BA23: 2.8 | BB23: 4 | BC23: 4.4 | BD23: 4 | BE23: 3.7 | BF23: 4
A24: Profit (loss) before tax | B24: Zysk (strata) brutto | C24: =C18-C19-C21+C23 -> 209.4 | D24: =D18-D19-D21+D23 -> 203.9 | E24: =E18-E19-E21+E23 -> 249.8 | F24: =F18-F19-F21+F23 -> 123.9 | G24: =G18-G19-G21+G23 -> 214.3 | H24: =H18-H19-H21+H23 -> 294.6 | I24: =I18-I19-I21+I23 -> 205.3 | J24: =J18-J19-J21+J23 -> -151.2 | ... AL24: =AL18-AL19-AL21+AL23 -> 254.1 | AM24: =AM18-AM19-AM21+AM23-AM20 -> 337.4 | AN24: =AN18-AN19-AN21+AN23-AN20 -> 524.9 | AO24: =AO18-AO19-AO21+AO23-AO20 -> 433.6 | AP24: =AP18-AP19-AP21+AP23-AP20 -> 348.6 | AQ24: =AQ18-AQ19-AQ21+AQ23-AQ20 -> 413.9 | AR24: =AR18-AR19-AR21+AR23-AR20 -> 476 | AS24: =AS18-AS19-AS21+AS23-AS20 -> 492.1 | AT24: =AT18-AT19-AT21+AT23-AT20 -> 500 | AU24: =AU18-AU19+AU23-AU20-AU22 -> 446.3 | AV24: =AV18-AV19+AV23-AV20-AV22 -> 489.4 | AW24: =AW18-AW19+AW23-AW20-AW22 -> 500.1 | AX24: =AX18-AX19+AX23-AX20-AX22 -> 595.1 | AY24: =AY18-AY19+AY23-AY20-AY22 -> 438 | AZ24: =AZ18-AZ19+AZ23-AZ20-AZ22 -> 625.8 | BA24: =BA18-BA19+BA23-BA20-BA22 -> 576 | BB24: =BB18-BB19+BB23-BB20-BB22 -> 618 | ... BF24: =BF18-BF19+BF23-BF20-BF22 -> 476.5
A25: - Income tax | B25: - Podatek dochodowy | C25: 38.6 | D25: 34.4 | E25: 50.8 | F25: 26.4 | G25: 40.5 | H25: 60.9 | I25: 38.4 | J25: -22.2 | K25: 22.1 | L25: 46 | M25: 46.2 | N25: 28.9 | O25: 42 | P25: 44.7 | Q25: 45 | R25: 49.3 | S25: 54.6 | T25: 56.1 | U25: =56.5 -> 56.5 | V25: 70.3 | W25: 46.1 | X25: 39.7 | Y25: 49.5 | Z25: 48.5 | AA25: =63.8+0.3+0.3-0.1 -> 64.3 | AB25: =52.2-0.1-1 -> 51.1 | AC25: =53.5+0.7 -> 54.2 | AD25: =63.4-1.4-0.2 -> 61.8 | AE25: 73.9 | AF25: 101.5 | AG25: 69.5 | AH25: 61.7 | AI25: 65.1 | AJ25: 70.1 | AK25: 79.6 | AL25: 48.4 | AM25: 78.2 | AN25: 118 | AO25: 101.6 | AP25: 93.6 | AQ25: 113.6 | AR25: 115.7 | AS25: 116.4 | AT25: 133.2 | AU25: 124.1 | AV25: 117.7 | AW25: 121.8 | AX25: 143.5 | AY25: 113.5 | AZ25: 156.7 | BA25: 161.2 | BB25: 167.7 | BC25: 109.7 | BD25: 123.9 | BE25: 177.9 | BF25: 162.6
A26: Net profit (loss) from continuing operations | B26: Zysk (strata) netto | C26: =C24-C25 -> 170.8 | D26: =D24-D25 -> 169.5 | E26: =E24-E25 -> 199 | F26: =F24-F25 -> 97.5 | G26: =G24-G25 -> 173.8 | H26: =H24-H25 -> 233.7 | I26: =I24-I25 -> 166.9 | J26: =J24-J25 -> -129 | ... BF26: =BF24-BF25 -> 313.9
A27: - Net profit (loss) attributable to shareholders of ING Bank Śląski S.A. | B27: - przypadający akcjonariuszom ING Banku Śląskiego S.A. | C27: =C26-C28 -> 167.4 | D27: =D26-D28 -> 167.8 | E27: =E26-E28 -> 198 | F27: =F26-F28 -> 97.5 | G27: =G26-G28 -> 173.8 | H27: =H26-H28 -> 233.7 | I27: =I26-I28 -> 166.9 | J27: =J26-J28 -> -129 | ... BF27: =BF26-BF28 -> 313.9
A28: - attributable to non-controlling interests | B28: - przypadający akcjonariuszom niekontrolującym | C28: 3.4 | D28: 1.7 | E28: 1 | F28: 0 | G28: 0 | H28: 0 | I28: 0 | J28: 0 | K28: 0 | L28: 0 | M28: 0 | N28: 0 | O28: 0 | P28: 0 | Q28: 0 | R28: 0 | S28: 0 | T28: 0 | U28: 0 | V28: 0 | W28: 0 | X28: 0 | Y28: 0 | Z28: 0 | AA28: 0 | AB28: 0 | AC28: 0 | AD28: 0 | AE28: 0 | AF28: 0.1 | AG28: 0.1 | AH28: -0.1 | AI28: 0 | AJ28: 0.1 | AK28: 0 | AL28: 0 | AM28: 0 | AN28: 0 | AO28: 0 | AP28: 0.1 | AQ28: 0 | AR28: 0 | AS28: 0 | AT28: 0 | AU28: 0 | AV28: 0 | AW28: 0 | AX28: 0 | AY28: 0 | AZ28: 0 | BA28: 0 | BB28: 0 | BC28: 0 | BD28: 0 | BE28: 0 | BF28: 0
A30: Net profit for the period | B30: Zysk netto za okres sprawozdawczy | AU30: =AU27 -> 322.2 | AV30: =AV27 -> 371.7 | AW30: =AW27 -> 378.3 | AX30: =AX27 -> 451.6 | AY30: =AY27 -> 324.5 | AZ30: =AZ27 -> 469.1 | BA30: =BA27 -> 414.8 | BB30: =BB27 -> 450.3 | ... BF30: =BF27 -> 313.9
A31: Total other comprehensive income, including: | B31: Pozostałe całkowite dochody netto, w tym: | AU31: =AU32+AU37 -> 189.7 | AV31: =AV32+AV37 -> -126 | AW31: =AW32+AW37 -> -106.4 | AX31: =AX32+AX37 -> 722.1 | AY31: =AY32+AY37 -> 222.5 | AZ31: =AZ32+AZ37 -> 337.3 | BA31: =BA32+BA37 -> 628.1 | BB31: =BB32+BB37 -> -489.7 | ... BF31: =BF32+BF37 -> -291.4
A32: Items which can be reclassified to income statement, including: | B32: Pozycje, które mogą być przeklasyfikowane do rachunku zysków i strat, w tym: | AU32: =+AU33+AU34+AU35+AU36 -> 189.7 | AV32: =+AV33+AV34+AV35+AV36 -> -126.8 | AW32: =+AW33+AW34+AW35+AW36 -> -106.3 | AX32: =+AX33+AX34+AX35+AX36 -> 717.4 | AY32: =+AY33+AY34+AY35+AY36 -> 198.6 | AZ32: =+AZ33+AZ34+AZ35+AZ36 -> 325.9 | BA32: =+BA33+BA34+BA35+BA36 -> 628.1 | BB32: =+BB33+BB34+BB35+BB36 -> -466.7 | ... BF32: =+BF33+BF34+BF35+BF36 -> -312.9
A33: - debt instruments measured at fair value through other comprehensive income – gains/(losses) on revaluation carried through equity | B33: - dłużne papiery wartościowe wyceniane według wartości godziwej przez inne całkowite dochody – zyski / straty z rewaluacji odnoszone na kapitał własny | AU33: 57.6 | AV33: -41.9 | AW33: -0.2 | AX33: -3.4 | AY33: -96.1 | AZ33: 101.4 | BA33: -6.8 | BB33: 18.8 | BC33: -232.8 | BD33: 154.2 | BE33: 55.2 | BF33: 126.2
A34: - debt instruments measured at fair value through other comprehensive income – reclassification to the financial result due to sale | B34: - dłużne papiery wartościowe wyceniane według wartości godziwej przez inne całkowite dochody – przeniesienie na wynik finansowy w związku ze sprzedażą | AU34: -19.1 | AV34: -9.6 | AW34: 0 | AX34: -3.1 | AY34: 2.4 | AZ34: -22.8 | BA34: -2.9 | BB34: -0.4 | BC34: -1.5 | BD34: -8.3 | BE34: -4.4 | BF34: -4.1
A35: - cash flow hedging – gains/(losses) on revaluation carried through equity | B35: - zabezpieczenie przepływów pieniężnych – zyski / straty z rewaluacji odnoszone na kapitał własny | AU35: 246.4 | AV35: -13 | AW35: -18 | AX35: 817.7 | AY35: 389.2 | AZ35: 348 | BA35: 737.1 | BB35: -391 | BC35: 2174.4 | BD35: 547.7 | BE35: 52.6 | BF35: -212.2
A36: - cash flow hedging – reclassification to profit or loss | B36: - zabezpieczenie przepływów pieniężnych – przeniesienie do zysku lub straty | AU36: -95.2 | AV36: -62.3 | AW36: -88.1 | AX36: -93.8 | AY36: -96.9 | AZ36: -100.7 | BA36: -99.3 | BB36: -94.1 | BC36: -89.8 | BD36: -121.2 | BE36: -183.3 | BF36: -222.8
A37: Items which will not be reclassified to income statement, including: | B37: Pozycje, które nie zostaną przeklasyfikowane do rachunku zysków i strat, w tym: | AU37: =+AU38+AU39+AU40 -> 0 | AV37: =+AV38+AV39+AV40 -> 0.8 | AW37: =+AW38+AW39+AW40 -> -0.1 | AX37: =+AX38+AX39+AX40 -> 4.7 | AY37: =+AY38+AY39+AY40 -> 23.9 | AZ37: =+AZ38+AZ39+AZ40 -> 11.4 | BA37: =+BA38+BA39+BA40 -> 0 | BB37: =+BB38+BB39+BB40 -> -23 | ... BF37: =+BF38+BF39+BF40 -> 21.5
A38: - equity instruments measured at fair value through other comprehensive income – gains/(losses) on revaluation carried through equity | B38: - kapitałowe instrumenty finansowe wyceniane według wartości godziwej przez inne całkowite dochody – zyski / straty z rewaluacji odnoszone na kapitał własny | AU38: 0 | AV38: 0.8 | AW38: -0.1 | AX38: 5.6 | AY38: 23.9 | AZ38: 11.4 | BA38: 0 | BB38: -13.1 | BC38: 0 | BD38: 6 | BE38: 0 | BF38: 24.9
A39: - revaluation of tangible fixed assets | B39: - aktualizacja wyceny rzeczowych aktywów trwałych | AU39: 0 | AV39: 0 | AW39: 0 | AX39: 0 | AY39: 0 | AZ39: 0 | BA39: 0 | BB39: 0.3 | BC39: 0.1 | BD39: -0.1 | BE39: 0 | BF39: 0
A40: - actuarial gains / losses | B40: - zyski / straty aktuarialne | AU40: 0 | AV40: 0 | AW40: 0 | AX40: -0.9 | AY40: 0 | AZ40: 0 | BA40: 0 | BB40: -10.2 | BC40: 0 | BD40: 0 | BE40: 0 | BF40: -3.4
A41: Net comprehensive income for the reporting period, including: | B41: Całkowity dochód netto za okres sprawozdawczy | AU41: =+AU30+AU31 -> 511.9 | AV41: =+AV30+AV31 -> 245.7 | AW41: =+AW30+AW31 -> 271.9 | AX41: =+AX30+AX31 -> 1173.7 | AY41: =+AY30+AY31 -> 547 | AZ41: =+AZ30+AZ31 -> 806.4 | BA41: =+BA30+BA31 -> 1042.9 | BB41: =+BB30+BB31 -> -39.4 | ... BF41: =+BF30+BF31 -> 22.5
A42: - attributable to shareholders of ING Bank Śląski S.A. | B42: - w tym przypadający akcjonariuszom ING Banku Śląskiego S.A. | AU42: 511.9 | AV42: 245.7 | AW42: 271.9 | AX42: 1173.7 | AY42: 547 | AZ42: 806.4 | BA42: 1042.9 | BB42: -39.4 | BC42: 2117.7 | BD42: 894.5 | BE42: 360.3 | BF42: 22.5

Sheet RZiS B. Korp._P&L Corporate
A1: Comparable data pro-forma | B1: Dane porównywalne pro-forma | AY1: nowa segmentacja / new segmentation ->
A2: CONSOLIDATED INCOME STATEMENT Corporate customers segment | B2: SKONSOLIDOWANY RACHUNEK ZYSKÓW I STRAT Segment bankowości korporacyjnej | C2: 2007 | G2: 2008 | K2: 2009 | O2: 2010 | S2: 2011 | W2: 2012 | AA2: 2013 | AE2: 2014 | AI2: 2015 | AM2: 2016 | AQ2: 2017 | AT2: 2017 | AU2: 2018 | AY2: 2019 | BC2: 2020
C3: 1Q | D3: 2Q | E3: 3Q | F3: 4Q | G3: 1Q | H3: 2Q | I3: 3Q | J3: 4Q | K3: 1Q | L3: 2Q | M3: 3Q | N3: 4Q | O3: 1Q | P3: 2Q | Q3: 3Q | R3: 4Q | S3: 1Q | T3: 2Q | U3: 3Q | V3: 4Q | W3: 1Q | X3: 2Q | Y3: 3Q | Z3: 4Q | AA3: 1Q | AB3: 2Q | AC3: 3Q | AD3: 4Q | AE3: 1Q | AF3: 2Q | AG3: 3Q | AH3: 4Q | AI3: 1Q | AJ3: 2Q | AK3: 3Q | AL3: 4Q | AM3: 1Q | AN3: 2Q | AO3: 3Q | AP3: 4Q | AQ3: 1Q | AR3: 2Q | AS3: 3Q | AT3: 4Q | AU3: 1Q | AV3: 2Q | AW3: 3Q | AX3: 4Q | AY3: 1Q | AZ3: 2Q | BA3: 3Q | BB3: 4Q | BC3: 1Q | BD3: 2Q | BE3: 3Q | BF3: 4Q
A4: (PLN million) | B4: (w mln zł)
A5: Revenue total* | B5: Przychody ogółem* | C5: =SUM(C6:C9) -> 219.23446 | D5: =SUM(D6:D9) -> 212.83446 | E5: =SUM(E6:E9) -> 221.73446 | F5: =SUM(F6:F9) -> 192.53446 | G5: =SUM(G6:G9) -> 285.24199 | H5: =SUM(H6:H9) -> 273.34199 | I5: =SUM(I6:I9) -> 277.34199 | J5: =SUM(J6:J9) -> 34.441991 | ... BF5: =SUM(BF6:BF9) -> 841.74119
A6: Net interest income | B6: wynik z tytułu odsetek | C6: 98.1 | D6: 102.6 | E6: 105.8 | F6: 109.4 | G6: 129.1 | H6: 169.8 | I6: 150.3 | J6: 220.5 | K6: 188.1 | L6: 146 | M6: 224.9 | N6: 201.4 | O6: 212.4 | P6: 203.1 | Q6: 211.1 | R6: 185.2 | S6: 196.6 | T6: 213.7 | U6: 243.5 | V6: 242.8 | W6: 258.72618 | X6: 248.32618 | Y6: 239.32618 | Z6: 256.32618 | AA6: 233.61963 | AB6: 235.29098 | AC6: 244.47208 | AD6: 248.55786 | AE6: 250.5 | AF6: 235.5 | AG6: 234.6 | AH6: 241.7 | AI6: 224.6 | AJ6: 220.9 | AK6: 239.8 | AL6: =265.3-0.4 -> 264.9 | AM6: 265.3 | AN6: =261.3-0.1 -> 261.2 | AO6: =278+0.1 -> 278.1 | AP6: 286.2 | AQ6: 286.6 | AR6: 313.8 | AS6: 325.2 | AT6: 330.5 | AU6: 320.2 | AV6: 332.7 | AW6: 348.3 | AX6: 371.7 | AY6: 478.5 | AZ6: 488.1 | BA6: 531.7 | BB6: 516.9 | BC6: 535.2 | BD6: 522.3 | BE6: 523 | BF6: 521.43096
A7: Net commission income | B7: wynik z tytułu prowizji | C7: 93.134462 | D7: 97.734462 | E7: 96.634462 | F7: 89.034462 | G7: 83.641991 | H7: 70.841991 | I7: 88.741991 | J7: 50.741991 | K7: 91.314958 | L7: 104.41496 | M7: 97.314958 | N7: 143.21496 | O7: 115.13383 | P7: 91.633829 | Q7: 98.633829 | R7: 163.73383 | S7: 129.65274 | T7: 140.05274 | U7: 148.15274 | V7: 135.75274 | W7: 140.82925 | X7: 145.92925 | Y7: 144.62925 | Z7: 146.52925 | AA7: 144.23267 | AB7: 147.46675 | AC7: 147.5657 | AD7: 145.40457 | AE7: 154.2 | AF7: 156.5 | AG7: 160.4 | AH7: 155.4 | AI7: 160.5 | AJ7: 168.7 | AK7: 157.1 | AL7: =167.8+0.1 -> 167.9 | AM7: 163.8 | AN7: =165.9+0.1 -> 166 | AO7: =170.9-0.1 -> 170.8 | AP7: 183.5 | AQ7: 186.1 | AR7: 182.1 | AS7: 201.9 | AT7: 199 | AU7: 197.2 | AV7: 176.7 | AW7: 209.79 | AX7: 206.9 | AY7: 226.7 | AZ7: 228.7 | BA7: 233.9 | BB7: 233.3 | BC7: 256.8 | BD7: 236.5 | BE7: 271.1 | BF7: 306.7
A8: Other income/expenses | B8: pozostałe przychody/koszty | C8: 28 | D8: 12.5 | E8: 19.3 | F8: -5.9 | G8: 72.5 | H8: 32.7 | I8: 38.3 | J8: -236.8 | K8: -16.4 | L8: 84.7 | M8: 45 | N8: -61.8 | O8: 25.7 | P8: 26.7 | Q8: 23.8 | R8: -37 | S8: 26.1 | T8: =4.2 -> 4.2 | U8: -33.2 | V8: -2.1 | W8: 29.517732 | X8: -12.782268 | Y8: -7.0822685 | Z8: -25.882268 | AA8: 37.478428 | AB8: 10.389666 | AC8: -9.1658803 | AD8: -10.014942 | AE8: -6.1 | AF8: 8.9 | AG8: 9.2 | AH8: 0.6 | AI8: 41.3 | AJ8: 22.2 | AK8: 9.6 | AL8: =12.4-0.1 -> 12.3 | AM8: 19.1 | AN8: 9.7 | AO8: =17.7-0.1 -> 17.6 | AP8: 31.1 | AQ8: 27.1 | AR8: 18.7 | AS8: 9 | AT8: 10.5 | AU8: 13.9 | AV8: 13.4 | AW8: 8 | AX8: -7.5 | AY8: 25 | AZ8: 24.7 | BA8: -12.7 | BB8: 22.8 | BC8: 29.1 | BD8: 44.1 | BE8: 12.2 | BF8: 13.610224
A9: Share in net profit (loss) of associated entities recognised under the equity method | B9: udział w zyskach (stratach) netto jednostek stowarzyszonych wykazywanych metodą praw własności | C9: 0 | D9: 0 | E9: 0 | F9: 0 | G9: 0 | H9: 0 | I9: 0 | J9: 0 | K9: 0 | L9: 0 | M9: 0 | N9: 0 | O9: 0 | P9: 0 | Q9: 0 | R9: 0 | S9: 0 | T9: 0 | U9: 0 | V9: 0 | W9: 0 | X9: 0 | Y9: 0 | Z9: 0 | AA9: 0 | AB9: 0 | AC9: 0 | AD9: 0 | AE9: 0 | AF9: 0 | AG9: 0 | AH9: 0 | AI9: 0 | AJ9: 0 | AK9: 0 | AL9: 0 | AM9: 0 | AN9: 0 | AO9: 0 | AP9: 0 | AQ9: 0 | AR9: 0 | AS9: 0 | AT9: 0 | AU9: 0 | AV9: 0 | AW9: -0.2 | AX9: -0.1 | AY9: -0.1 | AZ9: -0.1 | BA9: -0.3 | BB9: -0.4 | BC9: 0 | BD9: 0 | BE9: 0 | BF9: 0
A10: Expenses total | B10: Koszty ogółem | C10: =SUM(C11:C13) -> 122.83446 | D10: =SUM(D11:D13) -> 126.33446 | E10: =SUM(E11:E13) -> 130.53446 | F10: =SUM(F11:F13) -> 130.33446 | G10: =SUM(G11:G13) -> 133.34199 | H10: =SUM(H11:H13) -> 138.34199 | I10: =SUM(I11:I13) -> 157.24199 | J10: =SUM(J11:J13) -> 110.04199 | ... BF10: =SUM(BF11:BF13) -> 335.42328
A11: Personnel expenses | B11: koszty osobowe | C11: 56.3 | D11: 61.3 | E11: 63.6 | F11: 70.8 | G11: 68.9 | H11: 69.7 | I11: 79.5 | J11: 78.5 | K11: 54.6 | L11: 72.1 | M11: 68.2 | N11: 83.4 | O11: 68.9 | P11: 71.6 | Q11: 75.3 | R11: 97.2 | S11: 78.3 | T11: 91.7 | U11: 88.8 | V11: 89.6 | W11: 98.371882 | X11: 85.770249 | Y11: 93.128729 | Z11: 108.22302 | AA11: 97.831768 | AB11: 96.990185 | AC11: 99.186031 | AD11: 88.889015 | AE11: 98.9 | AF11: 103 | AG11: 104.6 | AH11: 98.5 | AI11: 103.5 | AJ11: 101.9 | AK11: 105.7 | AL11: 106.1 | AM11: 107.5 | AN11: 106.4 | AO11: 108.4 | AP11: 117.9 | AQ11: 106.4 | AR11: 107.4 | AS11: 107.5 | AT11: 107.3 | AU11: 113 | AV11: 117.7 | AW11: 116.6 | AX11: 98.4 | AY11: 139.9561 | AZ11: 144.22788 | BA11: 152.09872 | BB11: 149.90433 | BC11: 153.7 | BD11: 155.55089 | BE11: 166.5 | BF11: 187.49051
A12: Depreciation | B12: amortyzacja | C12: 12.6 | D12: 13.2 | E12: 12.7 | F12: 17.8 | G12: 8.3 | H12: 8 | I12: 9.4 | J12: 8.6 | K12: 7.7 | L12: 7.7 | M12: 6.1 | N12: 7.9 | O12: 7.5 | P12: 7.5 | Q12: 7.9 | R12: 8.5 | S12: 8.7 | T12: 9.8 | U12: 9.5 | V12: 11.2 | W12: 9.3981722 | X12: 9.6978172 | Y12: 9.5887882 | Z12: 14.187547 | AA12: 11.062966 | AB12: 11.910295 | AC12: 11.679973 | AD12: 12.561587 | AE12: 11.6 | AF12: 11.8 | AG12: 12.5 | AH12: 16.9 | AI12: 12.3 | AJ12: 10.8 | AK12: 14.6 | AL12: 10.7 | AM12: 9.7 | AN12: 10.8 | AO12: 10.1 | AP12: 24.1 | AQ12: 10.7 | AR12: 9.3 | AS12: 9.7 | AT12: 10.3 | AU12: 11 | AV12: 9.3 | AW12: 11.1 | AX12: 20.8 | AY12: 22.467635 | AZ12: 23.089397 | BA12: 21.853975 | BB12: 24.960636 | BC12: 23.2 | BD12: 23.968212 | BE12: 27.3 | BF12: 28.822888
A13: Other | B13: pozostałe | C13: 53.934462 | D13: 51.834462 | E13: 54.234462 | F13: 41.734462 | G13: 56.141991 | H13: 60.641991 | I13: 68.341991 | J13: 22.941991 | K13: 74.214958 | L13: 57.614958 | M13: 69.614958 | N13: 29.714958 | O13: 68.533829 | P13: 70.233829 | Q13: 63.533829 | R13: 37.733829 | S13: 75.852736 | T13: 75.052736 | U13: 69.552736 | V13: 69.852736 | W13: 79.929371 | X13: 85.027601 | Y13: 83.082564 | Z13: 64.976375 | AA13: 71.495361 | AB13: 71.268539 | AC13: 66.329555 | AD13: 74.941174 | AE13: 76.5 | AF13: 76.5 | AG13: 85.9 | AH13: 80.8 | AI13: 68.2 | AJ13: 86.4 | AK13: 76.9 | AL13: 141.2 | AM13: 87.1 | AN13: 98 | AO13: =79.7-0.1 -> 79.6 | AP13: 104 | AQ13: 102.9 | AR13: 88.2 | AS13: 94.9 | AT13: 108.5 | AU13: 131.7 | AV13: 96.8 | AW13: 105.6 | AX13: 109.6 | AY13: 179.98801 | AZ13: 107.49605 | BA13: 90.501982 | BB13: 116.90938 | BC13: 213.9 | BD13: 107.036 | BE13: 116.3 | BF13: 119.10988
A14: Result before risk costs | B14: Wynik segmentu | C14: =C5-C10 -> 96.4 | D14: =D5-D10 -> 86.5 | E14: =E5-E10 -> 91.2 | F14: =F5-F10 -> 62.2 | G14: =G5-G10 -> 151.9 | H14: =H5-H10 -> 135 | I14: =I5-I10 -> 120.1 | J14: =J5-J10 -> -75.6 | ... BF14: =BF5-BF10 -> 506.31791
A15: Risk cost | B15: koszty ryzyka | C15: -3.9 | D15: -16.3 | E15: -39.4 | F15: -3.6 | G15: 3.3 | H15: -64.8 | I15: 2.3 | J15: 96.4 | K15: 78.9 | L15: 67 | M15: 32.7 | N15: 62 | O15: 26.9 | P15: 26.2 | Q15: 33.8 | R15: 35.6 | S15: 23.2 | T15: 16.5 | U15: 6.1 | V15: 36.4 | W15: 45.1 | X15: 106 | Y15: 61.1 | Z15: 60.5 | AA15: 20.019079 | AB15: 28.671282 | AC15: 30.689722 | AD15: 59.384944 | AE15: 47.4 | AF15: 22.7 | AG15: 52 | AH15: 66.9 | AI15: 50.5 | AJ15: 40.7 | AK15: 24.2 | AL15: =46.9+0.1-0.1 -> 46.9 | AM15: 62.5 | AN15: 12.9 | AO15: =28.2-3.9 -> 24.3 | AP15: 63.4 | AQ15: 33.6 | AR15: 79.3 | AS15: 69.3 | AT15: 78.7 | AU15: 57.3 | AV15: 70.4 | AW15: 92.2 | AX15: 10 | AY15: 95.7 | AZ15: 103.5 | BA15: 119.4 | BB15: 93.3 | BC15: 185.2 | BD15: 241.6 | BE15: 62.9 | BF15: -1.1
A16: Tax on certain financial institutions | B16: podatek od niektórych instytucji finansowych | C16: 0 | D16: 0 | E16: 0 | F16: 0 | G16: 0 | H16: 0 | I16: 0 | J16: 0 | K16: 0 | L16: 0 | M16: 0 | N16: 0 | O16: 0 | P16: 0 | Q16: 0 | R16: 0 | S16: 0 | T16: 0 | U16: 0 | V16: 0 | W16: 0 | X16: 0 | Y16: 0 | Z16: 0 | AA16: 0 | AB16: 0 | AC16: 0 | AD16: 0 | AE16: 0 | AF16: 0 | AG16: 0 | AH16: 0 | AI16: 0 | AJ16: 0 | AK16: 0 | AL16: 0 | AM16: 32.8 | AN16: =49 -> 49 | AO16: =48.1+0.1 -> 48.2 | AP16: 48.5 | AQ16: 47.5 | AR16: 52 | AS16: 51.7 | AT16: 52.4 | AU16: 51.8 | AV16: 54.1 | AW16: 55.2 | AX16: 57.8 | AY16: 64.1 | AZ16: 67.3 | BA16: 68.2 | BB16: 68.8 | BC16: 69.5 | BD16: 71.7 | BE16: 72.2 | BF16: 71.8
A17: Profit before tax | B17: Wynik segmentu z uwzględnieniem kosztów ryzyka (wynik finansowy brutto) | C17: =C14-C15 -> 100.3 | D17: =D14-D15 -> 102.8 | E17: =E14-E15 -> 130.6 | F17: =F14-F15 -> 65.8 | G17: =G14-G15 -> 148.6 | H17: =H14-H15 -> 199.8 | I17: =I14-I15 -> 117.8 | J17: =J14-J15 -> -172 | ... AL17: =AL14-AL15 -> 140.2 | AM17: =AM14-AM15-AM16 -> 148.6 | AN17: =AN14-AN15-AN16 -> 159.8 | AO17: =AO14-AO15-AO16 -> 195.9 | AP17: =AP14-AP15-AP16 -> 142.9 | AQ17: =AQ14-AQ15-AQ16 -> 198.7 | AR17: =AR14-AR15-AR16 -> 178.4 | AS17: =AS14-AS15-AS16 -> 203 | AT17: =AT14-AT15-AT16 -> 182.8 | ... BF17: =BF14-BF15-BF16 -> 435.61791
A18: */ including the share in net profit of affiliated units shown using the method of ownership rights | B18: */ włączając udział w zyskach netto jednostek stowarzyszonych wykazywanych metodą praw własności

Sheet RZiS B. Detaliczna_P&L Retail
A1: Comparable data pro-forma | B1: Dane porównywalne pro-forma | AY1: nowa segmentacja / new segmentation ->
A2: CONSOLIDATED INCOME STATEMENT Retail customers segment | B2: SKONSOLIDOWANY RACHUNEK ZYSKÓW I STRAT Segment klientów detalicznych | C2: 2007 | G2: 2008 | K2: 2009 | O2: 2010 | S2: 2011 | W2: 2012 | AA2: 2013 | AE2: 2014 | AI2: 2015 | AM2: 2016 | AQ2: 2017 | AT2: 2017 | AU2: 2018 | AY2: 2019 | BC2: 2020
C3: 1Q | D3: 2Q | E3: 3Q | F3: 4Q | G3: 1Q | H3: 2Q | I3: 3Q | J3: 4Q | K3: 1Q | L3: 2Q | M3: 3Q | N3: 4Q | O3: 1Q | P3: 2Q | Q3: 3Q | R3: 4Q | S3: 1Q | T3: 2Q | U3: 3Q | V3: 4Q | W3: 1Q | X3: 2Q | Y3: 3Q | Z3: 4Q | AA3: 1Q | AB3: 2Q | AC3: 3Q | AD3: 4Q | AE3: 1Q | AF3: 2Q | AG3: 3Q | AH3: 4Q | AI3: 1Q | AJ3: 2Q | AK3: 3Q | AL3: 4Q | AM3: 1Q | AN3: 2Q | AO3: 3Q | AP3: 4Q | AQ3: 1Q | AR3: 2Q | AS3: 3Q | AT3: 4Q | AU3: 1Q | AV3: 2Q | AW3: 3Q | AX3: 4Q | AY3: 1Q | AZ3: 2Q | BA3: 3Q | BB3: 4Q | BC3: 1Q | BD3: 2Q | BE3: 3Q | BF3: 4Q
A4: (PLN million) | B4: (w mln zł)
A5: Revenue total* | B5: Przychody ogółem* | C5: =SUM(C6:C9) -> 319.96554 | D5: =SUM(D6:D9) -> 309.36554 | E5: =SUM(E6:E9) -> 320.56554 | F5: =SUM(F6:F9) -> 280.66554 | G5: =SUM(G6:G9) -> 297.45801 | H5: =SUM(H6:H9) -> 352.35801 | I5: =SUM(I6:I9) -> 342.85801 | J5: =SUM(J6:J9) -> 269.45801 | ... BF5: =SUM(BF6:BF9) -> 762.05881
A6: Net interest income | B6: wynik z tytułu odsetek | C6: 138 | D6: 144.3 | E6: 148.8 | F6: 153.8 | G6: 154.3 | H6: 146 | I6: 170.6 | J6: 112 | K6: 123 | L6: 213 | M6: 153.1 | N6: 153 | O6: 178 | P6: 202.2 | Q6: 199.1 | R6: 236.5 | S6: 238.3 | T6: 245.8 | U6: 233.9 | V6: 236.9 | W6: 254.77382 | X6: 265.77382 | Y6: 276.17382 | Z6: 249.47382 | AA6: 242.18037 | AB6: 260.00902 | AC6: 281.62792 | AD6: 296.84214 | AE6: 317.4 | AF6: 346.7 | AG6: 362.3 | AH6: 341.5 | AI6: 344.4 | AJ6: 373.2 | AK6: 404.8 | AL6: =394.1+0.4 -> 394.5 | AM6: 402.8 | AN6: =429.6+0.1 -> 429.7 | AO6: =506.9-0.1 -> 506.8 | AP6: 523.3 | AQ6: 508.2 | AR6: 516.7 | AS6: 543.8 | AT6: 564.6 | AU6: 562.8 | AV6: 587.3 | AW6: 612.9 | AX6: 623.4 | AY6: 541.7 | AZ6: 565.1 | BA6: 596.1 | BB6: 607 | BC6: 616.9 | BD6: 576.9 | BE6: 613.3 | BF6: 632.76904
A7: Net commission income | B7: wynik z tytułu prowizji | C7: 130.16554 | D7: 136.56554 | E7: 135.06554 | F7: 124.46554 | G7: 124.25801 | H7: 146.15801 | I7: 140.75801 | J7: 189.35801 | K7: 146.78504 | L7: 149.58504 | M7: 159.78504 | N7: 88.385042 | O7: 117.26617 | P7: 159.16617 | Q7: 160.86617 | R7: 96.466171 | S7: 130.84726 | T7: 127.44726 | U7: 122.34726 | V7: 123.34726 | W7: 117.17075 | X7: 115.47075 | Y7: 117.57075 | Z7: 120.17075 | AA7: 106.86733 | AB7: 113.53325 | AC7: 97.434298 | AD7: 119.39543 | AE7: 121.9 | AF7: 123.1 | AG7: 97.9 | AH7: 93.5 | AI7: 89.5 | AJ7: 94.8 | AK7: 91.8 | AL7: =87-0.1 -> 86.9 | AM7: 90.1 | AN7: =92.2-0.1 -> 92.1 | AO7: =98.4+0.1 -> 98.5 | AP7: 100 | AQ7: 104.7 | AR7: 111 | AS7: 108 | AT7: 103.2 | AU7: 120.9 | AV7: 162.9 | AW7: 106.70457 | AX7: 123.8 | AY7: 91.1 | AZ7: 125 | BA7: 98.7 | BB7: 103.1 | BC7: 102.3 | BD7: 107.5 | BE7: 122.5 | BF7: 125
A8: Other income/expenses | B8: pozostałe przychody/koszty | C8: 39.4 | D8: 17.6 | E8: 27.1 | F8: -8.3 | G8: 7.3 | H8: 46 | I8: 18.5 | J8: -41.3 | K8: 18.5 | L8: -24.1 | M8: 17.9 | N8: 49.4 | O8: 6.2 | P8: -11.2 | Q8: 0 | R8: 41.3 | S8: 10.4 | T8: =15.1 -> 15.1 | U8: 11.9 | V8: 7.3 | W8: 48.982268 | X8: 29.582268 | Y8: 23.282268 | Z8: 26.582268 | AA8: 90.821572 | AB8: 39.610334 | AC8: 39.86588 | AD8: 26.914942 | AE8: 34.7 | AF8: 25.9 | AG8: 32.9 | AH8: 33.3 | AI8: 45.7 | AJ8: 101.6 | AK8: 34 | AL8: =27+0.1 -> 27.1 | AM8: 34.5 | AN8: 193.7 | AO8: =2.6+0.1 -> 2.7 | AP8: -2.1 | AQ8: 22.6 | AR8: 49.3 | AS8: 27.1 | AT8: 19.4 | AU8: 41.9 | AV8: 36.9 | AW8: 20.7 | AX8: 41.2 | AY8: 23.4 | AZ8: 19.7 | BA8: 21.6 | BB8: -0.3 | BC8: 18 | BD8: 20.8 | BE8: 6.3 | BF8: 0.28977634
A9: Share in net profit (loss) of associated entities recognised under the equity method | B9: udział w zyskach (stratach) netto jednostek stowarzyszonych wykazywanych metodą praw własności | C9: 12.4 | D9: 10.9 | E9: 9.6 | F9: 10.7 | G9: 11.6 | H9: 14.2 | I9: 13 | J9: 9.4 | K9: 10.1 | L9: 15.5 | M9: 10.4 | N9: 16.1 | O9: 7.3 | P9: 10.9 | Q9: 10.6 | R9: 12.4 | S9: 9.7 | T9: 13.2 | U9: 8.2 | V9: 10.1 | W9: 6.8 | X9: 11.2 | Y9: 7.6 | Z9: 10.1 | AA9: 9 | AB9: 7.8 | AC9: 9.3 | AD9: 12 | AE9: 11.2 | AF9: 1.1 | AG9: 0 | AH9: 0 | AI9: 0 | AJ9: 0 | AK9: 0 | AL9: 0 | AM9: 0 | AN9: 0 | AO9: 0 | AP9: 0 | AQ9: 0 | AR9: 0 | AS9: 0 | AT9: 0 | AU9: 0 | AV9: 0 | AW9: 0 | AX9: 0 | AY9: 0 | AZ9: 0 | BA9: 3.1 | BB9: 4.4 | BC9: 4.4 | BD9: 4 | BE9: 3.7 | BF9: 4
A10: Expenses total | B10: Koszty ogółem | C10: =SUM(C11:C13) -> 213.26554 | D10: =SUM(D11:D13) -> 218.66554 | E10: =SUM(E11:E13) -> 226.36554 | F10: =SUM(F11:F13) -> 224.76554 | G10: =SUM(G11:G13) -> 234.35801 | H10: =SUM(H11:H13) -> 251.55801 | I10: =SUM(I11:I13) -> 250.45801 | J10: =SUM(J11:J13) -> 228.55801 | ... BF10: =SUM(BF11:BF13) -> 346.87672
A11: Personnel expenses | B11: koszty osobowe | C11: 98.3 | D11: 106.9 | E11: 110.9 | F11: 123.5 | G11: 111.2 | H11: 112.5 | I11: 129 | J11: 122.2 | K11: 98.4 | L11: 108.8 | M11: 110.5 | N11: 121.1 | O11: 109.7 | P11: 113.8 | Q11: 123.4 | R11: 151.2 | S11: 121 | T11: 117.2 | U11: 122 | V11: 124.7 | W11: 129.62812 | X11: 127.32975 | Y11: 125.97127 | Z11: 132.37698 | AA11: 128.86823 | AB11: 129.30981 | AC11: 130.91397 | AD11: 154.61098 | AE11: 131.6 | AF11: 138.4 | AG11: 132.7 | AH11: 139.8 | AI11: 135.3 | AJ11: 135.1 | AK11: 138.1 | AL11: 146.3 | AM11: 144 | AN11: 144.8 | AO11: 151.5 | AP11: 158.8 | AQ11: 144.6 | AR11: 153.1 | AS11: 153.3 | AT11: 156.1 | AU11: 162.4 | AV11: 168.3 | AW11: 167.7 | AX11: 160.6 | AY11: 146.4139 | AZ11: 148.52112 | BA11: 163.79628 | BB11: 157.72367 | BC11: 154.5 | BD11: 154.80211 | BE11: 164.5 | BF11: 176.98949
A12: Depreciation | B12: amortyzacja | C12: 22 | D12: 23 | E12: 22.3 | F12: 31.2 | G12: 25 | H12: 25.6 | I12: 24.8 | J12: 24.1 | K12: 23.3 | L12: 24.3 | M12: 23.4 | N12: 23.5 | O12: 21.6 | P12: 22 | Q12: 22.2 | R12: 23.8 | S12: 21.8 | T12: 22.1 | U12: 24.5 | V12: 25 | W12: 24.201828 | X12: 25.002183 | Y12: 25.511212 | Z12: 30.512453 | AA12: 28.837034 | AB12: 28.789705 | AC12: 27.620027 | AD12: 31.538413 | AE12: 26.3 | AF12: 26.753905 | AG12: 27.1 | AH12: 42.1 | AI12: 29.4 | AJ12: 32.7 | AK12: 32.2 | AL12: 46.5 | AM12: 32.5 | AN12: 34.8 | AO12: 36 | AP12: 52.6 | AQ12: 35.3 | AR12: 35.6 | AS12: 34.9 | AT12: 36.5 | AU12: 36.9 | AV12: 31.3 | AW12: 34.5 | AX12: 38.6 | AY12: 48.787365 | AZ12: 44.756603 | BA12: 45.468025 | BB12: 45.428364 | BC12: 48.3 | BD12: 47.928788 | BE12: 45.2 | BF12: 49.538112
A13: Other | B13: pozostałe | C13: 92.965538 | D13: 88.765538 | E13: 93.165538 | F13: 70.065538 | G13: 98.158009 | H13: 113.45801 | I13: 96.658009 | J13: 82.258009 | K13: 108.58504 | L13: 116.08504 | M13: 119.48504 | N13: 89.585042 | O13: 118.16617 | P13: 121.96617 | Q13: 119.26617 | R13: 77.966171 | S13: 111.74726 | T13: 115.94726 | U13: 116.74726 | V13: 99.347264 | W13: 133.37063 | X13: 132.1724 | Y13: 128.91744 | Z13: 109.82363 | AA13: 144.10464 | AB13: 138.73146 | AC13: 123.07044 | AD13: 87.858826 | AE13: 126.3 | AF13: 124 | AG13: 126.7 | AH13: 110.4 | AI13: 146.9 | AJ13: 135.4 | AK13: 142.3 | AL13: 197.2 | AM13: 128 | AN13: 122.4 | AO13: 129.9 | AP13: 100.3 | AQ13: 165.7 | AR13: 118.5 | AS13: 129.3 | AT13: 109.8 | AU13: 173.3 | AV13: 131.6 | AW13: 141.7 | AX13: 138.3 | AY13: 183.48699 | AZ13: 113.00895 | BA13: 130.68102 | BB13: 95.873624 | BC13: 181.4 | BD13: 149.214 | BE13: 146.9 | BF13: 120.34912
A14: Result before risk costs | B14: Wynik segmentu | C14: =C5-C10 -> 106.7 | D14: =D5-D10 -> 90.7 | E14: =E5-E10 -> 94.2 | F14: =F5-F10 -> 55.9 | G14: =G5-G10 -> 63.1 | H14: =H5-H10 -> 100.8 | I14: =I5-I10 -> 92.4 | J14: =J5-J10 -> 40.9 | ... BF14: =BF5-BF10 -> 415.18209
A15: Risk costs including legal cost of risk for FX-mortgage loans | B15: koszty ryzyka łącznie z kosztami ryzyka prawnego walutowych kredytów hipotecznych | C15: -2.4 | D15: -10.4 | E15: -25 | F15: -2.2 | G15: -2.6 | H15: 6 | I15: 4.9 | J15: 20.1 | K15: 12.8 | L15: 6.8 | M15: 21.4 | N15: 22.8 | O15: 21.2 | P15: 13 | Q15: 21.3 | R15: 25.6 | S15: 33.9 | T15: 21.2 | U15: 21 | V15: 14.1 | W15: 19.2 | X15: 25.2 | Y15: 21.5 | Z15: 24.2 | AA15: 37.980921 | AB15: 40.428718 | AC15: 33.010278 | AD15: 17.015056 | AE15: 36.7 | AF15: 10.6 | AG15: 13.2 | AH15: 18.2 | AI15: 33.8 | AJ15: 23.6 | AK15: 7.8 | AL15: =4.6 -> 4.6 | AM15: 16.4 | AN15: 20.6 | AO15: =21.5+3.9 -> 25.4 | AP15: 75.1 | AQ15: 42.8 | AR15: 43.8 | AS15: 39.8 | AT15: 33.9 | AU15: 37.5 | AV15: 103.3 | AW15: 41.7 | AX15: 88.5 | AY15: 29.3 | AZ15: 32.4 | BA15: 60.8 | BB15: 71.1 | BC15: 109.5 | BD15: 70.8 | BE15: 82.4 | BF15: 323.6
A16: Tax on certain financial institutions | B16: podatek od niektórych instytucji finansowych | C16: 0 | D16: 0 | E16: 0 | F16: 0 | G16: 0 | H16: 0 | I16: 0 | J16: 0 | K16: 0 | L16: 0 | M16: 0 | N16: 0 | O16: 0 | P16: 0 | Q16: 0 | R16: 0 | S16: 0 | T16: 0 | U16: 0 | V16: 0 | W16: 0 | X16: 0 | Y16: 0 | Z16: 0 | AA16: 0 | AB16: 0 | AC16: 0 | AD16: 0 | AE16: 0 | AF16: 0 | AG16: 0 | AH16: 0 | AI16: 0 | AJ16: 0 | AK16: 0 | AL16: 0 | AM16: 17.7 | AN16: =27.7+0.1 -> 27.8 | AO16: =27.6-0.1 -> 27.5 | AP16: 28.7 | AQ16: 31.9 | AR16: 28.4 | AS16: 32.5 | AT16: 33.7 | AU16: 35.7 | AV16: 38 | AW16: 39.5 | AX16: 41.7 | AY16: 38.1 | AZ16: 41.1 | BA16: 43.3 | BB16: 44.8 | BC16: 46.5 | BD16: 49.4 | BE16: 49.8 | BF16: 50.7
A17: Profit before tax | B17: Wynik segmentu z uwzględnieniem kosztów ryzyka (wynik finansowy brutto) | C17: =C14-C15 -> 109.1 | D17: =D14-D15 -> 101.1 | E17: =E14-E15 -> 119.2 | F17: =F14-F15 -> 58.1 | G17: =G14-G15 -> 65.7 | H17: =H14-H15 -> 94.8 | I17: =I14-I15 -> 87.5 | J17: =J14-J15 -> 20.8 | ... AL17: =AL14-AL15 -> 113.9 | AM17: =AM14-AM15-AM16 -> 188.8 | AN17: =AN14-AN15-AN16 -> 365.1 | AO17: =AO14-AO15-AO16 -> 237.7 | AP17: =AP14-AP15-AP16 -> 205.7 | AQ17: =AQ14-AQ15-AQ16 -> 215.2 | AR17: =AR14-AR15-AR16 -> 297.6 | AS17: =AS14-AS15-AS16 -> 289.1 | AT17: =AT14-AT15-AT16 -> 317.2 | ... BF17: =BF14-BF15-BF16 -> 40.882089
A18: */ including the share in net profit of affiliated units shown using the method of ownership rights | B18: */ włączając udział w zyskach netto jednostek stowarzyszonych wykazywanych metodą praw własności

Sheet Wynik odsetkowy_Interest income
A1: Comparable data pro-forma NOTE! - change in the layout Row 25 added | B1: Dane porównywalne pro-forma
A2: Net interest income | B2: Wynik z tytułu odsetek | C2: 2007 | G2: 2008 | K2: 2009 | O2: 2010 | S2: 2011 | W2: 2012 | AA2: 2013 | AE2: 2014 | AI2: 2015 | AM2: 2016 | AQ2: 2017 | AU2: 2018 | AY2: 2019 | BC2: 2020
C3: 1Q | D3: 2Q | E3: 3Q | F3: 4Q | G3: 1Q | H3: 2Q | I3: 3Q | J3: 4Q | K3: 1Q | L3: 2Q | M3: 3Q | N3: 4Q | O3: 1Q | P3: 2Q | Q3: 3Q | R3: 4Q | S3: 1Q | T3: 2Q | U3: 3Q | V3: 4Q | W3: 1Q | X3: 2Q | Y3: 3Q | Z3: 4Q | AA3: 1Q | AB3: 2Q | AC3: 3Q | AD3: 4Q | AE3: 1Q | AF3: 2Q | AG3: 3Q | AH3: 4Q | AI3: 1Q | AJ3: 2Q | AK3: 3Q | AL3: 4Q | AM3: 1Q | AN3: 2Q | AO3: 3Q | AP3: 4Q | AQ3: 1Q | AR3: 2Q | AS3: 3Q | AT3: 4Q | AU3: 1Q | AV3: 2Q | AW3: 3Q | AX3: 4Q | AY3: 1Q | AZ3: 2Q | BA3: 3Q | BB3: 4Q | BC3: 1Q | BD3: 2Q | BE3: 3Q | BF3: 4Q
A4: (PLN million) | B4: (w mln zł)
A5: Interest income on assets measured at amortised cost, including: | B5: Przychody odsetkowe od aktywów wycenianych w zamortyzowanym koszcie w tym: | AU5: =SUM(AU6:AU9) -> 1096.8 | AV5: =SUM(AV6:AV9) -> 1148.8 | AW5: =SUM(AW6:AW9) -> 1193.4 | AX5: =SUM(AX6:AX9) -> 1229.5 | AY5: =SUM(AY6:AY9) -> 1262 | AZ5: =SUM(AZ6:AZ9) -> 1313 | BA5: =SUM(BA6:BA9) -> 1366.5 | BB5: =SUM(BB6:BB9) -> 1365.7 | ... BF5: =SUM(BF6:BF9) -> 1278.4
A6: - Interest on loans and receivables to other banks measured at amortised cost | B6: - odsetki od kredytów i innych należności udzielonych innym bankom wycenianych zamortyzowanym kosztem | C6: 196.4 | D6: 219.2 | E6: 237 | F6: 220.2 | G6: 214.6 | H6: 176.1 | I6: 143 | J6: 139.2 | K6: 66.6 | L6: 39 | M6: 31.2 | N6: 32.2 | O6: 24.2 | P6: 29.9 | Q6: 21.7 | R6: 23.5 | S6: 26.3 | T6: 29.8 | U6: 30.2 | V6: 41.9 | W6: =26.8-26.8+26.9 -> 26.9 | X6: =30.4-30.4+31 -> 31 | Y6: 37.4 | Z6: 40.5 | AA6: 27.8 | AB6: 25.3 | AC6: 23.8 | AD6: 28.5 | AE6: 28.7 | AF6: 23.8 | AG6: 22.3 | AH6: 17.8 | AI6: 15.9 | AJ6: 15.4 | AK6: 17.1 | AL6: 14.4 | AM6: 12.3 | AN6: 13.9 | AO6: 12.7 | AP6: 12.3 | AQ6: 12.5 | AR6: 13.7 | AS6: 13.9 | AT6: 16.1 | AU6: 9.5 | AV6: 7.9 | AW6: 10.1 | AX6: 8.9 | AY6: 9.7 | AZ6: 10.2 | BA6: 11 | BB6: 11.1 | BC6: 10.2 | BD6: 4.7 | BE6: 2.1 | BF6: 2.1
A7: - Interest on loans and receivables to customers measured at amortised cost | B7: - odsetki od kredytów i innych należności udzielonych klientom wycenianych zamortyzowanym kosztem | C7: 193.1 | D7: 216.6 | E7: 237.5 | F7: 277.4 | G7: 305.2 | H7: 353.2 | I7: 404.2 | J7: 438.7 | K7: 423.4 | L7: 419.3 | M7: 412 | N7: 404.7 | O7: 424.2 | P7: 431.4 | Q7: 461.7 | R7: 479.2 | S7: 497.1 | T7: 546.6 | U7: 608.3 | V7: 635.1 | W7: 707.7 | X7: 733 | Y7: 742.2 | Z7: 736.2 | AA7: 685.3 | AB7: 677.5 | AC7: 668.1 | AD7: 674.3 | AE7: 678.1 | AF7: 703.3 | AG7: 731.8 | AH7: 709.1 | AI7: 687.7 | AJ7: 691.1 | AK7: 738 | AL7: 750.4 | AM7: 746.6 | AN7: 764.7 | AO7: 802.5 | AP7: 821.1 | AQ7: 826.3 | AR7: 866.5 | AS7: 908.6 | AT7: 935.7 | AU7: 918.5 | AV7: 966.7 | AW7: 1010.6 | AX7: 1059.9 | AY7: 1082.8 | AZ7: 1136 | BA7: 1178.5 | BB7: 1173.8 | BC7: 1200.2 | BD7: 1092.5 | BE7: 1089.9 | BF7: 1120.2
A8: - Interest on securities measured at amortised cost | B8: - odsetki od papierów wartościowych wycenianych zamortyzowanym kosztem | C8: - | D8: - | E8: - | F8: - | G8: - | H8: - | I8: - | J8: - | K8: - | L8: - | M8: - | N8: - | O8: - | P8: - | Q8: - | R8: - | S8: - | T8: - | U8: - | V8: - | W8: - | X8: - | Y8: - | Z8: - | AA8: - | AB8: - | AC8: - | AD8: - | AE8: - | AF8: - | AG8: - | AH8: - | AI8: - | AJ8: - | AK8: - | AL8: - | AM8: - | AN8: - | AO8: - | AP8: - | AQ8: - | AR8: - | AS8: - | AT8: - | AU8: 69.6 | AV8: 74.7 | AW8: 75.7 | AX8: 60.6 | AY8: 63.3 | AZ8: 64.3 | BA8: 66.4 | BB8: 66 | BC8: 59 | BD8: 97.3 | BE8: 113.3 | BF8: 110.7
A9: - Interest on securities measured through other comprehensive income | B9: - odsetki od papierów wartościowych wycenianych przez inne całkowite dochody | C9: - | D9: - | E9: - | F9: - | G9: - | H9: - | I9: - | J9: - | K9: - | L9: - | M9: - | N9: - | O9: - | P9: - | Q9: - | R9: - | S9: - | T9: - | U9: - | V9: - | W9: - | X9: - | Y9: - | Z9: - | AA9: - | AB9: - | AC9: - | AD9: - | AE9: - | AF9: - | AG9: - | AH9: - | AI9: - | AJ9: - | AK9: - | AL9: - | AM9: - | AN9: - | AO9: - | AP9: - | AQ9: - | AR9: - | AS9: - | AT9: - | AU9: 99.2 | AV9: 99.5 | AW9: 97 | AX9: 100.1 | AY9: 106.2 | AZ9: 102.5 | BA9: 110.6 | BB9: 114.8 | BC9: 116.4 | BD9: 108.8 | BE9: 71.3 | BF9: 45.4
A10: Other interest income, including: | B10: Pozostałe przychody odsetkowe tym | AU10: =SUM(AU12:AU13,AU15,AU16,AU17,AU11,AU14) -> 1.3 | AV10: =SUM(AV11:AV17) -> 1.4 | AW10: =SUM(AW11:AW17) -> 1.3 | AX10: =SUM(AX11:AX17) -> 1.3 | AY10: =SUM(AY12:AY13,AY15,AY16,AY17,AY11,AY14) -> 1.1 | AZ10: =SUM(AZ12:AZ13,AZ15,AZ16,AZ17,AZ11,AZ14) -> 1.1 | BA10: =SUM(BA12:BA13,BA15,BA16,BA17,BA11,BA14) -> 1 | BB10: =SUM(BB12:BB13,BB15,BB16,BB17,BB11,BB14) -> 0.9 | BC10: =SUM(BC12:BC13,BC15,BC16,BC17,BC11,BC14) -> 0.8 | BD10: =SUM(BD12:BD13,BD15,BD16,BD17,BD11,BD14) -> 0.7 | BE10: =SUM(BE12:BE13,BE15,BE16,BE17,BE11,BE14) -> 0.7 | BF10: =SUM(BF12:BF13,BF15,BF16,BF17,BF11,BF14) -> 0.6
A11: - Interest on loans and receivables to clients measured at fair value through profit or lost | B11: - odsetki od kredytów i innych należności udzielonych klientom wycenianych do wartości godziwej przez rachunek zysków i strat | C11: - | D11: - | E11: - | F11: - | G11: - | H11: - | I11: - | J11: - | K11: - | L11: - | M11: - | N11: - | O11: - | P11: - | Q11: - | R11: - | S11: - | T11: - | U11: - | V11: - | W11: - | X11: - | Y11: - | Z11: - | AA11: - | AB11: - | AC11: - | AD11: - | AE11: - | AF11: - | AG11: - | AH11: - | AI11: - | AJ11: - | AK11: - | AL11: - | AM11: - | AN11: - | AO11: - | AP11: - | AQ11: - | AR11: - | AS11: - | AT11: - | AU11: 1.3 | AV11: 1.4 | AW11: 1.3 | AX11: 1.3 | AY11: 1.1 | AZ11: 1.1 | BA11: 1 | BB11: 0.9 | BC11: 0.8 | BD11: 0.7 | BE11: 0.7 | BF11: 0.6
A12: - Interest on available-for-sale debt securities | B12: - odsetki od aktywów finansowych dostepnych do sprzedaży | C12: 191.5 | D12: 161.3 | E12: 150.5 | F12: 179.4 | G12: 99.01 | H12: 121.19 | I12: 193.3 | J12: 187.066 | K12: 140.6 | L12: 131.2 | M12: 64.6 | N12: 81.4 | O12: 85.6 | P12: =169.2-12.6 -> 156.6 | Q12: 135 | R12: 145.3 | S12: 171.9 | T12: 184.1 | U12: 170.6 | V12: 127.3 | W12: 118.5 | X12: 116.4 | Y12: =126.1+0.1 -> 126.2 | Z12: 180.9 | AA12: 191 | AB12: 190.5 | AC12: 182.8 | AD12: 171.9 | AE12: 178.4 | AF12: 188.7 | AG12: 193.7 | AH12: 187.9 | AI12: 157.7 | AJ12: 140.5 | AK12: 138.6 | AL12: 125.9 | AM12: 124.2 | AN12: 124.4 | AO12: 134.7 | AP12: 127.1 | AQ12: 121.2 | AR12: 108.3 | AS12: 103.4 | AT12: 103.8 | AU12: - | AV12: - | AW12: - | AX12: - | AY12: - | AZ12: - | BA12: - | BB12: - | BC12: - | BD12: - | BE12: - | BF12: -
A13: - Interest on debt securities held for trading | B13: - odsetki od aktywów finansowych przeznaczonych do obrotu | G13: 53.020023 | H13: 57.328109 | I13: 59.351868 | J13: 61.206 | K13: =96-0.1 -> 95.9 | L13: 73.8 | M13: 97.2 | N13: 65.9 | O13: 59.8 | P13: -9 | Q13: 11.2 | R13: 12.6 | S13: 3.8 | T13: 6.7 | U13: 3.4 | V13: 4.5 | W13: 4.6 | X13: 3.1 | Y13: =3.8-0.2 -> 3.6 | Z13: 2.7 | AA13: 5.4 | AB13: 7.1 | AC13: 7.9 | AD13: 6.4 | AE13: 9 | AF13: 7.8 | AG13: 3.2 | AH13: 3.2 | AI13: 6.7 | AJ13: 7.6 | AK13: 6.1 | AL13: 4.9 | AM13: 4.2 | AN13: 4.2 | AO13: 4 | AP13: 5.1 | AQ13: 0 | AR13: 0 | AS13: 0 | AT13: 0 | AU13: - | AV13: - | AW13: - | AX13: - | AY13: - | AZ13: - | BA13: - | BB13: - | BC13: - | BD13: - | BE13: - | BF13: -
A14: - Interest on held-to-maturity debt securities | B14: - odsetki od aktywów finansowych utrzymywanych do terminu wymagalności | G14: 21.783115 | H14: 86.900599 | I14: 103.23416 | J14: 108.94612 | K14: 108 | L14: 108.3 | M14: 109.3 | N14: 109.3 | O14: 106.9 | P14: 99.2 | Q14: 95.7 | R14: 94.1 | S14: 89.3 | T14: 78.9 | U14: 71.7 | V14: 73 | W14: 72.6 | X14: 56.8 | Y14: 35.1 | Z14: 0 | AA14: 0 | AB14: 0 | AC14: 0 | AD14: 0 | AE14: 0 | AF14: 0 | AG14: 0 | AH14: 0 | AI14: 11 | AJ14: 20.4 | AK14: 21.4 | AL14: 25.5 | AM14: 27.6 | AN14: 29.8 | AO14: 37.6 | AP14: 38.3 | AQ14: 44.3 | AR14: 52.1 | AS14: 55.7 | AT14: 55.4 | AU14: - | AV14: - | AW14: - | AX14: - | AY14: - | AZ14: - | BA14: - | BB14: - | BC14: - | BD14: - | BE14: - | BF14: -
A15: - Interest on debt securities designated as fair value at initial recognition | B15: - odsetki od aktywów finansowych desygnowanych do wyceny do wartości godziwej przy początkowym ujęciu | G15: 36.08989 | H15: 33.973921 | I15: -13.281363 | J15: 21.481551 | K15: 6.6 | L15: 3.2 | M15: 3.2 | N15: 3.2 | O15: 3.1 | P15: 3.1 | Q15: 3.2 | R15: 2.2 | S15: 0.8 | T15: 0.9 | U15: 0 | V15: 0 | W15: 3.6 | X15: 2.7 | Y15: 0 | Z15: 0 | AA15: 0 | AB15: 0 | AC15: 0 | AD15: 0 | AE15: 0 | AF15: 0 | AG15: 0 | AH15: 0 | AI15: 0 | AJ15: 0 | AK15: 0 | AL15: 0 | AM15: 0 | AN15: 0 | AO15: 0 | AP15: 0 | AQ15: 0 | AR15: 0 | AS15: 0 | AT15: 0 | AU15: - | AV15: - | AW15: - | AX15: - | AY15: - | AZ15: - | BA15: - | BB15: - | BC15: - | BD15: - | BE15: - | BF15: -
A16: - Net interest result on derivatives | B16: - wynik odsetkowy na instrumentach pochodnych | C16: -25 | D16: -11.1 | E16: -6.7 | F16: -3.7 | G16: 20.8 | H16: 26.6 | I16: 20.3 | J16: 26.2 | K16: 19.7 | L16: -1.5 | M16: 14.6 | N16: 14.8 | O16: 23 | P16: 11.9 | Q16: 18.8 | R16: -5.4 | S16: -16.6 | T16: -13.4 | U16: -1.9 | V16: 15.2 | W16: 11.3 | X16: 2.2 | Y16: 18.7 | Z16: 17.6 | AA16: 15.6 | AB16: 2.4 | AC16: 12.8 | AD16: 10.3 | AE16: 9.6 | AF16: 9 | AG16: 11.2 | AH16: 7.9 | AI16: 8 | AJ16: 3 | AK16: 7.3 | AL16: 14 | AM16: 20.1 | AN16: 24.2 | AO16: 19 | AP16: 12.3 | AQ16: 0 | AR16: 0 | AS16: 0 | AT16: 0 | AU16: - | AV16: - | AW16: - | AX16: - | AY16: - | AZ16: - | BA16: - | BB16: - | BC16: - | BD16: - | BE16: - | BF16: -
A17: - Other | B17: - inne | C17: =-0.1+0.1 -> 0 | D17: =0.2-0.2 -> 0 | E17: =-0.6+0.6 -> 0 | F17: 0 | G17: =0.5-0.5 -> 0 | H17: =0.4-0.4 -> 0 | I17: =0.3-0.3 -> 0 | J17: =0.4-0.4 -> 0 | K17: =0.1-0.1 -> 0 | L17: =0.1-0.1 -> 0 | M17: =0.1-0.1 -> 0 | N17: 0 | O17: =0.1-0.1 -> 0 | P17: =0.1-0.1 -> 0 | Q17: 0 | R17: =0.1-0.1 -> 0 | S17: =0.2-0.2 -> 0 | T17: =0.1-0.1 -> 0 | U17: =0.1-0.1 -> 0 | V17: =0.1-0.1 -> 0 | W17: =0.4-0.4 -> 0 | X17: =1.1-1.1 -> 0 | Y17: 0 | Z17: 0 | AA17: 0 | AB17: 0 | AC17: 0 | AD17: 0 | AE17: 0 | AF17: 0 | AG17: 0 | AH17: 0 | AI17: 0 | AJ17: 0 | AK17: 0 | AL17: 0 | AM17: 0 | AN17: 0 | AO17: 0 | AP17: 0 | AQ17: 0 | AR17: 0 | AS17: 0 | AT17: 0 | AU17: - | AV17: - | AW17: - | AX17: - | AY17: - | AZ17: - | BA17: - | BB17: - | BC17: - | BD17: - | BE17: - | BF17: -
A18: Total interest income | B18: Razem przychody z tytułu odsetek | C18: =SUM(C6:C7,C12:C17) -> 556 | D18: =SUM(D6:D7,D12:D17) -> 586 | E18: =SUM(E6:E7,E12:E17) -> 618.3 | F18: =SUM(F6:F7,F12:F17) -> 673.3 | G18: =SUM(G6:G7,G12:G17) -> 750.50303 | H18: =SUM(H6:H7,H12:H17) -> 855.29263 | I18: =SUM(I6:I7,I12:I17) -> 910.10467 | J18: =SUM(J6:J7,J12:J17) -> 982.79968 | ... AT18: =SUM(AT6:AT7,AT12:AT17) -> 1111 | AU18: =SUM(AU5,AU10) -> 1098.1 | AV18: =SUM(AV5,AV10) -> 1150.2 | AW18: =SUM(AW5,AW10) -> 1194.7 | AX18: =SUM(AX5,AX10) -> 1230.8 | AY18: =SUM(AY5,AY10) -> 1263.1 | AZ18: =SUM(AZ5,AZ10) -> 1314.1 | BA18: =SUM(BA5,BA10) -> 1367.5 | BB18: =SUM(BB5,BB10) -> 1366.6 | ... BF18: =SUM(BF5,BF10) -> 1279
A20: Interest expenses | B20: Koszty odsetek
A21: - Interest on deposits from banks | B21: - odsetki od zobowiązań wobec innych banków | C21: 26.7 | D21: 25.7 | E21: 30.7 | F21: 35.4 | G21: =38.9-0.4 -> 38.5 | H21: =55-1.2 -> 53.8 | I21: =61.9-0.5 -> 61.4 | J21: =90.5-0.5 -> 90 | K21: =97.7-0.8 -> 96.9 | L21: =52.3-0.9 -> 51.4 | M21: =18.4-0.5 -> 17.9 | N21: =16.6-0.2 -> 16.4 | O21: 18.6 | P21: 18.6 | Q21: 19.3 | R21: 34.7 | S21: 42 | T21: 48.9 | U21: 44.3 | V21: 27.7 | W21: =39.8-0.2 -> 39.6 | X21: =31.4-0.1 -> 31.3 | Y21: =24.2-0.3 -> 23.9 | Z21: =32.3-0.3 -> 32 | AA21: =26.3-0.4 -> 25.9 | AB21: =24.5-1.9 -> 22.6 | AC21: =17.3-1.3 -> 16 | AD21: =16.9-1 -> 15.9 | AE21: 24.2 | AF21: 28.8 | AG21: 19.4 | AH21: 17.9 | AI21: 14.9 | AJ21: 16.5 | AK21: 19.5 | AL21: 14.3 | AM21: 8.6 | AN21: 7.8 | AO21: 15.2 | AP21: 13 | AQ21: 16.9 | AR21: 16.3 | AS21: 15.5 | AT21: 12.2 | AU21: 10.2 | AV21: 14.5 | AW21: 19.5 | AX21: 14.1 | AY21: 15.1 | AZ21: 15.6 | BA21: 14.5 | BB21: 13.1 | BC21: 12.8 | BD21: 3.8 | BE21: 1.7 | BF21: 1.6
A22: - Interest on deposits from customers | B22: - odsetki od zobowiązań wobec klientów | C22: 293.2 | D22: 313.4 | E22: 333 | F22: 374.7 | G22: 428.6 | H22: 485.7 | I22: 527.8 | J22: 560.3 | K22: 452.8 | L22: 362.9 | M22: 336.2 | N22: 340.7 | O22: 317.8 | P22: 299.2 | Q22: 317.8 | R22: 295.1 | S22: 295.7 | T22: 325.2 | U22: 360.6 | V22: 389.6 | W22: 392.1 | X22: 399.8 | Y22: 423.8 | Z22: 438.1 | AA22: 416 | AB22: 377.6 | AC22: 346.9 | AD22: 323.7 | AE22: 305.8 | AF22: 316.1 | AG22: 340.3 | AH22: 319.2 | AI22: 296.6 | AJ22: 260.6 | AK22: 258.5 | AL22: 255.6 | AM22: 251.1 | AN22: 253.3 | AO22: 201.2 | AP22: 184.4 | AQ22: 183.8 | AR22: 185 | AS22: 188.3 | AT22: 195.7 | AU22: 200.1 | AV22: 210.6 | AW22: 209 | AX22: 215.8 | AY22: 220.2 | AZ22: 237.6 | BA22: 216.4 | BB22: 216.9 | BC22: 210.3 | BD22: 189.9 | BE22: 128.5 | BF22: 113.7
A23: - Interest on issue of debt securities | B23: - odsetki od zobowiązań z tytułu emisji papierów wartościowych | C23: 0 | D23: 0 | E23: 0 | F23: 0 | G23: 0 | H23: 0 | I23: 0 | J23: 0 | K23: 0 | L23: 0 | M23: 0 | N23: 0 | O23: 0 | P23: 0 | Q23: 0 | R23: 0 | S23: 0 | T23: 0 | U23: 0 | V23: 0 | W23: 0 | X23: 0 | Y23: 0 | Z23: 2 | AA23: 7.4 | AB23: 6.8 | AC23: 5.1 | AD23: 5.1 | AE23: 5 | AF23: 5.1 | AG23: 5.1 | AH23: 5.3 | AI23: 6.1 | AJ23: 6.2 | AK23: 5.7 | AL23: 5.7 | AM23: 5.7 | AN23: 5.6 | AO23: 5.6 | AP23: 5.8 | AQ23: 5.7 | AR23: 5.7 | AS23: 5.8 | AT23: 4.7 | AU23: 1.9 | AV23: 1.9 | AW23: 1.9 | AX23: 1.9 | AY23: 1.9 | AZ23: 1.9 | BA23: 1.9 | BB23: 4.1 | BC23: 2.8 | BD23: 2.1 | BE23: 2.1 | BF23: 1.4
A24: - Interest on subordinated liabilities | B24: - odsetki od zobowiązań podporządkowanych | C24: 0 | D24: 0 | E24: 0 | F24: 0 | G24: 0 | H24: 0 | I24: 0 | J24: 0 | K24: 0 | L24: 0 | M24: 0 | N24: 0 | O24: 0 | P24: 0 | Q24: 0 | R24: 0 | S24: 0 | T24: 0 | U24: 0 | V24: 0 | W24: 0 | X24: 0 | Y24: 0 | Z24: 0 | AA24: 0 | AB24: 0 | AC24: 0 | AD24: 0 | AE24: 0 | AF24: 0 | AG24: 0 | AH24: 0 | AI24: 0 | AJ24: 0 | AK24: 0 | AL24: 0 | AM24: 1.3 | AN24: 3.4 | AO24: 3.3 | AP24: 3.2 | AQ24: 3.1 | AR24: 3.1 | AS24: 3.1 | AT24: 3.2 | AU24: 2.9 | AV24: 3.2 | AW24: 3.1 | AX24: 3.9 | AY24: 4.1 | AZ24: 4.2 | BA24: 4.1 | BB24: 7.3 | BC24: 7.4 | BD24: 8 | BE24: 7.7 | BF24: 7.3
A25: - Interest on financial liabilities held for trading | B25: - odsetki od zobowiązań finansowych przeznaczonych do obrotu | C25: 0 | D25: 0 | E25: 0 | F25: 0 | G25: 0 | H25: 0 | I25: 0 | J25: 0 | K25: 0 | L25: 0 | M25: 0 | N25: 0 | O25: 0 | P25: 0 | Q25: 0 | R25: 0 | S25: 0 | T25: 0 | U25: 0 | V25: 0 | W25: 0 | X25: 0 | Y25: 0 | Z25: 0 | AA25: 0 | AB25: 0.5 | AC25: 1.3 | AD25: 1.3 | AE25: 0.9 | AF25: 0.4 | AG25: 0.5 | AH25: 0.3 | AI25: 0.4 | AJ25: 0.6 | AK25: 0.2 | AL25: 0.1 | AM25: 0.2 | AN25: 0.2 | AO25: 0.3 | AP25: 0.3 | AQ25: 0 | AR25: 0 | AS25: 0 | AT25: 0 | AU25: - | AV25: - | AW25: - | AX25: - | AY25: - | AZ25: - | BA25: - | BB25: - | BC25: - | BD25: - | BE25: - | BF25: -
A26: - Interest on leasing liabilities | B26: - odsetki od zobowiązań leasingowych | C26: - | D26: - | E26: - | F26: - | G26: - | H26: - | I26: - | J26: - | K26: - | L26: - | M26: - | N26: - | O26: - | P26: - | Q26: - | R26: - | S26: - | T26: - | U26: - | V26: - | W26: - | X26: - | Y26: - | Z26: - | AA26: - | AB26: - | AC26: - | AD26: - | AE26: - | AF26: - | AG26: - | AH26: - | AI26: - | AJ26: - | AK26: - | AL26: - | AM26: - | AN26: - | AO26: - | AP26: - | AQ26: - | AR26: - | AS26: - | AT26: - | AU26: - | AV26: - | AW26: - | AX26: - | AY26: 1.6 | AZ26: 1.6 | BA26: 2.8 | BB26: 1.3 | BC26: 1.2 | BD26: 1 | BE26: 1 | BF26: 0.8
A27: Total interest expenses | B27: Razem koszty odsetek | C27: =SUM(C21:C23) -> 319.9 | D27: =SUM(D21:D23) -> 339.1 | E27: =SUM(E21:E23) -> 363.7 | F27: =SUM(F21:F23) -> 410.1 | G27: =SUM(G21:G23) -> 467.1 | H27: =SUM(H21:H23) -> 539.5 | I27: =SUM(I21:I23) -> 589.2 | J27: =SUM(J21:J23) -> 650.3 | ... Z27: =SUM(Z21:Z23) -> 472.1 | AA27: =SUM(AA21:AA25) -> 449.3 | AB27: =SUM(AB21:AB25) -> 407.5 | AC27: =SUM(AC21:AC25) -> 369.3 | AD27: =SUM(AD21:AD25) -> 346 | AE27: =SUM(AE21:AE25) -> 335.9 | AF27: =SUM(AF21:AF25) -> 350.4 | AG27: =SUM(AG21:AG25) -> 365.3 | AH27: =SUM(AH21:AH25) -> 342.7 | ... AX27: =SUM(AX21:AX25) -> 235.7 | AY27: =SUM(AY21:AY26) -> 242.9 | AZ27: =SUM(AZ21:AZ26) -> 260.9 | BA27: =SUM(BA21:BA26) -> 239.7 | BB27: =SUM(BB21:BB26) -> 242.7 | BC27: =SUM(BC21:BC26) -> 234.5 | BD27: =SUM(BD21:BD26) -> 204.8 | BE27: =SUM(BE21:BE26) -> 141 | BF27: =SUM(BF21:BF26) -> 124.8
A29: Net interest income | B29: Wynik z tytułu odsetek | C29: =C18-C27 -> 236.1 | D29: =D18-D27 -> 246.9 | E29: =E18-E27 -> 254.6 | F29: =F18-F27 -> 263.2 | G29: =G18-G27 -> 283.40303 | H29: =H18-H27 -> 315.79263 | I29: =I18-I27 -> 320.90467 | J29: =J18-J27 -> 332.49968 | ... BF29: =BF18-BF27 -> 1154.2

Sheet Marża odsetkowa_NIM
A1: Comparable data pro-forma NOTE! - change in the layout Row 25 added | B1: Dane porównywalne pro-forma
A2: NIM | B2: Marża odsetkowa | C2: 2007 | G2: 2008 | K2: 2009 | O2: 2010 | S2: 2011 | W2: 2012 | AA2: 2013 | AE2: 2014 | AI2: 2015 | AM2: 2016 | AQ2: 2017 | AU2: 2018 | AY2: 2019 | BC2: 2020
C3: 1Q | D3: 2Q | E3: 3Q | F3: 4Q | G3: 1Q | H3: 2Q | I3: 3Q | J3: 4Q | K3: 1Q | L3: 2Q | M3: 3Q | N3: 4Q | O3: 1Q | P3: 2Q | Q3: 3Q | R3: 4Q | S3: 1Q | T3: 2Q | U3: 3Q | V3: 4Q | W3: 1Q | X3: 2Q | Y3: 3Q | Z3: 4Q | AA3: 1Q | AB3: 2Q | AC3: 3Q | AD3: 4Q | AE3: 1Q | AF3: 2Q | AG3: 3Q | AH3: 4Q | AI3: 1Q | AJ3: 2Q | AK3: 3Q | AL3: 4Q | AM3: 1Q | AN3: 2Q | AO3: 3Q | AP3: 4Q | AQ3: 1Q | AR3: 2Q | AS3: 3Q | AT3: 4Q | AU3: 1Q | AV3: 2Q | AW3: 3Q | AX3: 4Q | AY3: 1Q | AZ3: 2Q | BA3: 3Q | BB3: 4Q | BC3: 1Q | BD3: 2Q | BE3: 3Q | BF3: 4Q
A4: (PLN million) | B4: (w mln zł)
A5: Interest earning assets | B5: Aktywa odsetkowe | C5: =+C6+C7+C8+C9+C10 -> 53515.4 | D5: =+D6+D7+D8+D9+D10 -> 49241.7 | E5: =+E6+E7+E8+E9+E10 -> 50380 | F5: =+F6+F7+F8+F9+F10 -> 48863.2 | G5: =+G6+G7+G8+G9+G10 -> 57296.2 | H5: =+H6+H7+H8+H9+H10 -> 57611.3 | I5: =+I6+I7+I8+I9+I10 -> 61830.3 | J5: =+J6+J7+J8+J9+J10 -> 66906.5 | ... BF5: =+BF6+BF7+BF8+BF9+BF10 -> 183505.9
A6: =Bilans_BS!A7 -> - Loans and receivables to other banks | B6: =Bilans_BS!B7 -> - Kredyty i inne należności udzielone innym bankom | C6: =Bilans_BS!C7 -> 16614.2 | D6: =Bilans_BS!D7 -> 18078.9 | E6: =Bilans_BS!E7 -> 17532.8 | F6: =Bilans_BS!F7 -> 15183.7 | G6: =Bilans_BS!G7 -> 14080.6 | H6: =Bilans_BS!H7 -> 9002 | ... BF6: =Bilans_BS!BF7 -> 704.6
A7: =Bilans_BS!A8 -> - Financial assets held for trading / Financial assets at fair value through profit or loss | B7: =Bilans_BS!B8 -> - Aktywa przeznaczone do obrotu / Aktywa finansowe wyceniane według wartości godziwej przez wynik finansowy | C7: =Bilans_BS!C8 -> 11114.9 | D7: =Bilans_BS!D8 -> 6998 | E7: =Bilans_BS!E8 -> 8243.9 | F7: =Bilans_BS!F8 -> 7907.5 | G7: =Bilans_BS!G8 -> 11238.7 | H7: =Bilans_BS!H8 -> 11160.1 | ... BF7: =Bilans_BS!BF8 -> 2017.7
A8: =Bilans_BS!A9 -> - Derivative hedge instruments | B8: =Bilans_BS!B9 -> - Pochodne instrumenty zabezpieczające | C8: =Bilans_BS!C9 -> 2 | D8: =Bilans_BS!D9 -> 3.8 | E8: =Bilans_BS!E9 -> 4 | F8: =Bilans_BS!F9 -> 4.6 | G8: =Bilans_BS!G9 -> 3.6 | H8: =Bilans_BS!H9 -> 76 | ... BF8: =Bilans_BS!BF9 -> 1194.8
A9: =Bilans_BS!A10 -> - Investments | B9: =Bilans_BS!B10 -> - Inwestycyjne papiery wartościowe | C9: =Bilans_BS!C10 -> 12001.7 | D9: =Bilans_BS!D10 -> 9593.8 | E9: =Bilans_BS!E10 -> 9149.9 | F9: =Bilans_BS!F10 -> 9388.3 | G9: =Bilans_BS!G10 -> 13933.4 | H9: =Bilans_BS!H10 -> 17001.2 | ... BF9: =Bilans_BS!BF10 -> 54933.5
A10: =Bilans_BS!A11 -> - Loans and receivables to customers at amortised cost | B10: =Bilans_BS!B11 -> - Kredyty i inne należności udzielone klientom wyceniane wg zamortyzowanego kosztu | C10: =Bilans_BS!C11 -> 13782.6 | D10: =Bilans_BS!D11 -> 14567.2 | E10: =Bilans_BS!E11 -> 15449.4 | F10: =Bilans_BS!F11 -> 16379.1 | G10: =Bilans_BS!G11 -> 18039.9 | H10: =Bilans_BS!H11 -> 20372 | ... BF10: =Bilans_BS!BF11 -> 124655.3
A12: Interest bearing liabilities | B12: Pasywa odsetkowe | C12: =+C13+C14+C15+C16+C17 -> 46373.2 | D12: =+D13+D14+D15+D16+D17 -> 44121.8 | E12: =+E13+E14+E15+E16+E17 -> 46250.3 | F12: =+F13+F14+F15+F16+F17 -> 46312 | G12: =+G13+G14+G15+G16+G17 -> 50571.4 | H12: =+H13+H14+H15+H16+H17 -> 53676.2 | I12: =+I13+I14+I15+I16+I17 -> 56457 | J12: =+J13+J14+J15+J16+J17 -> 53127.8 | ... BF12: =+BF13+BF14+BF15+BF16+BF17 -> 163647.9
A13: =Bilans_BS!A25 -> - Liabilities due to other banks | B13: =Bilans_BS!B25 -> - Zobowiązania wobec innych banków | C13: =Bilans_BS!C25 -> 5598.6 | D13: =Bilans_BS!D25 -> 3868.4 | E13: =Bilans_BS!E25 -> 5592.2 | F13: =Bilans_BS!F25 -> 1810.2 | G13: =Bilans_BS!G25 -> 5212.3 | H13: =Bilans_BS!H25 -> 6024.8 | ... BF13: =Bilans_BS!BF25 -> 8228
A14: - Financial liabilities measured at fair value through profit and loss (excluding derivatives) | B14: - Zobowiązania finansowe wyceniane do wartości godziwej przez rachunek zysków i strat (bez instrumentów pochodnych) | C14: 0 | D14: 0 | E14: 0 | F14: 0 | G14: 0 | H14: 0 | I14: 0 | J14: 0 | K14: 0 | L14: 0 | M14: 0 | N14: 0 | O14: 0 | P14: 0 | Q14: 0 | R14: 0 | S14: 0 | T14: 0 | U14: 0 | V14: 0 | W14: 0 | X14: 0 | Y14: 0 | Z14: 0 | AA14: 0 | AB14: 0 | AC14: 0 | AD14: 0 | AE14: 0 | AF14: 0 | AG14: 0 | AH14: 0 | AI14: 0 | AJ14: 0 | AK14: 0 | AL14: 0 | AM14: 0 | AN14: 0 | AO14: 0 | AP14: 2826.8 | AQ14: 1505.2 | AR14: 2676.6 | AS14: 1415.2 | AT14: 719 | AU14: 854.7 | AV14: 1641.2 | AW14: 1028.6 | AX14: 1426 | AY14: 1541.7 | AZ14: 2242.9 | BA14: 535.6 | BB14: 670 | BC14: 272.5 | BD14: 177.8 | BE14: 322.8 | BF14: 711.7
A15: =Bilans_BS!A28 -> - Liabilities due to customers | B15: =Bilans_BS!B28 -> - Zobowiązania wobec klientów | C15: =Bilans_BS!C28 -> 40774.6 | D15: =Bilans_BS!D28 -> 40253.4 | E15: =Bilans_BS!E28 -> 40658.1 | F15: =Bilans_BS!F28 -> 44501.8 | G15: =Bilans_BS!G28 -> 45359.1 | H15: =Bilans_BS!H28 -> 47651.4 | ... BF15: =Bilans_BS!BF28 -> 151028.5
A16: =Bilans_BS!A29 -> - Liabilities under issue of debt securities | B16: =Bilans_BS!B29 -> - Zobowiązania z tytułu emisji papierów wartościowych | C16: =Bilans_BS!C29 -> 0 | D16: =Bilans_BS!D29 -> 0 | E16: =Bilans_BS!E29 -> 0 | F16: =Bilans_BS!F29 -> 0 | G16: =Bilans_BS!G29 -> 0 | H16: =Bilans_BS!H29 -> 0 | ... BF16: =Bilans_BS!BF29 -> 1370.5
A17: =Bilans_BS!A30 -> - Subordinated liabilities | B17: =Bilans_BS!B30 -> - Zobowiązania podporządkowane | C17: =Bilans_BS!C30 -> 0 | D17: =Bilans_BS!D30 -> 0 | E17: =Bilans_BS!E30 -> 0 | F17: =Bilans_BS!F30 -> 0 | G17: =Bilans_BS!G30 -> 0 | H17: =Bilans_BS!H30 -> 0 | ... BF17: =Bilans_BS!BF30 -> 2309.2
A19: ='Wynik odsetkowy_Interest income'!A29 -> Net interest income | B19: ='Wynik odsetkowy_Interest income'!B29 -> Wynik z tytułu odsetek | C19: =C20-C21 -> 236.1 | D19: =D20-D21 -> 246.9 | E19: =E20-E21 -> 254.6 | F19: =F20-F21 -> 263.2 | G19: =G20-G21 -> 283.40303 | H19: =H20-H21 -> 315.79263 | I19: =I20-I21 -> 320.90467 | J19: =J20-J21 -> 332.49968 | ... BF19: =BF20-BF21 -> 1154.2
A20: ='Wynik odsetkowy_Interest income'!A18 -> Total interest income | B20: ='Wynik odsetkowy_Interest income'!B18 -> Razem przychody z tytułu odsetek | C20: ='Wynik odsetkowy_Interest income'!C18 -> 556 | D20: ='Wynik odsetkowy_Interest income'!D18 -> 586 | E20: ='Wynik odsetkowy_Interest income'!E18 -> 618.3 | F20: ='Wynik odsetkowy_Interest income'!F18 -> 673.3 | G20: ='Wynik odsetkowy_Interest income'!G18 -> 750.50303 | H20: ='Wynik odsetkowy_Interest income'!H18 -> 855.29263 | ... BF20: ='Wynik odsetkowy_Interest income'!BF18 -> 1279
A21: ='Wynik odsetkowy_Interest income'!A27 -> Total interest expenses | B21: ='Wynik odsetkowy_Interest income'!B27 -> Razem koszty odsetek | C21: ='Wynik odsetkowy_Interest income'!C27 -> 319.9 | D21: ='Wynik odsetkowy_Interest income'!D27 -> 339.1 | E21: ='Wynik odsetkowy_Interest income'!E27 -> 363.7 | F21: ='Wynik odsetkowy_Interest income'!F27 -> 410.1 | G21: ='Wynik odsetkowy_Interest income'!G27 -> 467.1 | H21: ='Wynik odsetkowy_Interest income'!H27 -> 539.5 | ... BF21: ='Wynik odsetkowy_Interest income'!BF27 -> 124.8
A23: NIM (quaterly) | B23: Marża odsetkowa (kwartalna) | D23: =D19*4/AVERAGE(C5:D5) -> 0.019222029 | E23: =E19*4/AVERAGE(D5:E5) -> 0.020445345 | F23: =F19*4/AVERAGE(E5:F5) -> 0.021216567 | G23: =G19*4/AVERAGE(F5:G5) -> 0.021356792 | H23: =H19*4/AVERAGE(G5:H5) -> 0.021985867 | I23: =I19*4/AVERAGE(H5:I5) -> 0.021493662 | J23: =J19*4/AVERAGE(I5:J5) -> 0.020662292 | K23: =K19*4/AVERAGE(J5:K5) -> 0.01883266 | ... BF23: =BF19*4/AVERAGE(BE5:BF5) -> 0.025296384
A24: NIM (cumulative) | B24: Marża odsetkowa (skumulowana) | G24: =SUM(D19:G19)/AVERAGE(C5:G5) -> 0.020210512 | H24: =SUM(E19:H19)/AVERAGE(D5:H5) -> 0.021204022 | I24: =SUM(F19:I19)/AVERAGE(E5:I5) -> 0.021438076 | J24: =SUM(G19:J19)/AVERAGE(F5:J5) -> 0.021411417 | K24: =SUM(H19:K19)/AVERAGE(G5:K5) -> 0.020724077 | L24: =SUM(I19:L19)/AVERAGE(H5:L5) -> 0.021086958 | M24: =SUM(J19:M19)/AVERAGE(I5:M5) -> 0.02174657 | N24: =SUM(K19:N19)/AVERAGE(J5:N5) -> 0.022514424 | ... BF24: =SUM(BC19:BF19)/AVERAGE(BB5:BF5) -> 0.026284885
A26: Yield on interest assets (quaterly) | B26: Rentowność aktywów odsetkowych (kwartalna) | D26: =D20*4/AVERAGE(C5:D5) -> 0.045622152 | E26: =E20*4/AVERAGE(D5:E5) -> 0.049651833 | F26: =F20*4/AVERAGE(E5:F5) -> 0.054274751 | G26: =G20*4/AVERAGE(F5:G5) -> 0.056556689 | H26: =H20*4/AVERAGE(G5:H5) -> 0.059546514 | I26: =I20*4/AVERAGE(H5:I5) -> 0.060957299 | J26: =J20*4/AVERAGE(I5:J5) -> 0.061073426 | K26: =K20*4/AVERAGE(J5:K5) -> 0.05210914 | ... BF26: =BF20*4/AVERAGE(BE5:BF5) -> 0.028031602
A27: Yield on interest assets (cumulative) | B27: Rentowność aktywów odsetkowych (skumulowana) | G27: =SUM(D20:G20)/AVERAGE(C5:G5) -> 0.050677565 | H27: =SUM(E20:H20)/AVERAGE(D5:H5) -> 0.055001505 | I27: =SUM(F20:I20)/AVERAGE(E5:I5) -> 0.057779346 | J27: =SUM(G20:J20)/AVERAGE(F5:J5) -> 0.059805304 | K27: =SUM(H20:K20)/AVERAGE(G5:K5) -> 0.058418579 | L27: =SUM(I20:L20)/AVERAGE(H5:L5) -> 0.056194596 | M27: =SUM(J20:M20)/AVERAGE(I5:M5) -> 0.052751899 | N27: =SUM(K20:N20)/AVERAGE(J5:N5) -> 0.049406518 | ... BF27: =SUM(BC20:BF20)/AVERAGE(BB5:BF5) -> 0.03036553
A29: Cost of funding (quaterly) | B29: Koszt finansowania (kwartlany) | D29: =D21*4/AVERAGE(C12:D12) -> 0.029977347 | E29: =E21*4/AVERAGE(D12:E12) -> 0.032195777 | F29: =F21*4/AVERAGE(E12:F12) -> 0.035444236 | G29: =G21*4/AVERAGE(F12:G12) -> 0.038570075 | H29: =H21*4/AVERAGE(G12:H12) -> 0.041401433 | I29: =I21*4/AVERAGE(H12:I12) -> 0.042799083 | J29: =J21*4/AVERAGE(I12:J12) -> 0.047473737 | K29: =K21*4/AVERAGE(J12:K12) -> 0.040800005 | ... BF29: =BF21*4/AVERAGE(BE12:BF12) -> 0.0030633651
A30: Cost of funding (cumulative) | B30: Koszt finansowania (skumulowany) | G30: =SUM(D21:G21)/AVERAGE(C12:G12) -> 0.033814339 | H30: =SUM(E21:H21)/AVERAGE(D12:H12) -> 0.036948231 | I30: =SUM(F21:I21)/AVERAGE(E12:I12) -> 0.039600516 | J30: =SUM(G21:J21)/AVERAGE(F12:J12) -> 0.043170255 | K30: =SUM(H21:K21)/AVERAGE(G12:K12) -> 0.043366784 | L30: =SUM(I21:L21)/AVERAGE(H12:L12) -> 0.040300943 | M30: =SUM(J21:M21)/AVERAGE(I12:M12) -> 0.036106778 | N30: =SUM(K21:N21)/AVERAGE(J12:N12) -> 0.031290872 | ... BF30: =SUM(BC21:BF21)/AVERAGE(BB12:BF12) -> 0.0045581491

Sheet Wynik prowizyjny_F&C income
A1: Comparable data pro-forma | B1: Dane porównywalne pro-forma
A2: Net fees & commission income | B2: Wynik z tytułu prowizji | C2: 2007 | G2: 2008 | K2: 2009 | O2: 2010 | S2: 2011 | W2: 2012 | AA2: 2013 | AE2: 2014 | AI2: 2015 | AM2: 2016 | AQ2: 2017 | AU2: 2018 | AY2: 2019 | BC2: 2020
C3: 1Q | D3: 2Q | E3: 3Q | F3: 4Q | G3: 1Q | H3: 2Q | I3: 3Q | J3: 4Q | K3: 1Q | L3: 2Q | M3: 3Q | N3: 4Q | O3: 1Q | P3: 2Q | Q3: 3Q | R3: 4Q | S3: 1Q | T3: 2Q | U3: 3Q | V3: 4Q | W3: 1Q | X3: 2Q | Y3: 3Q | Z3: 4Q | AA3: 1Q | AB3: 2Q | AC3: 3Q | AD3: 4Q | AE3: 1Q | AF3: 2Q | AG3: 3Q | AH3: 4Q | AI3: 1Q | AJ3: 2Q | AK3: 3Q | AL3: 4Q | AM3: 1Q | AN3: 2Q | AO3: 3Q | AP3: 4Q | AQ3: 1Q | AR3: 2Q | AS3: 3Q | AT3: 4Q | AU3: 1Q | AV3: 2Q | AW3: 3Q | AX3: 4Q | AY3: 1Q | AZ3: 2Q | BA3: 3Q | BB3: 4Q | BC3: 1Q | BD3: 2Q | BE3: 3Q | BF3: 4Q
A4: (PLN million) | B4: (w mln zł)
A5: Fees and commission income | B5: Przychody z tytułu prowizji
A6: - the transaction margin on currency exchange transactions | B6: - marża transakcyjna na transakcjach wymiany walut | C6: 24.6 | D6: 27.4 | E6: 23.1 | F6: 23.7 | G6: 22.4 | H6: 23.4 | I6: 36.9 | J6: 56.8 | K6: 59.5 | L6: 55.1 | M6: 50.8 | N6: 45.1 | O6: 60.6 | P6: 59.6 | Q6: 61 | R6: 62.8 | S6: 59.7 | T6: 64.4 | U6: 70.3 | V6: 69.4 | W6: 65.5 | X6: 66.2 | Y6: 72 | Z6: 67.4 | AA6: 64.3 | AB6: =75.1-10.3 -> 64.8 | AC6: =56.8+5.1 -> 61.9 | AD6: 69.2 | AE6: 64.5 | AF6: 68.2 | AG6: 75.9 | AH6: 73.5 | AI6: 69.9 | AJ6: 75 | AK6: 69.6 | AL6: 69.6 | AM6: 63.9 | AN6: 67.6 | AO6: 72.1 | AP6: 77.9 | AQ6: 80.6 | AR6: 80.9 | AS6: 91 | AT6: 90.6 | AU6: 84.4 | AV6: 91.6 | AW6: 90.7 | AX6: 96.5 | AY6: 90.9 | AZ6: 96 | BA6: 100.5 | BB6: 102.3 | BC6: 105.5 | BD6: 98.6 | BE6: 109.8 | BF6: 121.2
A7: - commission related to keeping accounts | B7: - prowadzenie rachunków klientów | C7: 62.5 | D7: 69.1 | E7: 66.6 | F7: 68.3 | G7: 68.7 | H7: 71.4 | I7: 71.5 | J7: 76.1 | K7: 71.2 | L7: =71.7-0.7 -> 71 | M7: 73.4 | N7: 72.2 | O7: 69.8 | P7: =66.3-0.1 -> 66.2 | Q7: =64.8-0.1 -> 64.7 | R7: =65.2-0.2 -> 65 | S7: =62.1-0.1 -> 62 | T7: =64.7-0.5 -> 64.2 | U7: =63.9-0.3 -> 63.6 | V7: =65-0.7 -> 64.3 | W7: =61.7-0.4 -> 61.3 | X7: =63.6-0.4 -> 63.2 | Y7: =61.4-0.4 -> 61 | Z7: =62.8-1.6 -> 61.2 | AA7: =63.6-0.1 -> 63.5 | AB7: =64.6-0.1 -> 64.5 | AC7: =65.3-1 -> 64.3 | AD7: =64.2-1.8 -> 62.4 | AE7: 62.5 | AF7: =62.8-0.2 -> 62.6 | AG7: =61.8-0.6 -> 61.2 | AH7: 60.1 | AI7: 59.1 | AJ7: 62.9 | AK7: 61.8 | AL7: 62.8 | AM7: 60.8 | AN7: 63.8 | AO7: 63.1 | AP7: 64.3 | AQ7: 66.2 | AR7: 70.2 | AS7: 69.5 | AT7: 72 | AU7: 70.2 | AV7: 72.6 | AW7: 72.1 | AX7: 71.9 | AY7: 70.5 | AZ7: 73.7 | BA7: 75.1 | BB7: 74.2 | BC7: 80.1 | BD7: 76.2 | BE7: 91.7 | BF7: 112.9
A8: - commission related to payment and credit cards (net) | B8: - karty płatnicze i kredytowe (netto) | C8: 25.2 | D8: 25.1 | E8: 24.8 | F8: 28.4 | G8: 30.5 | H8: 34.7 | I8: 36.9 | J8: 35.3 | K8: =33.9-0.1 -> 33.8 | L8: 41.4 | M8: 43.6 | N8: =43-0.2 -> 42.8 | O8: =39.2-0.1 -> 39.1 | P8: 43.9 | Q8: =48.9-0.3 -> 48.6 | R8: =53-0.2 -> 52.8 | S8: =50.8-0.2 -> 50.6 | T8: =51.1-0.2 -> 50.9 | U8: =52.2-0.2 -> 52 | V8: =54.3-0.2 -> 54.1 | W8: =49.6-0.3-0.3 -> 49 | X8: =51.1-0.4-0.4 -> 50.3 | Y8: =51.9-0.4-0.7 -> 50.8 | Z8: =54.4-0.6 -> 53.8 | AA8: =42.5-0.3-0.8 -> 41.4 | AB8: =46.3-0.2-1.1 -> 45 | AC8: =49.4-0.3-1.1 -> 48 | AD8: =52-0.5-1.4 -> 50.1 | AE8: =48.6-0.9-1.6 -> 46.1 | AF8: =51.8-1.9 -> 49.9 | AG8: =25.6-1.9 -> 23.7 | AH8: =25.2-2 -> 23.2 | AI8: =18.2-2.1 -> 16.1 | AJ8: =16.4-2.2 -> 14.2 | AK8: =17.6-2.6 -> 15 | AL8: =14.7-2.4 -> 12.3 | AM8: 21.9 | AN8: 32 | AO8: 34.6 | AP8: 27.1 | AQ8: 31.5 | AR8: 27.1 | AS8: 29.1 | AT8: 25.2 | AU8: =+AU9-AU10 -> 25.3 | AV8: =+AV9-AV10 -> 45.8 | AW8: =+AW9-AW10 -> 21.1 | AX8: =+AX9-AX10 -> 23.9 | AY8: =+AY9-AY10 -> 31.8 | AZ8: =+AZ9-AZ10 -> 55.4 | BA8: =+BA9-BA10 -> 33.1 | BB8: =+BB9-BB10 -> 26.9 | ... BF8: =+BF9-BF10 -> 55.09
A9: - commission related to payment and credit cards (income) | B9: - karty płatnicze i kredytowe - przychód | AU9: 59.5 | AV9: 82.5 | AW9: 61 | AX9: 68.3 | AY9: 73.2 | AZ9: 101.7 | BA9: 89.5 | BB9: 87.5 | BC9: 84.4 | BD9: 79.3 | BE9: 95.8 | BF9: 115.2
A10: - commission related to payment and credit cards (costs) | B10: - karty płatnicze i kredytowe - koszty | AU10: 34.2 | AV10: 36.7 | AW10: 39.9 | AX10: 44.4 | AY10: 41.4 | AZ10: 46.3 | BA10: 56.4 | BB10: 60.6 | BC10: 55.9 | BD10: 57 | BE10: 61.4 | BF10: 60.11
A11: - commission related to loans | B11: - udzielanie kredytów | C11: 27.6 | D11: 21.9 | E11: 30.7 | F11: 29.7 | G11: 33.6 | H11: 25.8 | I11: 30.7 | J11: 32.7 | K11: 34.2 | L11: 33.2 | M11: 36.5 | N11: 37.9 | O11: 36.6 | P11: 38.6 | Q11: 40.1 | R11: 39.5 | S11: 42.8 | T11: 42.6 | U11: 49.1 | V11: 44.1 | W11: 43.9 | X11: 45.1 | Y11: 43 | Z11: 46.5 | AA11: =47.2+1.8 -> 49 | AB11: 51.6 | AC11: 49.1 | AD11: 44.5 | AE11: 54.6 | AF11: 54 | AG11: 51.4 | AH11: 50 | AI11: 57.1 | AJ11: 58.5 | AK11: 54 | AL11: 51.5 | AM11: 64 | AN11: 58.8 | AO11: 60.4 | AP11: 67.2 | AQ11: 67.1 | AR11: 64.5 | AS11: 65.4 | AT11: 66.4 | AU11: 77.4 | AV11: 74.4 | AW11: 72.7 | AX11: 73 | AY11: 82.5 | AZ11: 81.4 | BA11: 78.5 | BB11: 84.7 | BC11: 92.9 | BD11: 86.2 | BE11: 86.4 | BF11: 85.5
A12: - commission related to distribution of participation units | B12: - dystrybucja jednostek uczestnictwa | C12: 50 | D12: 54.9 | E12: 58.2 | F12: 50.1 | G12: 33.7 | H12: 27.9 | I12: 21.8 | J12: 15.2 | K12: 12.2 | L12: 14.3 | M12: 13.5 | N12: 23.2 | O12: 16.4 | P12: 20.5 | Q12: 21.3 | R12: 23.1 | S12: 22.6 | T12: 23 | U12: 18.9 | V12: 15.9 | W12: 15.2 | X12: 14.8 | Y12: 14.7 | Z12: 16.9 | AA12: 16.3 | AB12: 17.8 | AC12: 19.3 | AD12: 22 | AE12: 20.5 | AF12: 21.2 | AG12: 21.1 | AH12: 22.8 | AI12: 23 | AJ12: 26.4 | AK12: 26.1 | AL12: 24.9 | AM12: 21.8 | AN12: 21.9 | AO12: 22.1 | AP12: 23.1 | AQ12: 23.5 | AR12: 24.6 | AS12: 26.2 | AT12: 27.1 | AU12: 25.8 | AV12: 26 | AW12: 27.7 | AX12: 20.1 | AY12: 16 | AZ12: 18.5 | BA12: 19 | BB12: 21 | BC12: 20.1 | BD12: 17.7 | BE12: 19.8 | BF12: 21.1
A13: - commission related to brokerage activity | B13: - działalność maklerska | C13: 33.1 | D13: 32.4 | E13: 28.2 | F13: 31.1 | G13: 25.7 | H13: 16.3 | I13: 16.2 | J13: 17.2 | K13: 15.2 | L13: 17.3 | M13: 20 | N13: 21.4 | O13: 21.3 | P13: 17.4 | Q13: 20.3 | R13: 15.9 | S13: 19.9 | T13: 23.2 | U13: 17.6 | V13: 16.1 | W13: 19.1 | X13: 12.3 | Y13: 10.8 | Z13: 14.5 | AA13: 10.9 | AB13: 14.3 | AC13: 10.5 | AD13: 10.6 | AE13: 15.4 | AF13: 9.1 | AG13: 9.1 | AH13: 9.5 | AI13: 10.3 | AJ13: 11.2 | AK13: 9.3 | AL13: 15.4 | AM13: 8.8 | AN13: 8 | AO13: 7.6 | AP13: 4.7 | AQ13: 7.4 | AR13: 5.9 | AS13: 5.7 | AT13: 5.1 | AU13: 5.5 | AV13: 5 | AW13: 5.6 | AX13: 5.3 | AY13: 5.8 | AZ13: 4.7 | BA13: 5.1 | BB13: 4.5 | BC13: 10.7 | BD13: 20.6 | BE13: 23 | BF13: 8.8
A14: - fiduciary and custodian fees | B14: - działalność powiernicza | C14: 8.5 | D14: 7.4 | E14: 9.2 | F14: 1.8 | G14: 7.2 | H14: 8 | I14: 7.4 | J14: 6.6 | K14: 6.3 | L14: 6.4 | M14: 6.4 | N14: 6.8 | O14: 6.8 | P14: 6.9 | Q14: 7.5 | R14: 7.3 | S14: 7.3 | T14: 8.2 | U14: 9 | V14: 6.9 | W14: 6.5 | X14: 7.1 | Y14: 6.8 | Z14: 7.1 | AA14: 7.8 | AB14: 7.6 | AC14: 8 | AD14: 7.5 | AE14: 7.1 | AF14: 7.9 | AG14: 7.8 | AH14: 7.3 | AI14: 8.3 | AJ14: 6.4 | AK14: 6 | AL14: 5.7 | AM14: 6 | AN14: 6.4 | AO14: 6.1 | AP14: 6.1 | AQ14: 7.6 | AR14: 6.9 | AS14: 7 | AT14: 7 | AU14: 7.3 | AV14: 7.1 | AW14: 6.7 | AX14: 8.2 | AY14: 6.8 | AZ14: 7.4 | BA14: 7 | BB14: 7 | BC14: 8 | BD14: 7.5 | BE14: 9 | BF14: 7.7
A15: - commission related to factoring agreements | B15: - usługi faktoringowe i leasingowe | C15: 0.1 | D15: 0.1 | E15: 0.2 | F15: 0.2 | G15: 0.1 | H15: 0.2 | I15: 0.2 | J15: 0.2 | K15: 0.1 | L15: 0.1 | M15: 0.1 | N15: 0.1 | O15: 0.1 | P15: 0.2 | Q15: 0.2 | R15: 0.2 | S15: 0 | T15: 0.2 | U15: 0.2 | V15: 0.2 | W15: =5.5+0.4 -> 5.9 | X15: =5.1+0.8 -> 5.9 | Y15: =4.5+0.5 -> 5 | Z15: =5+0.5 -> 5.5 | AA15: 6.4 | AB15: 6.8 | AC15: 5.8 | AD15: 7.3 | AE15: 6.4 | AF15: 7.9 | AG15: 8.2 | AH15: 8.3 | AI15: 7.6 | AJ15: 8.7 | AK15: 7.9 | AL15: 10 | AM15: 9 | AN15: 11 | AO15: 11.1 | AP15: 12.3 | AQ15: 10.9 | AR15: 11.8 | AS15: 13.2 | AT15: 13.2 | AU15: 12.8 | AV15: 15.3 | AW15: 14.8 | AX15: 14.6 | AY15: 7.1 | AZ15: 6.1 | BA15: 6.5 | BB15: 4.9 | BC15: 7.3 | BD15: 7.1 | BE15: 10.2 | BF15: 6.5
A16: - foreign commercial business | B16: - zagraniczne operacje handlowe | C16: 5.5 | D16: 5.8 | E16: 5.7 | F16: 4.7 | G16: 3.9 | H16: 4.1 | I16: 4 | J16: 3.8 | K16: 3.2 | L16: 3.5 | M16: 3.9 | N16: 3.7 | O16: 3.1 | P16: 3.2 | Q16: 3.2 | R16: 3.5 | S16: 3.4 | T16: 3.7 | U16: 3.7 | V16: 3.5 | W16: 3.3 | X16: 3.5 | Y16: 3.5 | Z16: 3.8 | AA16: 3.9 | AB16: 3.9 | AC16: 4 | AD16: 4.2 | AE16: 4.2 | AF16: 4.4 | AG16: 4.5 | AH16: 4.6 | AI16: 4.6 | AJ16: 4.9 | AK16: 5.1 | AL16: 5.3 | AM16: 5.2 | AN16: 6 | AO16: 6.3 | AP16: 6.5 | AQ16: 6.7 | AR16: 7.2 | AS16: 7.7 | AT16: 8.1 | AU16: 8.1 | AV16: 8.6 | AW16: 9.1 | AX16: 9.3 | AY16: 9 | AZ16: 9.5 | BA16: 10 | BB16: 9.6 | BC16: 6.5 | BD16: 6.6 | BE16: 10 | BF16: 10.9
A17: - commission related to insurance product offering | B17: - oferowanie produktów ubezpieczeniowych | C17: 0.6 | D17: 0.8 | E17: 0.8 | F17: 2 | G17: 1.1 | H17: 1.6 | I17: 9.5 | J17: 16.2 | K17: 14.5 | L17: 20.8 | M17: 22.7 | N17: 18.9 | O17: 4 | P17: 15.2 | Q17: 11.6 | R17: 16.9 | S17: 8.4 | T17: 7.3 | U17: 6.9 | V17: 7.3 | W17: =5.5+0.3-0.3 -> 5.5 | X17: =8.5+0.4-0.3 -> 8.6 | Y17: =9.6+0.7-0.3 -> 10 | Z17: =8+0.6-0.3 -> 8.3 | AA17: =2.6+0.8-0.3 -> 3.1 | AB17: =3.6-0.5+1.1-0.3 -> 3.9 | AC17: =-8-1.2+1.1-0.3 -> -8.4 | AD17: =4.4+1.4-0.3 -> 5.5 | AE17: =10.4+1.6-0.3 -> 11.7 | AF17: =10.5+1.9-0.3 -> 12.1 | AG17: =11.5+1.9-0.3 -> 13.1 | AH17: =12.5+2-0.3 -> 14.2 | AI17: =13.7+2.1-0.3 -> 15.5 | AJ17: =15.6+2.2-0.3 -> 17.5 | AK17: =12.7+2.6-0.3 -> 15 | AL17: =12.8+2.4-0.3 -> 14.9 | AM17: =12+2.1-0.3 -> 13.8 | AN17: =9.9-0.3 -> 9.6 | AO17: =8.2-0.3 -> 7.9 | AP17: 18.6 | AQ17: 16.1 | AR17: 21.5 | AS17: 21.8 | AT17: 20.5 | AU17: 23.4 | AV17: 26.6 | AW17: 27.4 | AX17: 32 | AY17: 29.8 | AZ17: 33.1 | BA17: 35 | BB17: 37.6 | BC17: 38.4 | BD17: 40.3 | BE17: 40.6 | BF17: 43.2
A18: - commission related to subscription of structured products | B18: - subskrypcja depozytów strukturyzowanych | C18: 0 | D18: 0 | E18: 0 | F18: 0 | G18: 0 | H18: 14.5 | I18: 4.4 | J18: 4.7 | K18: 1.9 | L18: 2.4 | M18: 0.2 | N18: 0.4 | O18: 0.4 | P18: 1.9 | Q18: 0.1 | R18: 0.1 | S18: 4.3 | T18: 2.9 | U18: 0.2 | V18: 3.4 | W18: 1.1 | X18: 0 | Y18: 0 | Z18: 0.4 | AA18: 0 | AB18: 0 | AC18: 0 | AD18: 0 | AE18: 0 | AF18: 0 | AG18: 0 | AH18: 0 | AI18: 0 | AJ18: 0 | AK18: 0 | AL18: 0 | AM18: 0 | AN18: 0 | AO18: 0 | AP18: 0 | AQ18: 0 | AR18: 0 | AS18: 0 | AT18: 0 | AU18: 0 | AV18: 0 | AW18: 0 | AX18: 0 | AY18: 0 | AZ18: 0 | BA18: 0 | BB18: 0 | BC18: 0 | BD18: 0 | BE18: 0 | BF18: 0
A22: - other | B22: - pozostałe prowizje | C22: 1.3 | D22: 3.6 | E22: =4.4-0.1 -> 4.3 | F22: 1.5 | G22: 1.9 | H22: 7.8 | I22: 5.2 | J22: 3.7 | K22: 3.9 | L22: 9.1 | M22: 6.9 | N22: 3 | O22: 5.8 | P22: 3.9 | Q22: 8.2 | R22: 0.7 | S22: 4.6 | T22: 4.4 | U22: 5.7 | V22: 4.7 | W22: =3.8-0.4 -> 3.4 | X22: =7.2-0.3+1.2-0.8 -> 7.3 | Y22: =5.1 -> 5.1 | Z22: =5.3 -> 5.3 | AA22: =5.8-1.8 -> 4 | AB22: 2.6 | AC22: 3.2 | AD22: 6.3 | AE22: 3.5 | AF22: 8 | AG22: 9.5 | AH22: 6.2 | AI22: =5.2-1 -> 4.2 | AJ22: 5.3 | AK22: 9.7 | AL22: 13.9 | AM22: =10.1-1.4 -> 8.7 | AN22: =9.3 -> 9.3 | AO22: =11.5 -> 11.5 | AP22: 12.4 | AQ22: 5.6 | AR22: 6.9 | AS22: 6.7 | AT22: 13.8 | AU22: 10.6 | AV22: 8.5 | AW22: 7.5 | AX22: 17.8 | AY22: 8 | AZ22: 11.8 | BA22: 7.7 | BB22: 13.4 | BC22: 6.7 | BD22: 8.5 | BE22: 10.1 | BF22: 14.9
A23: Total fees and comission income | B23: Razem przychody z tytułu prowizji | C23: =SUM(C6:C22) -> 239 | D23: =SUM(D6:D22) -> 248.5 | E23: =SUM(E6:E22) -> 251.8 | F23: =SUM(F6:F22) -> 241.5 | G23: =SUM(G6:G22) -> 228.8 | H23: =SUM(H6:H22) -> 235.7 | I23: =SUM(I6:I22) -> 244.7 | J23: =SUM(J6:J22) -> 268.5 | ... AP23: =SUM(AP6:AP22) -> 320.2 | AQ23: =SUM(AQ6:AQ8,AQ11:AQ22) -> 323.2 | AR23: =SUM(AR6:AR8,AR11:AR22) -> 327.5 | AS23: =SUM(AS6:AS8,AS11:AS22) -> 343.3 | AT23: =SUM(AT6:AT8,AT11:AT22) -> 349 | AU23: =SUM(AU6:AU8,AU11:AU22) -> 350.8 | AV23: =SUM(AV6:AV8,AV11:AV22) -> 381.5 | AW23: =SUM(AW6:AW8,AW11:AW22) -> 355.4 | AX23: =SUM(AX6:AX8,AX11:AX22) -> 372.6 | ... BF23: =SUM(BF6:BF8,BF11:BF22) -> 487.79
A25: Fees and commission expenses | B25: Koszty prowizji | C25: =16.7-1 -> 15.7 | D25: =15.2-1 -> 14.2 | E25: =21.1-1 -> 20.1 | F25: =29-1 -> 28 | G25: =22.1-1.2 -> 20.9 | H25: =19.9-1.2 -> 18.7 | I25: =16.4-1.2 -> 15.2 | J25: =29.6-1.2 -> 28.4 | K25: =22.1-4.1-0.1 -> 17.9 | L25: =25.4-4.1-0.7 -> 20.6 | M25: =25-4.1 -> 20.9 | N25: =48.2-4.1-0.2 -> 43.9 | O25: =35.6-3.9-0.1 -> 31.6 | P25: =30.7-3.9-0.1 -> 26.7 | Q25: =31.6-3.9-0.3-0.1 -> 27.3 | R25: =31.9-3.9-0.2-0.2 -> 27.6 | S25: =34.5-9.1-0.1-0.2 -> 25.1 | T25: =37.3-9.1-0.5-0.2 -> 27.5 | U25: =36.3-9.1-0.3-0.2 -> 26.7 | V25: =40.8-9.1-0.7-0.2 -> 30.8 | W25: =33.7-11-0.4-0.3-0.3 -> 21.7 | X25: =35-11-0.4-0.4-0.3 -> 22.9 | Y25: =32.6-11-0.4-0.4-0.3 -> 20.5 | Z25: =36.9-11-1.6-0.3 -> 24 | AA25: =31.5-11.3-0.3-0.1-0.3 -> 19.5 | AB25: =33.8-11.4-0.2-0.1-0.3 -> 21.8 | AC25: =33.6-11.3-0.3-1-0.3 -> 20.7 | AD25: =38.7-11.3-0.5-1.8-0.3 -> 24.8 | AE25: =21.6-0.9-0.3 -> 20.4 | AF25: =26.2-0.2-0.3 -> 25.7 | AG25: =28.1-0.6-0.3 -> 27.2 | AH25: =31.1-0.3 -> 30.8 | AI25: =27-0.3-1 -> 25.7 | AJ25: =27.8-0.3 -> 27.5 | AK25: =30.9-0.3 -> 30.6 | AL25: =31.8-0.3 -> 31.5 | AM25: =31.7-0.3-1.4 -> 30 | AN25: =36.6-0.3 -> 36.3 | AO25: =33.8-0.3 -> 33.5 | AP25: 36.7 | AQ25: 32.4 | AR25: 34.4 | AS25: 33.4 | AT25: 46.8 | AU25: 32.7 | AV25: 41.9 | AW25: 38.9 | AX25: 41.9 | AY25: 40.4 | AZ25: 43.9 | BA25: 44.9 | BB25: 49.7 | BC25: 45.6 | BD25: 47.6 | BE25: 51.4 | BF25: 56.09
A27: Net commission income | B27: Wynik z tytułu prowizji | C27: =C23-C25 -> 223.3 | D27: =D23-D25 -> 234.3 | E27: =E23-E25 -> 231.7 | F27: =F23-F25 -> 213.5 | G27: =G23-G25 -> 207.9 | H27: =H23-H25 -> 217 | I27: =I23-I25 -> 229.5 | J27: =J23-J25 -> 240.1 | ... BF27: =BF23-BF25 -> 431.7

Sheet Pozost. przychody_Other income
A1: Comparable data pro-forma | B1: Dane porównywalne pro-forma
A2: Net income - other | B2: Wynik - pozostałe | C2: 2007 | G2: 2008 | K2: 2009 | O2: 2010 | S2: 2011 | W2: 2012 | AA2: 2013 | AE2: 2014 | AI2: 2015 | AM2: 2016 | AQ2: 2017 | AU2: 2018 | AY2: 2019 | BC2: 2020
C3: 1Q | D3: 2Q | E3: 3Q | F3: 4Q | G3: 1Q | H3: 2Q | I3: 3Q | J3: 4Q | K3: 1Q | L3: 2Q | M3: 3Q | N3: 4Q | O3: 1Q | P3: 2Q | Q3: 3Q | R3: 4Q | S3: 1Q | T3: 2Q | U3: 3Q | V3: 4Q | W3: 1Q | X3: 2Q | Y3: 3Q | Z3: 4Q | AA3: 1Q | AB3: 2Q | AC3: 3Q | AD3: 4Q | AE3: 1Q | AF3: 2Q | AG3: 3Q | AH3: 4Q | AI3: 1Q | AJ3: 2Q | AK3: 3Q | AL3: 4Q | AM3: 1Q | AN3: 2Q | AO3: 3Q | AP3: 4Q | AQ3: 1Q | AR3: 2Q | AS3: 3Q | AT3: 4Q | AU3: 1Q | AV3: 2Q | AW3: 3Q | AX3: 4Q | AY3: 1Q | AZ3: 2Q | BA3: 3Q | BB3: 4Q | BC3: 1Q | BD3: 2Q | BE3: 3Q | BF3: 4Q
A4: (PLN million) | B4: (w mln zł)
A5: FX result and net income on currency derivatives, including: | B5: Wynik z pozycji wymiany oraz wynik na pochodnych transakcjach walutowych, w tym: | C5: =C6+C7 -> 30.1 | D5: =D6+D7 -> 40.4 | E5: =E6+E7 -> 42.4 | F5: =F6+F7 -> 49.7 | G5: =G6+G7 -> 37.8 | H5: =H6+H7 -> 91.4 | I5: =I6+I7 -> 17 | J5: =J6+J7 -> 84.2 | ... BF5: =BF6+BF7 -> 8.4
A6: - FX result | B6: - Wynik z pozycji wymiany | C6: -2.3 | D6: 27.3 | E6: -148.2 | F6: -218.9 | G6: -160.2 | H6: 180.3 | I6: 474.8 | J6: -543.8 | K6: -2835.6 | L6: 686.1 | M6: 477.8 | N6: 296.3 | O6: 235.9 | P6: -183.2 | Q6: 161 | R6: 204 | S6: 184.3 | T6: -102.3 | U6: 112.4 | V6: -46.2 | W6: 135.7 | X6: 222.5 | Y6: 58.2 | Z6: -18.4 | AA6: 91.4 | AB6: =-41.9+10.3 -> -31.6 | AC6: =-44.9-5.1 -> -50 | AD6: -22.4 | AE6: 9.1 | AF6: -38.7 | AG6: 57.9 | AH6: -10.6 | AI6: 19.4 | AJ6: -1.9 | AK6: 16.1 | AL6: 53.9 | AM6: -94 | AN6: -44.1 | AO6: 68.4 | AP6: 99.4 | AQ6: -41.8 | AR6: 38.8 | AS6: 4.5 | AT6: 56.4 | AU6: 19.1 | AV6: 84.9 | AW6: 22.9 | AX6: -12.3 | AY6: -29.8 | AZ6: 7.2 | BA6: 101.7 | BB6: -10.7 | BC6: -6.7 | BD6: 142.5 | BE6: 4.1 | BF6: -86.9
A7: - Currency derivatives | B7: - Transakcje pochodne walutowe | C7: 32.4 | D7: 13.1 | E7: 190.6 | F7: 268.6 | G7: 198 | H7: -88.9 | I7: -457.8 | J7: 628 | K7: 2777.4 | L7: -732.5 | M7: -495.8 | N7: -357.2 | O7: -241.7 | P7: 179.2 | Q7: -150.8 | R7: -210.1 | S7: -167.3 | T7: 98.6 | U7: -143 | V7: 50.2 | W7: -101 | X7: -213.9 | Y7: -53.4 | Z7: 12.2 | AA7: -78.5 | AB7: 37.8 | AC7: 63.9 | AD7: 29.9 | AE7: 5.9 | AF7: 56.5 | AG7: -39.5 | AH7: 18.8 | AI7: -15.6 | AJ7: 17.4 | AK7: -1.5 | AL7: -41.9 | AM7: 108.2 | AN7: 45.8 | AO7: -57.3 | AP7: -88.8 | AQ7: 65.6 | AR7: -21.3 | AS7: 17.1 | AT7: -40.4 | AU7: -10.8 | AV7: -77.2 | AW7: -14.5 | AX7: 23.6 | AY7: 44.9 | AZ7: 5.7 | BA7: -88.8 | BB7: 16.2 | BC7: 30.3 | BD7: -127.6 | BE7: 10.1 | BF7: 95.3
A8: Net income on interest rate derivatives | B8: Wynik na transakcjach pochodnych na stopę procentową | C8: 8.6 | D8: 4.7 | E8: -15.9 | F8: -48.7 | G8: -27.8 | H8: 62.6 | I8: -35.9 | J8: -279.8 | K8: 38.3 | L8: 94.2 | M8: 21.7 | N8: 57.1 | O8: -2.5 | P8: 19.7 | Q8: 10.5 | R8: 2.7 | S8: 0 | T8: 9.7 | U8: 17.2 | V8: -27 | W8: 6.3 | X8: 1.2 | Y8: 13.2 | Z8: 6.3 | AA8: =-2.9-1 -> -3.9 | AB8: =16-5.2 -> 10.8 | AC8: =15.9-16.2 -> -0.3 | AD8: -1.5 | AE8: =9.6-0.4 -> 9.2 | AF8: 3.2 | AG8: 3.5 | AH8: 12.3 | AI8: 10.5 | AJ8: 10.9 | AK8: 8 | AL8: 4.6 | AM8: 2.7 | AN8: -2.7 | AO8: -1 | AP8: -4.4 | AQ8: 3.2 | AR8: -1.8 | AS8: -0.4 | AT8: 2.4 | AU8: 1.4 | AV8: 14.1 | AW8: 15.6 | AX8: 5 | AY8: 10.9 | AZ8: 1.5 | BA8: 10.2 | BB8: 16.8 | BC8: -33 | BD8: 20.6 | BE8: 6.3 | BF8: 11.6
A9: Net income on debt instruments | B9: Wynik na instrumentach dłużnych | C9: 8 | D9: -46.4 | E9: 5.7 | F9: -16.4 | G9: 39.5 | H9: -79.6 | I9: 71.5 | J9: -113.9 | K9: -5.5 | L9: -8 | M9: 51.2 | N9: 20.6 | O9: 35.2 | P9: 7.3 | Q9: 3.3 | R9: 4.2 | S9: 8.9 | T9: 5 | U9: 4.4 | V9: 10.8 | W9: 11.6 | X9: 3.1 | Y9: 0.4 | Z9: -0.2 | AA9: 6.4 | AB9: 11.4 | AC9: 5.9 | AD9: 3.4 | AE9: 0.1 | AF9: 1.5 | AG9: 1.4 | AH9: 2.5 | AI9: 0.8 | AJ9: 1.1 | AK9: -3.1 | AL9: 6.3 | AM9: 6.1 | AN9: 6.1 | AO9: 6.3 | AP9: 6.5 | AQ9: 9.7 | AR9: 11.9 | AS9: 10.1 | AT9: 4.8 | AU9: 8.3 | AV9: 2.5 | AW9: 3.1 | AX9: 5.1 | AY9: 5.4 | AZ9: 10.7 | BA9: 3.4 | BB9: 2.9 | BC9: 23.1 | BD9: 8.8 | BE9: 4.2 | BF9: 0.7
A10: Net income on securities derivatives | B10: Wynik na transakcjach pochodnych związanych z papierami wartościowymi | C10: -9 | D10: 14.3 | E10: 3.5 | F10: 8.6 | G10: 14.3 | H10: 5.9 | I10: 8.7 | J10: 3.1 | K10: 3.8 | L10: 1.2 | M10: -1 | N10: 4 | O10: 1.8 | P10: 1.5 | Q10: -0.1 | R10: 2 | S10: 2.2 | T10: 1.1 | U10: 4.4 | V10: -0.2 | W10: 0.5 | X10: 0.6 | Y10: 0.5 | Z10: 0.7 | AA10: 0.7 | AB10: 0.7 | AC10: 0.7 | AD10: 0.7 | AE10: 0.6 | AF10: 0.3 | AG10: 0.3 | AH10: 0.1 | AI10: 0.1 | AJ10: 0 | AK10: 0 | AL10: 0 | AM10: 0 | AN10: 0 | AO10: 0 | AP10: 0 | AQ10: 0 | AR10: 0 | AS10: 0 | AT10: 0 | AU10: 0 | AV10: 0 | AW10: 0 | AX10: 0 | AY10: 0 | AZ10: 0 | BA10: 0 | BB10: 0 | BC10: 0 | BD10: 0 | BE10: 0 | BF10: 0
A11: Net income on equity instruments | B11: Wynik na instrumentach kapitałowych | C11: -0.7 | D11: 2.1 | E11: 0.2 | F11: -4.6 | G11: -9.2 | H11: -1.3 | I11: -1.8 | J11: -6.7 | K11: -0.7 | L11: 2.8 | M11: 4.9 | N11: -0.5 | O11: 0 | P11: -0.3 | Q11: 1.9 | R11: 0 | S11: -1 | T11: -0.2 | U11: -3.5 | V11: 0.6 | W11: 0 | X11: 0 | Y11: 0 | Z11: 0 | AA11: 0 | AB11: 0 | AC11: 0 | AD11: 0 | AE11: 0 | AF11: 0 | AG11: 0 | AH11: 0 | AI11: 0 | AJ11: 0 | AK11: 0 | AL11: 0 | AM11: 0 | AN11: 0 | AO11: 0 | AP11: 0 | AQ11: 0 | AR11: 0 | AS11: 0 | AT11: 0 | AU11: 0 | AV11: 0 | AW11: 0 | AX11: 0 | AY11: 0 | AZ11: 0 | BA11: 0 | BB11: 0 | BC11: 0 | BD11: 0 | BE11: 0 | BF11: 0
A12: Result on measurement of loans to customers which are measured at fair value through profit or loss | B12: Wynik z tytułu wyceny kredytów i innych należności udzielonych klientom wycenianych do wartości godziwej przez rachunek zysków i strat | C12: - | D12: - | E12: - | F12: - | G12: - | H12: - | I12: - | J12: - | K12: - | L12: - | M12: - | N12: - | O12: - | P12: - | Q12: - | R12: - | S12: - | T12: - | U12: - | V12: - | W12: - | X12: - | Y12: - | Z12: - | AA12: - | AB12: - | AC12: - | AD12: - | AE12: - | AF12: - | AG12: - | AH12: - | AI12: - | AJ12: - | AK12: - | AL12: - | AM12: - | AN12: - | AO12: - | AP12: - | AQ12: - | AR12: - | AS12: - | AT12: - | AU12: 0 | AV12: 0.1 | AW12: 0 | AX12: 0 | AY12: 0 | AZ12: 0 | BA12: 0.1 | BB12: 0 | BC12: 0.2 | BD12: 0 | BE12: -0.3 | BF12: 0.2
A13: Net income on financial assets and liabilities measured at fair value upon initial recognition, of which: | B13: Wynik z tytułu aktywów i zobowiązań finansowych wycenianych wg wartości godziwej przy początkowym ujęciu, w tym: | C13: =C14+C15 -> 0.8 | D13: =D14+D15 -> 2.3 | E13: =E14+E15 -> 0.4 | F13: =F14+F15 -> 2.9 | G13: =G14+G15 -> 17.9 | H13: =H14+H15 -> -14.2 | I13: =I14+I15 -> -6.1 | J13: =J14+J15 -> 5.2 | ... AC13: =AC14+AC15 -> 0 | AD13: 0 | AE13: 0 | AF13: 0 | AG13: 0 | AH13: 0 | AI13: 0 | AJ13: 0 | AK13: 0 | AL13: 0 | AM13: 0 | AN13: 0 | AO13: 0 | AP13: 0 | AQ13: =+AQ14+AQ15 -> 0 | AR13: =+AR14+AR15 -> 0 | AS13: =+AS14+AS15 -> 0 | AT13: =+AT14+AT15 -> 0 | AU13: - | AV13: - | AW13: - | AX13: - | AY13: - | AZ13: - | BA13: - | BB13: - | BC13: - | BD13: - | BE13: - | BF13: -
A14: - Net income on debt instruments | B14: - Wynik na instrumentach dłużnych | C14: 0.8 | D14: 2.3 | E14: 0.4 | F14: 2.9 | G14: -0.1 | H14: -1.9 | I14: 1.8 | J14: 0.8 | K14: 0.4 | L14: -0.2 | M14: 0 | N14: -0.8 | O14: -0.2 | P14: -1.4 | Q14: -1.4 | R14: -1 | S14: -0.3 | T14: -0.5 | U14: 0 | V14: 0 | W14: 0.6 | X14: -1.2 | Y14: 0 | Z14: 0 | AA14: 0 | AB14: 0 | AC14: 0 | AD14: 0 | AE14: 0 | AF14: 0 | AG14: 0 | AH14: 0 | AI14: 0 | AJ14: 0 | AK14: 0 | AL14: 0 | AM14: 0 | AN14: 0 | AO14: 0 | AP14: 0 | AQ14: 0 | AR14: 0 | AS14: 0 | AT14: 0 | AU14: - | AV14: - | AW14: - | AX14: - | AY14: - | AZ14: - | BA14: - | BB14: - | BC14: - | BD14: - | BE14: - | BF14: -
A15: - Net income on the measurement of the deposits designated to be measured at their fair value | B15: - Wynik na wycenie lokat desygnowanych do wyceny według wartości godziwej | C15: 0 | D15: 0 | E15: 0 | F15: 0 | G15: 18 | H15: -12.3 | I15: -7.9 | J15: =2.3+2.1 -> 4.4 | K15: -2.1 | L15: 0 | M15: 0 | N15: 0 | O15: 0 | P15: 0 | Q15: 0 | R15: 0 | S15: 0 | T15: 0 | U15: 0 | V15: 0 | W15: 0 | X15: 0 | Y15: 0 | Z15: 0 | AA15: 0 | AB15: 0 | AC15: 0 | AD15: 0 | AE15: 0 | AF15: 0 | AG15: 0 | AH15: 0 | AI15: 0 | AJ15: 0 | AK15: 0 | AL15: 0 | AM15: 0 | AN15: 0 | AO15: 0 | AP15: 0 | AQ15: 0 | AR15: 0 | AS15: 0 | AT15: 0 | AU15: - | AV15: - | AW15: - | AX15: - | AY15: - | AZ15: - | BA15: - | BB15: - | BC15: - | BD15: - | BE15: - | BF15: -
A17: Net income on financial instruments measured at fair value through profit or loss and FX result | B17: Wynik na instrumentach finansowych wycenianych przez rachunek zysków i strat oraz wynik z pozycji wymiany | C17: =C5+C8+C9+C10+C11+C13 -> 37.8 | D17: =D5+D8+D9+D10+D11+D13 -> 17.4 | E17: =E5+E8+E9+E10+E11+E13 -> 36.3 | F17: =F5+F8+F9+F10+F11+F13 -> -8.5 | G17: =G5+G8+G9+G10+G11+G13 -> 72.5 | H17: =H5+H8+H9+H10+H11+H13 -> 64.8 | I17: =I5+I8+I9+I10+I11+I13 -> 53.4 | J17: =J5+J8+J9+J10+J11+J13 -> -307.9 | ... AT17: =AT5+AT8+AT9+AT10+AT11+AT13 -> 23.2 | AU17: =AU5+AU8+AU9+AU10+AU11+AU12 -> 18 | AV17: =AV5+AV8+AV9+AV10+AV11+AV12 -> 24.4 | AW17: =AW5+AW8+AW9+AW10+AW11+AW12 -> 27.1 | AX17: =AX5+AX8+AX9+AX10+AX11+AX12 -> 21.4 | AY17: =AY5+AY8+AY9+AY10+AY11+AY12 -> 31.4 | AZ17: =AZ5+AZ8+AZ9+AZ10+AZ11+AZ12 -> 25.1 | BA17: =BA5+BA8+BA9+BA10+BA11+BA12 -> 26.6 | BB17: =BB5+BB8+BB9+BB10+BB11+BB12 -> 25.2 | ... BF17: =BF5+BF8+BF9+BF10+BF11+BF12 -> 20.9
A19: Net income on the sale of securities measured at amortised cost | B19: Wynik na sprzedaży papierów wartościowych wycenianych wg zamortyzowanego kosztu | C19: - | D19: - | E19: - | F19: - | G19: - | H19: - | I19: - | J19: - | K19: - | L19: - | M19: - | N19: - | O19: - | P19: - | Q19: - | R19: - | S19: - | T19: - | U19: - | V19: - | W19: - | X19: - | Y19: - | Z19: - | AA19: - | AB19: - | AC19: - | AD19: - | AE19: - | AF19: - | AG19: - | AH19: - | AI19: - | AJ19: - | AK19: - | AL19: - | AM19: - | AN19: - | AO19: - | AP19: - | AQ19: - | AR19: - | AS19: - | AT19: - | AU19: 1.1 | AV19: -0.1 | AW19: 0 | AX19: 0 | AY19: 0 | AZ19: 0 | BA19: 0 | BB19: 0 | BC19: 7.3 | BD19: 0 | BE19: 0 | BF19: 0
A20: Net income on the sale of securities measured at fair value through other comprehensive income | B20: Wynik na sprzedaży papierów wartościowych wycenianych w wartości godziwej przez inne całkowite dochody | C20: - | D20: - | E20: - | F20: - | G20: - | H20: - | I20: - | J20: - | K20: - | L20: - | M20: - | N20: - | O20: - | P20: - | Q20: - | R20: - | S20: - | T20: - | U20: - | V20: - | W20: - | X20: - | Y20: - | Z20: - | AA20: - | AB20: - | AC20: - | AD20: - | AE20: - | AF20: - | AG20: - | AH20: - | AI20: - | AJ20: - | AK20: - | AL20: - | AM20: - | AN20: - | AO20: - | AP20: - | AQ20: - | AR20: - | AS20: - | AT20: - | AU20: 32.2 | AV20: 12 | AW20: 0 | AX20: 3.8 | AY20: 15.8 | AZ20: 9.4 | BA20: 3.6 | BB20: 0.5 | BC20: 1.8 | BD20: 10.4 | BE20: 5.4 | BF20: 5.1
A21: Net income on equity instruments available-for-sale | B21: Wynik na instrumentach kapitałowych dostępnych do sprzedaży | C21: 14.6 | D21: 0 | E21: 0 | F21: 0 | G21: 0.1 | H21: 25.4 | I21: 0 | J21: 2.6 | K21: 0 | L21: 4.1 | M21: 0.1 | N21: -0.1 | O21: 0 | P21: 0 | Q21: 0.2 | R21: 0 | S21: 0 | T21: 0 | U21: 0 | V21: 1.4 | W21: 6.8 | X21: =S21+T21 -> 0 | Y21: 0 | Z21: 0 | AA21: 0 | AB21: 0 | AC21: 0 | AD21: 0.5 | AE21: 0 | AF21: 0 | AG21: 1.2 | AH21: 5.3 | AI21: 0 | AJ21: 0 | AK21: 23.1 | AL21: 0 | AM21: 0 | AN21: 189.6 | AO21: 0 | AP21: 0 | AQ21: 0 | AR21: 11.9 | AS21: 0.4 | AT21: 0 | AU21: - | AV21: - | AW21: - | AX21: - | AY21: - | AZ21: - | BA21: - | BB21: - | BC21: - | BD21: - | BE21: - | BF21: -
A22: Net income on debt instruments available-for-sale | B22: Wynik na instrumentach dłużnych dostępnych do sprzedaży | C22: 2.3 | D22: 4.7 | E22: 0.6 | F22: 0 | G22: 0 | H22: -3.7 | I22: -0.7 | J22: 0 | K22: 0.3 | L22: 0.2 | M22: 5.2 | N22: -10.7 | O22: 3.8 | P22: -0.5 | Q22: -0.4 | R22: -5.7 | S22: 18.2 | T22: -0.2 | U22: 7.4 | V22: 4.3 | W22: 12.3 | X22: 2.5 | Y22: 0 | Z22: 3.7 | AA22: =120.3-20.9 -> 99.4 | AB22: =-3.7+6.8 -> 3.1 | AC22: =-11.7+3 -> -8.7 | AD22: 0 | AE22: =0.1+0.2 -> 0.3 | AF22: 4.9 | AG22: 0 | AH22: 0.1 | AI22: 50.9 | AJ22: 3.1 | AK22: 0 | AL22: 0.3 | AM22: 28.7 | AN22: 1.6 | AO22: 3.9 | AP22: 2.9 | AQ22: 10.1 | AR22: 14.7 | AS22: 3.2 | AT22: 0 | AU22: - | AV22: - | AW22: - | AX22: - | AY22: - | AZ22: - | BA22: - | BB22: - | BC22: - | BD22: - | BE22: - | BF22: -
A23: Dividend income | B23: Przychody z tytułu dywidend | C23: 0 | D23: 1.4 | E23: 1.3 | F23: 0.1 | G23: 0 | H23: 2.4 | I23: 0.4 | J23: 4.3 | K23: 0 | L23: 4 | M23: 0.1 | N23: 0.1 | O23: =0.3-0.1 -> 0.2 | P23: 3.5 | Q23: 1 | R23: 0.1 | S23: 0 | T23: 4.4 | U23: 0.3 | V23: 0.2 | W23: 0 | X23: 4.1 | Y23: 0 | Z23: 0 | AA23: 0 | AB23: 3.4 | AC23: 0 | AD23: 0 | AE23: 0 | AF23: 0 | AG23: 4 | AH23: 0 | AI23: 0 | AJ23: 87.5 | AK23: 0.1 | AL23: 0 | AM23: 0 | AN23: 5.4 | AO23: 0.1 | AP23: 0.1 | AQ23: 0.1 | AR23: 6.2 | AS23: 0 | AT23: 0 | AU23: 0 | AV23: 6.3 | AW23: 0 | AX23: 0 | AY23: 0 | AZ23: 7 | BA23: 0 | BB23: 0 | BC23: 0 | BD23: 8.4 | BE23: 0 | BF23: 0
A24: Impairment losses | B24: Odpisy z tytułu trwałej utraty wartości | C24: 0 | D24: 0 | E24: 0 | F24: 0 | G24: 0 | H24: 0 | I24: 0 | J24: 0 | K24: 0 | L24: 0 | M24: 0 | N24: 0 | O24: 0 | P24: 0 | Q24: 0 | R24: 0 | S24: 0 | T24: 0 | U24: 0 | V24: 0 | W24: 0 | X24: 0 | Y24: -0.9 | Z24: -3.9 | AA24: 0.1 | AB24: 0 | AC24: 0 | AD24: -0.1 | AE24: 0 | AF24: 0 | AG24: 0 | AH24: 0 | AI24: 0 | AJ24: 0 | AK24: 0 | AL24: 0 | AM24: 0 | AN24: 0 | AO24: 0 | AP24: 0 | AQ24: 0 | AR24: 0 | AS24: 0 | AT24: 0 | AU24: - | AV24: - | AW24: - | AX24: - | AY24: - | AZ24: - | BA24: - | BB24: - | BC24: - | BD24: - | BE24: - | BF24: -
A25: Other | B25: Pozostałe | C25: 0 | D25: 0 | E25: 0 | F25: 0 | G25: 0 | H25: 0 | I25: 0 | J25: 0 | K25: 0 | L25: 0 | M25: 0 | N25: 0 | O25: 0 | P25: 0 | Q25: 0 | R25: 0 | S25: 0 | T25: 2 | U25: 0 | V25: 0 | W25: 0 | X25: 0 | Y25: 0 | Z25: 0 | AA25: 0 | AB25: 0 | AC25: 0 | AD25: 0 | AE25: 0 | AF25: 0 | AG25: 0 | AH25: 0 | AI25: 0 | AJ25: 0 | AK25: 0 | AL25: 0 | AM25: 0 | AN25: 0 | AO25: 0 | AP25: 0 | AQ25: 0 | AR25: 0 | AS25: 0 | AT25: 0 | AU25: - | AV25: - | AW25: - | AX25: - | AY25: - | AZ25: - | BA25: - | BB25: - | BC25: - | BD25: - | BE25: - | BF25: -
A26: Net income on investments | B26: Wynik na inwestycjach | C26: =SUM(C21:C25) -> 16.9 | D26: =SUM(D21:D25) -> 6.1 | E26: =SUM(E21:E25) -> 1.9 | F26: =SUM(F21:F25) -> 0.1 | G26: =SUM(G21:G25) -> 0.1 | H26: =SUM(H21:H25) -> 24.1 | I26: =SUM(I21:I25) -> -0.3 | J26: =SUM(J21:J25) -> 6.9 | ... AT26: =SUM(AT21:AT25) -> 0 | AU26: =SUM(AU19:AU25) -> 33.3 | AV26: =SUM(AV19:AV25) -> 18.2 | AW26: =SUM(AW19:AW25) -> 0 | AX26: =SUM(AX19:AX25) -> 3.8 | AY26: =SUM(AY19:AY25) -> 15.8 | AZ26: =SUM(AZ19:AZ25) -> 16.4 | BA26: =SUM(BA19:BA25) -> 3.6 | BB26: =SUM(BB19:BB25) -> 0.5 | ... BF26: =SUM(BF19:BF25) -> 5.1
A28: Fair value hedge accounting for securities | B28: Rachunkowość zabezpieczeń wartości godziwej papierów wartościowych | C28: =C29+C30 -> 0 | D28: =D29+D30 -> -0.2 | E28: =E29+E30 -> 1.6 | F28: =F29+F30 -> -0.6 | G28: =G29+G30 -> 0.7 | H28: =H29+H30 -> -0.7 | I28: =I29+I30 -> 2.5 | J28: =J29+J30 -> 2.1 | ... BF28: =BF29+BF30 -> -3
A29: - valuation of the hedged transaction | B29: - wycena transakcji zabezpieczanej | C29: 0 | D29: -1.2 | E29: 1 | F29: -5.1 | G29: 3.8 | H29: 71.3 | I29: -16.3 | J29: 268.2 | K29: -24.6 | L29: -112.4 | M29: 61.1 | N29: -66.4 | O29: 133.1 | P29: 129.2 | Q29: 76.1 | R29: -224.1 | S29: -128.7 | T29: 76.3 | U29: 205.9 | V29: 20.4 | W29: 33.8 | X29: 57.8 | Y29: 70.1 | Z29: 42.2 | AA29: =-66.6+20.9 -> -45.7 | AB29: =-123.2-6.8 -> -130 | AC29: =-1.1-3 -> -4.1 | AD29: -13.4 | AE29: =53.6-0.2 -> 53.4 | AF29: 93.7 | AG29: 65.4 | AH29: 22 | AI29: 1.3 | AJ29: -112.8 | AK29: 22.2 | AL29: -23.9 | AM29: 46.3 | AN29: -15.1 | AO29: -82.1 | AP29: -225.8 | AQ29: -25.9 | AR29: -19 | AS29: -25.6 | AT29: -28.7 | AU29: 53.3 | AV29: -14.9 | AW29: -21.7 | AX29: 112.8 | AY29: 30.2 | AZ29: 21.6 | BA29: 50.3 | BB29: -67.8 | BC29: 314.6 | BD29: 108.6 | BE29: -25.2 | BF29: -81.3
A30: - valuation of the hedging transaction | B30: - wycena transakcji zabezpieczającej | C30: 0 | D30: 1 | E30: 0.6 | F30: 4.5 | G30: -3.1 | H30: -72 | I30: 18.8 | J30: -266.1 | K30: 42.6 | L30: 118.2 | M30: -67.9 | N30: 69.7 | O30: -140.1 | P30: -144.5 | Q30: -84 | R30: 242.1 | S30: 112.8 | T30: -81.9 | U30: -227.8 | V30: -12.7 | W30: -31.4 | X30: -63.4 | Y30: -72.2 | Z30: -46.4 | AA30: =46.9+1 -> 47.9 | AB30: =134.9+5.2 -> 140.1 | AC30: =3.9+16.2 -> 20.1 | AD30: 17.5 | AE30: =-54.1+0.4 -> -53.7 | AF30: -89.8 | AG30: -58.5 | AH30: -23.9 | AI30: 10.1 | AJ30: 115.9 | AK30: -19.3 | AL30: 28.3 | AM30: -48.9 | AN30: 15.7 | AO30: 83 | AP30: 225.2 | AQ30: 27.5 | AR30: 27 | AS30: 28.5 | AT30: 33.2 | AU30: -51 | AV30: 17.7 | AW30: 21.7 | AX30: -107 | AY30: -27.9 | AZ30: -18.5 | BA30: -49.2 | BB30: 69.5 | BC30: -285 | BD30: -101.6 | BE30: 11.5 | BF30: 78.3
A31: Cash flow hedge accounting | B31: Rachunkowość zabezpieczeń przepływów pieniężnych | C31: =C32 -> 0 | D31: =D32 -> 0 | E31: =E32 -> 0 | F31: =F32 -> 0 | G31: =G32 -> 0 | H31: =H32 -> 0 | I31: =I32 -> 0.2 | J31: =J32 -> -0.2 | ... W31: =W32 -> -0.7 | X31: =SUM(X32) -> 0.4 | Y31: =SUM(Y32) -> -3.4 | Z31: =SUM(Z32) -> -0.1 | AA31: =SUM(AA32) -> 0.7 | AB31: =SUM(AB32) -> -0.2 | AC31: =SUM(AC32) -> -0.5 | AD31: =SUM(AD32) -> -0.4 | AE31: =SUM(AE32) -> 1.1 | ... AG31: =SUM(AG32) -> 0.3 | AH31: -0.2 | AI31: 0 | AJ31: =SUM(AJ32) -> 0.2 | AK31: =SUM(AK32) -> -0.3 | AL31: =SUM(AL32) -> 1.2 | AM31: 0 | AN31: -0.1 | AO31: -0.7 | AP31: -0.1 | AQ31: =AQ32 -> 0.4 | AR31: =AR32 -> 0.3 | AS31: =AS32 -> -1.6 | AT31: =AT32 -> -0.8 | AU31: =AU32 -> -0.1 | AV31: =AV32 -> -0.8 | AW31: =AW32 -> -0.7 | AX31: =AX32 -> -1.4 | ... BF31: =BF32 -> 0
A32: - ineffectiveness that arises from cash flow hedges | B32: - nieefektywność wynikająca z zabezpieczeń przepływów pieniężnych | C32: 0 | D32: 0 | E32: 0 | F32: 0 | G32: 0 | H32: 0 | I32: 0.2 | J32: -0.2 | K32: -0.1 | L32: 0.2 | M32: 0.1 | N32: -0.4 | O32: 0.1 | P32: 0 | Q32: 0 | R32: 0 | S32: -0.4 | T32: 2.4 | U32: -1.7 | V32: 2 | W32: -0.7 | X32: 0.4 | Y32: -3.4 | Z32: -0.1 | AA32: 0.7 | AB32: -0.2 | AC32: -0.5 | AD32: -0.4 | AE32: 1.1 | AF32: -0.9 | AG32: 0.3 | AH32: -0.2 | AI32: 0 | AJ32: 0.2 | AK32: -0.3 | AL32: 1.2 | AM32: 0 | AN32: -0.1 | AO32: -0.7 | AP32: -0.1 | AQ32: 0.4 | AR32: 0.3 | AS32: -1.6 | AT32: -0.8 | AU32: -0.1 | AV32: -0.8 | AW32: -0.7 | AX32: -1.4 | AY32: -3.5 | AZ32: -4 | BA32: -7.8 | BB32: -7.2 | BC32: -5.9 | BD32: -2.1 | BE32: -0.4 | BF32: 0
A33: Net income on hedge accounting | B33: Wynik na rachunkowości zabezpieczeń | C33: =C28+C31 -> 0 | D33: =D28+D31 -> -0.2 | E33: =E28+E31 -> 1.6 | F33: =F28+F31 -> -0.6 | G33: =G28+G31 -> 0.7 | H33: =H28+H31 -> -0.7 | I33: =I28+I31 -> 2.7 | J33: =J28+J31 -> 1.9 | ... AP33: =AP28+AP31 -> -0.7 | AQ33: =+AQ28+AQ31 -> 2 | AR33: =+AR28+AR31 -> 8.3 | AS33: =+AS28+AS31 -> 1.3 | AT33: =+AT28+AT31 -> 3.7 | AU33: =+AU28+AU31 -> 2.2 | AV33: =+AV28+AV31 -> 2 | AW33: =+AW28+AW31 -> -0.7 | AX33: =+AX28+AX31 -> 4.4 | ... BF33: =+BF28+BF31 -> -3

Sheet Koszty działania_Operating cost
A1: Comparable data pro-forma | B1: Dane porównywalne pro-forma
A2: Operating costs | B2: Koszty działania | C2: 2007 | G2: 2008 | K2: 2009 | O2: 2010 | S2: 2011 | W2: 2012 | AA2: 2013 | AE2: 2014 | AI2: 2015 | AM2: 2016 | AQ2: 2017 | AU2: 2018 | AY2: 2019 | BC2: 2020
C3: 1Q | D3: 2Q | E3: 3Q | F3: 4Q | G3: 1Q | H3: 2Q | I3: 3Q | J3: 4Q | K3: 1Q | L3: 2Q | M3: 3Q | N3: 4Q | O3: 1Q | P3: 2Q | Q3: 3Q | R3: 4Q | S3: 1Q | T3: 2Q | U3: 3Q | V3: 4Q | W3: 1Q | X3: 2Q | Y3: 3Q | Z3: 4Q | AA3: 1Q | AB3: 2Q | AC3: 3Q | AD3: 4Q | AE3: 1Q | AF3: 2Q | AG3: 3Q | AH3: 4Q | AI3: 1Q | AJ3: 2Q | AK3: 3Q | AL3: 4Q | AM3: 1Q | AN3: 2Q | AO3: 3Q | AP3: 4Q | AQ3: 1Q | AR3: 2Q | AS3: 3Q | AT3: 4Q | AU3: 1Q | AV3: 2Q | AW3: 3Q | AX3: 4Q | AY3: 1Q | AZ3: 2Q | BA3: 3Q | BB3: 4Q | BC3: 1Q | BD3: 2Q | BE3: 3Q | BF3: 4Q
A4: (PLN million) | B4: (w mln zł)
A5: Operating costs, of which: | B5: Koszty działania, w tym: | C5: 526.8 | D5: 511.3 | E5: 532.7 | F5: 462.5 | G5: 571.1 | H5: 611.5 | I5: 607.2 | J5: 294.5 | K5: 551.3 | L5: 673.6 | M5: 698 | N5: 573.6 | O5: 654.7 | P5: 671.6 | Q5: 693.5 | R5: 686.2 | S5: =+S6+S9+S8+S7+S13 -> 417.4 | T5: =+T6+T9+T8+T7+T13 -> 431.8 | U5: =+U6+U9+U8+U7+U13 -> 431.1 | V5: =+V6+V9+V8+V7+V13 -> 419.7 | W5: =+W6+W9+W8+W7+W13 -> 474.9 | X5: =+X6+X9+X8+X7+X13 -> 465 | Y5: =+Y6+Y9+Y8+Y7+Y13 -> 466.2 | Z5: =+Z6+Z9+Z8+Z7+Z13 -> 460.1 | ... AP5: =+AP6+AP9+AP8+AP7+AP13 -> 557.7 | AQ5: =SUM(AQ6:AQ13) -> 565.6 | AR5: =SUM(AR6:AR13) -> 512.1 | AS5: =SUM(AS6:AS13) -> 529.6 | AT5: =SUM(AT6:AT13) -> 528.5 | AU5: =SUM(AU6:AU13) -> 628.3 | AV5: =SUM(AV6:AV13) -> 555 | AW5: =SUM(AW6:AW13) -> 577.2 | AX5: =SUM(AX6:AX13) -> 566.3 | ... BF5: =SUM(BF6:BF13) -> 682.3
A6: - Personnel costs | B6: - koszty osobowe | S6: 199.3 | T6: 208.9 | U6: 210.8 | V6: 214.3 | W6: 228 | X6: 213.1 | Y6: 219.1 | Z6: 240.6 | AA6: 226.7 | AB6: 226.3 | AC6: 230.1 | AD6: 243.5 | AE6: 230.5 | AF6: 241.3 | AG6: 237.4 | AH6: 238.3 | AI6: 238.9 | AJ6: 237.021 | AK6: 243.812 | AL6: 252.352 | AM6: 251.5 | AN6: 251.3 | AO6: 259.8 | AP6: 276.7 | AQ6: 251.049 | AR6: 260.542 | AS6: 260.6 | AT6: 263.516 | AU6: 275.352 | AV6: 286.06 | AW6: 284.3 | AX6: 259 | AY6: 286.4 | AZ6: 292.7 | BA6: 315.9 | BB6: 307.6 | BC6: 308.2 | BD6: 310.3 | BE6: 330.9 | BF6: 364.6
A7: - Marketing and promotion costs | B7: - koszty merketingu i promocji | S7: 19.171 | T7: 18.892 | U7: 20.177 | V7: 15.457 | W7: 20.305 | X7: 23.402 | Y7: 23.175 | Z7: 23.21 | AA7: 24.6 | AB7: 28.8 | AC7: 28.2 | AD7: 16.4 | AE7: 25.4 | AF7: 26.7 | AG7: 27.5 | AH7: 30.09 | AI7: 30.1 | AJ7: 30.872 | AK7: 32.155 | AL7: 23.981 | AM7: 25.5 | AN7: 24.6 | AO7: 19.3 | AP7: 25.6 | AQ7: 23.418 | AR7: 20.733 | AS7: 33.519 | AT7: 29.165 | AU7: 29.505 | AV7: 26 | AW7: 31.3 | AX7: 31.3 | AY7: 29.7 | AZ7: 28.4 | BA7: 30.4 | BB7: 30.9 | BC7: 27.6 | BD7: 24.2 | BE7: 32.4 | BF7: 39.1
A8: - D&A | B8: - amortyzacja | S8: 30.5 | T8: 31.9 | U8: 34 | V8: 36.2 | W8: 33.6 | X8: 34.7 | Y8: 35.1 | Z8: 44.7 | AA8: 39.9 | AB8: 40.7 | AC8: 39.3 | AD8: 44.1 | AE8: 38 | AF8: 38.5 | AG8: 39.6 | AH8: 58.98 | AI8: 41.8 | AJ8: 43.455 | AK8: 46.797 | AL8: 57.148 | AM8: 42.2 | AN8: 45.6 | AO8: 46.1 | AP8: 76.7 | AQ8: 46.046 | AR8: 44.904 | AS8: 44.574 | AT8: 46.83 | AU8: 43.734 | AV8: 44.808 | AW8: 45.7 | AX8: 59.3 | AY8: 71.3 | AZ8: 67.8 | BA8: 67.3 | BB8: 70.4 | BC8: 71.5 | BD8: 71.9 | BE8: 72.5 | BF8: 78.3
A9: - IT costs | B9: - koszty IT | S9: 168.029 | T9: 175.008 | U9: 166.223 | V9: 150.343 | W9: 181.98274 | X9: 182.78573 | Y9: 177.81274 | Z9: 140.57773 | AA9: 179.7 | AB9: 169.8 | AC9: 149.9 | AD9: 131.1 | AE9: 163.7 | AF9: 160.5 | AG9: 171.5 | AH9: 147.53 | AI9: 158.7 | AJ9: 164.865 | AK9: 160.948 | AL9: 125.117 | AM9: 157.9 | AN9: 162.9 | AO9: 156.9 | AP9: 132.7 | AQ9: 155.987 | AR9: 167.221 | AS9: 172.007 | AT9: 169.989 | AU9: 67.5 | AV9: 45.4 | AW9: 51.6 | AX9: 31.8 | AY9: 58.3 | AZ9: 55.5 | BA9: 66.7 | BB9: 41 | BC9: 68.9 | BD9: 70 | BE9: 70.6 | BF9: 41.5
A10: - Maintenance of buildings | B10: - koszty utrzymania budynków | AU10: 47.2 | AV10: 47.4 | AW10: 51.7 | AX10: 50.1 | AY10: 26 | AZ10: 24.3 | BA10: 25.6 | BB10: 24.1 | BC10: 24.6 | BD10: 26.7 | BE10: 26 | BF10: 18.7
A11: - General and administrative costs | B11: - koszty działania i ogólnego zarządu | AU11: 80.709 | AV11: 78.332 | AW11: 85.7 | AX11: 107.8 | AY11: 84.5 | AZ11: 94.6 | BA11: 80.8 | BB11: 98.8 | BC11: 98 | BD11: 93.3 | BE11: 92.4 | BF11: 98.3
A12: - KNF costs | B12: - koszty KNF | AY12: 16.1 | AZ12: 0 | BA12: 0 | BB12: 0 | BC12: 13.3 | BD12: 0 | BE12: 0 | BF12: 0
A13: - Bank Guarantee Fund and Mortgage Support Fund costs, of which | B13: - koszty Bankowego Funduszu Gwarancyjnego i Funduszu Wsparcia Kredytobiorców, z czego | S13: 0.4 | T13: -2.9 | U13: -0.1 | V13: 3.4 | W13: 11.01226 | X13: 11.01227 | Y13: 11.01226 | Z13: 11.01227 | AA13: 11.3 | AB13: 11.4 | AC13: 11.3 | AD13: 15.3 | AE13: 13.6 | AF13: 13.5 | AG13: 13.5 | AH13: 13.6 | AI13: 26.1 | AJ13: 26.087 | AK13: 26.088 | AL13: 189.402 | AM13: 31.7 | AN13: 32.8 | AO13: 33.4 | AP13: 46 | AQ13: 89.1 | AR13: 18.7 | AS13: 18.9 | AT13: 19 | AU13: 84.3 | AV13: 27 | AW13: 26.9 | AX13: 27 | AY13: 148.8 | AZ13: 17.8 | BA13: 17.7 | BB13: 18 | BC13: 162.9 | BD13: 42.1 | BE13: 41.9 | BF13: 41.8
A14: - contributions to the deposit guarantee fund | B14: - składki na fundusz gwarancyjny depozytów | AQ14: 18.6 | AR14: 18.7 | AS14: 18.9 | AT14: 19 | AU14: 26.1 | AV14: 27 | AW14: 26.9 | AX14: 27 | AY14: 17.6 | AZ14: 17.8 | BA14: 17.7 | BB14: 18 | BC14: 38.5 | BD14: 41.1 | BE14: 41.9 | BF14: 41.8
A15: - contributions to the forced restructuring fund | B15: - składki na fundusz przymusowej restrukturyzacji | AQ15: 70.5 | AR15: 0 | AS15: 0 | AT15: 0 | AU15: 58.2 | AV15: 0 | AW15: 0 | AX15: 0 | AY15: 131.2 | AZ15: 0 | BA15: 0 | BB15: 0 | BC15: 124.4 | BD15: 1 | BE15: 0 | BF15: 0

Sheet Koszty ryzyka_Cost of risk
A1: Comparable data pro-forma NOTE! - change in the layout Row 25 added | B1: Dane porównywalne pro-forma | AY1: nowa segmentacja / new segmentation ->
A2: Cost of risk | B2: Koszty ryzyka | C2: 2007 | G2: 2008 | K2: 2009 | O2: 2010 | S2: 2011 | W2: 2012 | AA2: 2013 | AE2: 2014 | AI2: 2015 | AM2: 2016 | AQ2: 2017 | AU2: 2018 | AY2: 2019 | BC2: 2020
C3: 1Q | D3: 2Q | E3: 3Q | F3: 4Q | G3: 1Q | H3: 2Q | I3: 3Q | J3: 4Q | K3: 1Q | L3: 2Q | M3: 3Q | N3: 4Q | O3: 1Q | P3: 2Q | Q3: 3Q | R3: 4Q | S3: 1Q | T3: 2Q | U3: 3Q | V3: 4Q | W3: 1Q | X3: 2Q | Y3: 3Q | Z3: 4Q | AA3: 1Q | AB3: 2Q | AC3: 3Q | AD3: 4Q | AE3: 1Q | AF3: 2Q | AG3: 3Q | AH3: 4Q | AI3: 1Q | AJ3: 2Q | AK3: 3Q | AL3: 4Q | AM3: 1Q | AN3: 2Q | AO3: 3Q | AP3: 4Q | AQ3: 1Q | AR3: 2Q | AS3: 3Q | AT3: 4Q | AU3: 1Q | AV3: 2Q | AW3: 3Q | AX3: 4Q | AY3: 1Q | AZ3: 2Q | BA3: 3Q | BB3: 4Q | BC3: 1Q | BD3: 2Q | BE3: 3Q | BF3: 4Q
A4: (PLN million) | B4: (w mln zł)
A5: Retail portfolio, gross | B5: Portfel detaliczny, brutto | H5: ='Jakość portfela_Portf. quality'!H81 -> 5723.8 | I5: ='Jakość portfela_Portf. quality'!I81 -> 6439.6 | J5: ='Jakość portfela_Portf. quality'!J81 -> 7300.9 | K5: ='Jakość portfela_Portf. quality'!K81 -> 8041 | L5: ='Jakość portfela_Portf. quality'!L81 -> 8639.8 | M5: ='Jakość portfela_Portf. quality'!M81 -> 9190.2 | N5: ='Jakość portfela_Portf. quality'!N81 -> 9756.8 | O5: ='Jakość portfela_Portf. quality'!O81 -> 10220.7 | ... AT5: ='Jakość portfela_Portf. quality'!AT81 -> 37509 | AU5: ='Jakość portfela_Portf. quality'!AU23 -> 39424.7 | AV5: ='Jakość portfela_Portf. quality'!AV23 -> 41723.1 | AW5: ='Jakość portfela_Portf. quality'!AW23 -> 43539.8 | AX5: ='Jakość portfela_Portf. quality'!AX23 -> 45363.3 | AY5: ='Jakość portfela_Portf. quality'!AY23 -> 41392.1 | AZ5: ='Jakość portfela_Portf. quality'!AZ23 -> 43701 | BA5: ='Jakość portfela_Portf. quality'!BA23 -> 46195 | BB5: ='Jakość portfela_Portf. quality'!BB23 -> 48360.3 | ... BF5: ='Jakość portfela_Portf. quality'!BF23 -> 55830.3
A6: Corporate portfolio, gross | B6: Portfel korporacyjny, brutto | H6: ='Jakość portfela_Portf. quality'!H69 -> 14090.5 | I6: ='Jakość portfela_Portf. quality'!I69 -> 15666.1 | J6: ='Jakość portfela_Portf. quality'!J69 -> 16997.1 | K6: ='Jakość portfela_Portf. quality'!K69 -> 17573.5 | L6: ='Jakość portfela_Portf. quality'!L69 -> 17136.9 | M6: ='Jakość portfela_Portf. quality'!M69 -> 16943.8 | N6: ='Jakość portfela_Portf. quality'!N69 -> 17604.6 | O6: ='Jakość portfela_Portf. quality'!O69 -> 17355.7 | ... AT6: ='Jakość portfela_Portf. quality'!AT69 -> 51534.6 | AU6: ='Jakość portfela_Portf. quality'!AU6 -> 51942.5 | AV6: ='Jakość portfela_Portf. quality'!AV6 -> 54179.2 | AW6: ='Jakość portfela_Portf. quality'!AW6 -> 56859 | AX6: ='Jakość portfela_Portf. quality'!AX6 -> 58863.5 | AY6: ='Jakość portfela_Portf. quality'!AY6 -> 66846.6 | AZ6: ='Jakość portfela_Portf. quality'!AZ6 -> 67579 | BA6: ='Jakość portfela_Portf. quality'!BA6 -> 70010.5 | BB6: ='Jakość portfela_Portf. quality'!BB6 -> 69916.7 | ... BF6: ='Jakość portfela_Portf. quality'!BF6 -> 70159.9
A7: Total portfolio, gross | B7: Cały portfel, brutto | H7: =+H5+H6 -> 19814.3 | I7: =+I5+I6 -> 22105.7 | J7: =+J5+J6 -> 24298 | K7: =+K5+K6 -> 25614.5 | L7: =+L5+L6 -> 25776.7 | M7: =+M5+M6 -> 26134 | N7: =+N5+N6 -> 27361.4 | O7: =+O5+O6 -> 27576.4 | ... BF7: =+BF5+BF6 -> 125990.2
A9: Risk costs in retail segment | B9: Koszty ryzyka w segmencie detalicznym | I9: ='RZiS B. Detaliczna_P&L Retail'!I15 -> 4.9 | J9: ='RZiS B. Detaliczna_P&L Retail'!J15 -> 20.1 | K9: ='RZiS B. Detaliczna_P&L Retail'!K15 -> 12.8 | L9: ='RZiS B. Detaliczna_P&L Retail'!L15 -> 6.8 | M9: ='RZiS B. Detaliczna_P&L Retail'!M15 -> 21.4 | N9: ='RZiS B. Detaliczna_P&L Retail'!N15 -> 22.8 | O9: ='RZiS B. Detaliczna_P&L Retail'!O15 -> 21.2 | P9: ='RZiS B. Detaliczna_P&L Retail'!P15 -> 13 | ... BF9: ='RZiS B. Detaliczna_P&L Retail'!BF15 -> 323.6
A10: Risk costs in corporate segment | B10: Koszty ryzyka w segmencie korporacyjnym | I10: ='RZiS B. Korp._P&L Corporate'!I15 -> 2.3 | J10: ='RZiS B. Korp._P&L Corporate'!J15 -> 96.4 | K10: ='RZiS B. Korp._P&L Corporate'!K15 -> 78.9 | L10: ='RZiS B. Korp._P&L Corporate'!L15 -> 67 | M10: ='RZiS B. Korp._P&L Corporate'!M15 -> 32.7 | N10: ='RZiS B. Korp._P&L Corporate'!N15 -> 62 | O10: ='RZiS B. Korp._P&L Corporate'!O15 -> 26.9 | P10: ='RZiS B. Korp._P&L Corporate'!P15 -> 26.2 | ... BF10: ='RZiS B. Korp._P&L Corporate'!BF15 -> -1.1
A11: Total risk costs | B11: Koszty ryzyka razem | I11: =+I9+I10 -> 7.2 | J11: =+J9+J10 -> 116.5 | K11: =+K9+K10 -> 91.7 | L11: =+L9+L10 -> 73.8 | M11: =+M9+M10 -> 54.1 | N11: =+N9+N10 -> 84.8 | O11: =+O9+O10 -> 48.1 | P11: =+P9+P10 -> 39.2 | ... BF11: =+BF9+BF10 -> 322.5
A13: Net gain on sale of retail portfolios (lower cost of risk) | B13: Zysk na sprzedaży portfeli detalicznych (pomniejszenie kosztów ryzyka) | AQ13: 0 | AR13: 0 | AS13: -11 | AT13: 0 | AU13: 0 | AV13: 0 | AW13: -24.9 | AX13: 0 | AY13: 0 | AZ13: 0 | BA13: 0 | BB13: -23.2 | BC13: 0 | BD13: 0 | BE13: 0 | BF13: 0
A14: Net gain on sale of corporate portfolios (lower cost of risk) | B14: Zysk na sprzedaży portfeli korporacyjnych (pomniejszenie kosztów ryzyka) | AQ14: -1.3 | AR14: -9.5 | AS14: 0 | AT14: -25.4 | AU14: -1.1 | AV14: 0 | AW14: -0.7 | AX14: 0 | AY14: -9.8 | AZ14: 0 | BA14: 0 | BB14: -1.3 | BC14: -4.1 | BD14: 0 | BE14: 0 | BF14: 0
A15: Net gain on sale of portfolios (lower cost of risk) | B15: Zysk na sprzedaży portfeli (pomniejszenie kosztów ryzyka) | AQ15: =+AQ13+AQ14 -> -1.3 | AR15: =+AR13+AR14 -> -9.5 | AS15: =+AS13+AS14 -> -11 | AT15: =+AT13+AT14 -> -25.4 | AU15: =+AU13+AU14 -> -1.1 | AV15: =+AV13+AV14 -> 0 | AW15: =+AW13+AW14 -> -25.6 | AX15: =+AX13+AX14 -> 0 | ... BF15: =+BF13+BF14 -> 0
A17: Retail risk cost margin (cumulative) | B17: Detaliczna marża kosztów ryzyka (kwartalna) | I17: =I9*4/AVERAGE(H5:I5) -> 0.0032227831 | J17: =J9*4/AVERAGE(I5:J5) -> 0.011702631 | K17: =K9*4/AVERAGE(J5:K5) -> 0.0066745318 | L17: =L9*4/AVERAGE(K5:L5) -> 0.0032612345 | M17: =M9*4/AVERAGE(L5:M5) -> 0.0096017947 | N17: =N9*4/AVERAGE(M5:N5) -> 0.0096268539 | O17: =O9*4/AVERAGE(N5:O5) -> 0.0084895507 | P17: =P9*4/AVERAGE(O5:P5) -> 0.0048769508 | ... AX17: =AX9*4/AVERAGE(AW5:AX5) -> 0.0079637268 | AY17: 0.0028855126 | AZ17: =AZ9*4/AVERAGE(AY5:AZ5) -> 0.0030460754 | BA17: =BA9*4/AVERAGE(AZ5:BA5) -> 0.0054106968 | BB17: =BB9*4/AVERAGE(BA5:BB5) -> 0.0060155274 | BC17: =BC9*4/AVERAGE(BB5:BC5) -> 0.0088216901 | BD17: =BD9*4/AVERAGE(BC5:BD5) -> 0.0054700009 | BE17: =BE9*4/AVERAGE(BD5:BE5) -> 0.0061973526 | BF17: =BF9*4/AVERAGE(BE5:BF5) -> 0.023622141
A18: Retail risk cost margin (cumulative) | B18: Detaliczna marża kosztów ryzyka (skumulowana) | L18: =SUM(I9:L9)/AVERAGE(H5:L5) -> 0.0061695776 | M18: =SUM(J9:M9)/AVERAGE(I5:M5) -> 0.0077124068 | N18: =SUM(K9:N9)/AVERAGE(J5:N5) -> 0.0074309262 | O18: =SUM(L9:O9)/AVERAGE(K5:O5) -> 0.0078737581 | P18: =SUM(M9:P9)/AVERAGE(L5:P5) -> 0.0080144587 | Q18: =SUM(N9:Q9)/AVERAGE(M5:Q5) -> 0.0075453734 | R18: =SUM(O9:R9)/AVERAGE(N5:R5) -> 0.0073339639 | S18: =SUM(P9:S9)/AVERAGE(O5:S5) -> 0.0080020338 | ... AX18: =SUM(AU9:AX9)/AVERAGE(AT5:AX5) -> 0.0065282359 | AY18: 0.0050206281 | AZ18: 0.0035927004 | BA18: 0.0044501433 | BB18: 0.0044102297 | BC18: =SUM(AZ9:BC9)/AVERAGE(AY5:BC5) -> 0.0059369753 | BD18: =SUM(BA9:BD9)/AVERAGE(AZ5:BD5) -> 0.0064556711 | BE18: =SUM(BB9:BE9)/AVERAGE(BA5:BE5) -> 0.0066266 | BF18: =SUM(BC9:BF9)/AVERAGE(BB5:BF5) -> 0.011210368
A20: Corporate risk cost margin (cumulative) | B20: Korporacyjna marża kosztów ryzyka (kwartalna) | I20: =I10*4/AVERAGE(H6:I6) -> 0.00061835021 | J20: =J10*4/AVERAGE(I6:J6) -> 0.023610669 | K20: =K10*4/AVERAGE(J6:K6) -> 0.018258289 | L20: =L10*4/AVERAGE(K6:L6) -> 0.015442058 | M20: =M10*4/AVERAGE(L6:M6) -> 0.0076758987 | N20: =N10*4/AVERAGE(M6:N6) -> 0.014356671 | O20: =O10*4/AVERAGE(N6:O6) -> 0.0061555536 | P20: =P10*4/AVERAGE(O6:P6) -> 0.0059467741 | ... AX20: =AX10*4/AVERAGE(AW6:AX6) -> 0.00069130895 | AY20: 0.0058339385 | AZ20: =AZ10*4/AVERAGE(AY6:AZ6) -> 0.006159541 | BA20: =BA10*4/AVERAGE(AZ6:BA6) -> 0.0069423902 | BB20: =BB10*4/AVERAGE(BA6:BB6) -> 0.0053342024 | BC20: =BC10*4/AVERAGE(BB6:BC6) -> 0.010372045 | BD20: =BD10*4/AVERAGE(BC6:BD6) -> 0.013632081 | BE20: =BE10*4/AVERAGE(BD6:BE6) -> 0.0036244332 | BF20: =BF10*4/AVERAGE(BE6:BF6) -> -6.27939e-05
A21: Corporate risk cost margin (cumulative) | B21: Korporacyjna marża kosztów ryzyka (skumulowana) | L21: =SUM(I10:L10)/AVERAGE(H6:L6) -> 0.015012748 | M21: =SUM(J10:M10)/AVERAGE(I6:M6) -> 0.016307429 | N21: =SUM(K10:N10)/AVERAGE(J6:N6) -> 0.013946872 | O21: =SUM(L10:O10)/AVERAGE(K6:O6) -> 0.010887323 | P21: =SUM(M10:P10)/AVERAGE(L6:P6) -> 0.0085009657 | Q21: =SUM(N10:Q10)/AVERAGE(M6:Q6) -> 0.008379489 | R21: =SUM(O10:R10)/AVERAGE(N6:R6) -> 0.0066948964 | S21: =SUM(P10:S10)/AVERAGE(O6:S6) -> 0.0063329264 | ... AX21: =SUM(AU10:AX10)/AVERAGE(AT6:AX6) -> 0.0042047884 | AY21: 0.0054875255 | AZ21: 0.0054598904 | BA21: 0.0053363631 | BB21: 0.0060799148 | BC21: =SUM(AZ10:BC10)/AVERAGE(AY6:BC6) -> 0.0072189255 | BD21: =SUM(BA10:BD10)/AVERAGE(AZ6:BD6) -> 0.0091543001 | BE21: =SUM(BB10:BE10)/AVERAGE(BA6:BE6) -> 0.0082885142 | BF21: =SUM(BC10:BF10)/AVERAGE(BB6:BF6) -> 0.0069434793
A23: Risk cost margin (cumulative) | B23: Marża kosztów ryzyka (kwartalna) | I23: =I11*4/AVERAGE(H7:I7) -> 0.0013740458 | J23: =J11*4/AVERAGE(I7:J7) -> 0.020084605 | K23: =K11*4/AVERAGE(J7:K7) -> 0.014697721 | L23: =L11*4/AVERAGE(K7:L7) -> 0.011488348 | M23: =M11*4/AVERAGE(L7:M7) -> 0.0083373948 | N23: =N11*4/AVERAGE(M7:N7) -> 0.012681464 | O23: =O11*4/AVERAGE(N7:O7) -> 0.0070042848 | P23: =P11*4/AVERAGE(O7:P7) -> 0.0055434959 | ... AX23: =AX11*4/AVERAGE(AW7:AX7) -> 0.0038509356 | AY23: 0.0047066465 | AZ23: =AZ11*4/AVERAGE(AY7:AZ7) -> 0.0049526532 | BA23: =BA11*4/AVERAGE(AZ7:BA7) -> 0.0063371072 | BB23: =BB11*4/AVERAGE(BA7:BB7) -> 0.0056089474 | BC23: =BC11*4/AVERAGE(BB7:BC7) -> 0.0097362668 | BD23: =BD11*4/AVERAGE(BC7:BD7) -> 0.010187103 | BE23: =BE11*4/AVERAGE(BD7:BE7) -> 0.0047405522 | BF23: =BF11*4/AVERAGE(BE7:BF7) -> 0.010331029
A24: Risk cost margin (cumulative) | B24: Marża kosztów ryzyka (skumulowana) | L24: =SUM(I11:L11)/AVERAGE(H7:L7) -> 0.012294957 | M24: =SUM(J11:M11)/AVERAGE(I7:M7) -> 0.013560195 | N24: =SUM(K11:N11)/AVERAGE(J7:N7) -> 0.01178159 | O24: =SUM(L11:O11)/AVERAGE(K7:O7) -> 0.0098442584 | P24: =SUM(M11:P11)/AVERAGE(L7:P7) -> 0.008325794 | Q24: =SUM(N11:Q11)/AVERAGE(M7:Q7) -> 0.0080719656 | R24: =SUM(O11:R11)/AVERAGE(N7:R7) -> 0.0069356301 | S24: =SUM(P11:S11)/AVERAGE(O7:S7) -> 0.0069748093 | ... AX24: =SUM(AU11:AX11)/AVERAGE(AT7:AX7) -> 0.0052075244 | AY24: 0.0053095792 | AZ24: 0.0047428442 | BA24: 0.0049930619 | BB24: 0.0054234112 | BC24: =SUM(AZ11:BC11)/AVERAGE(AY7:BC7) -> 0.0067073863 | BD24: =SUM(BA11:BD11)/AVERAGE(AZ7:BD7) -> 0.0080503502 | BE24: =SUM(BB11:BE11)/AVERAGE(BA7:BE7) -> 0.0075949971 | BF24: =SUM(BC11:BF11)/AVERAGE(BB7:BF7) -> 0.0087626779

Sheet Bilans_BS
A1: Comparable data pro-forma | B1: Dane porównywalne pro-forma
A2: CONSOLIDATED STATEMENT OF FINANCIAL POSITION of the ING Bank Śląski Group S.A. | B2: SKONSOLIDOWANE SPRAWOZDANIE Z SYTUACJI FINANSOWEJ Grupy Kapitałowej ING Banku Śląskiego S.A. | C2: 2007 | G2: 2008 | K2: 2009 | O2: 2010 | S2: 2011 | W2: 2012 | AA2: 2013 | AE2: 2014 | AI2: 2015 | AM2: 2016 | AQ2: 2017 | AU2: 2018 | AY2: 2019 | BC2: 2020
C3: 1Q | D3: 2Q | E3: 3Q | F3: 4Q | G3: 1Q | H3: 2Q | I3: 3Q | J3: 4Q | K3: 1Q | L3: 2Q | M3: 3Q | N3: 4Q | O3: 1Q | P3: 2Q | Q3: 3Q | R3: 4Q | S3: 1Q | T3: 2Q | U3: 3Q | V3: 4Q | W3: 1Q | X3: 2Q | Y3: 3Q | Z3: 4Q | AA3: 1Q | AB3: 2Q | AC3: 3Q | AD3: 4Q | AE3: 1Q | AF3: 2Q | AG3: 3Q | AH3: 4Q | AI3: 1Q | AJ3: 2Q | AK3: 3Q | AL3: 4Q | AM3: 1Q | AN3: 2Q | AO3: 3Q | AP3: 4Q | AQ3: 1Q | AR3: 2Q | AS3: 3Q | AT3: 4Q | AU3: 1Q | AV3: 2Q | AW3: 3Q | AX3: 4Q | AY3: 1Q | AZ3: 2Q | BA3: 3Q | BB3: 4Q | BC3: 1Q | BD3: 2Q | BE3: 3Q | BF3: 4Q
A4: (PLN million) | B4: (w mln zł)
A5: A S S E T S | B5: A K T Y W A
A6: - Cash in hand and balances with the Central Bank | B6: - Kasa, środki w Banku Centralnym | C6: 1807.6 | D6: 2608.9 | E6: 1593 | F6: 1841.7 | G6: 1661.3 | H6: 1622.9 | I6: 2151.3 | J6: 1369.8 | K6: 1584.3 | L6: 903.3 | M6: 1686 | N6: 2656.6 | O6: 2387.8 | P6: 2158.5 | Q6: 1265.1 | R6: 2394.2 | S6: 1401.5 | T6: 1566.6 | U6: 4064.9 | V6: 1493.1 | W6: 1558.1 | X6: 2321.2 | Y6: 2126 | Z6: 4071.6 | AA6: 3534.4 | AB6: 1673.5 | AC6: 4577.6 | AD6: 6970.1 | AE6: 7304.2 | AF6: 7857.1 | AG6: 3008 | AH6: 5330.7 | AI6: 2392.5 | AJ6: 2864.7 | AK6: 3940.7 | AL6: 3589.7 | AM6: 3565.7 | AN6: 1286.6 | AO6: 1299.1 | AP6: 1825 | AQ6: 1250 | AR6: 1351.9 | AS6: 1638.2 | AT6: 2815.2 | AU6: 2042.4 | AV6: 1781.5 | AW6: 1529.8 | AX6: 1237.4 | AY6: 1760.3 | AZ6: 2293.5 | BA6: 2792.5 | BB6: 1402.9 | BC6: 1740.5 | BD6: 1910.3 | BE6: 1193.6 | BF6: 867.3
A7: - Loans and receivables to other banks | B7: - Kredyty i inne należności udzielone innym bankom | C7: 16614.2 | D7: 18078.9 | E7: 17532.8 | F7: 15183.7 | G7: 14080.6 | H7: 9002 | I7: 7244.5 | J7: 7787.2 | K7: 2947.5 | L7: 3233.7 | M7: 3639.9 | N7: 1184.1 | O7: 1280.7 | P7: 1940.1 | Q7: 1859.2 | R7: 1181.1 | S7: 2386.8 | T7: 1758.3 | U7: 2706.4 | V7: 1018.1 | W7: 1478.4 | X7: 1605.3 | Y7: 3415.5 | Z7: 1377.1 | AA7: 1600.3 | AB7: 2043.8 | AC7: 2501.7 | AD7: 1399.8 | AE7: 2050.9 | AF7: 2576.1 | AG7: 2512.6 | AH7: 1838.3 | AI7: 2111.3 | AJ7: 2315.4 | AK7: 3325.7 | AL7: 1014.6 | AM7: 954.3 | AN7: 1285.4 | AO7: 1192.7 | AP7: 1113.4 | AQ7: 1125.7 | AR7: 1050.2 | AS7: 1174.7 | AT7: 2234.5 | AU7: 2017.4 | AV7: 951.8 | AW7: 621.8 | AX7: 776.5 | AY7: 987.9 | AZ7: 694.3 | BA7: 804.7 | BB7: 798.5 | BC7: 1082.3 | BD7: 744.4 | BE7: 731.3 | BF7: 704.6
A8: - Financial assets held for trading / Financial assets at fair value through profit or loss | B8: - Aktywa przeznaczone do obrotu / Aktywa finansowe wyceniane według wartości godziwej przez wynik finansowy | C8: 11114.9 | D8: 6998 | E8: 8243.9 | F8: 7907.5 | G8: 11238.7 | H8: 11160.1 | I8: 12817.9 | J8: 15128.6 | K8: 17144.8 | L8: 14064.1 | M8: 14131 | N8: 9834.4 | O8: 5166.7 | P8: 3207.2 | Q8: 5473.6 | R8: 1818.5 | S8: 1456 | T8: 1485.1 | U8: 2902.5 | V8: 2498 | W8: 2719.6 | X8: 2026.6 | Y8: 3047.3 | Z8: 3376.7 | AA8: 2984.2 | AB8: 3576.7 | AC8: 2933.1 | AD8: 3422.8 | AE8: 4052.7 | AF8: 4371.1 | AG8: 3453.9 | AH8: 4269.1 | AI8: 5253.7 | AJ8: 3705.4 | AK8: 4716.4 | AL8: 3118 | AM8: 3681.5 | AN8: 3167.8 | AO8: 2742.2 | AP8: 3943.9 | AQ8: 2715.8 | AR8: 3706.3 | AS8: 2243.7 | AT8: 1503.7 | AU8: 1764.7 | AV8: 2566.9 | AW8: 1794.6 | AX8: 2153.4 | AY8: 2440.5 | AZ8: 2990.5 | BA8: 1421.7 | BB8: 1384.6 | BC8: 1511.7 | BD8: 1111.5 | BE8: 1259.2 | BF8: 2017.7
A9: - Derivative hedge instruments | B9: - Pochodne instrumenty zabezpieczające | C9: 2 | D9: 3.8 | E9: 4 | F9: 4.6 | G9: 3.6 | H9: 76 | I9: 70.4 | J9: 197 | K9: 212.4 | L9: 91 | M9: 64.6 | N9: 90.4 | O9: 111.7 | P9: 88.1 | Q9: 86.1 | R9: 104.8 | S9: 112.3 | T9: 168 | U9: 337.1 | V9: 433.4 | W9: 349.2 | X9: 420 | Y9: 675.3 | Z9: 1112.6 | AA9: 1066.9 | AB9: 990.7 | AC9: 994.1 | AD9: 1051.9 | AE9: 1011.1 | AF9: 1653 | AG9: 2370.9 | AH9: 2983.8 | AI9: 3039.3 | AJ9: 2036.6 | AK9: 2521.2 | AL9: 2454.8 | AM9: 2737.1 | AN9: 2389.6 | AO9: 2138.9 | AP9: 1338.6 | AQ9: 1259.1 | AR9: 1148.6 | AS9: 1050.1 | AT9: 967.2 | AU9: 960.6 | AV9: 880.2 | AW9: 836.5 | AX9: 909.6 | AY9: 929.3 | AZ9: 869 | BA9: 883.6 | BB9: 851.6 | BC9: 1075.8 | BD9: 1095.9 | BE9: 1054.1 | BF9: 1194.8
A10: - Investments | B10: - Inwestycyjne papiery wartościowe | C10: 12001.7 | D10: 9593.8 | E10: 9149.9 | F10: 9388.3 | G10: 13933.4 | H10: 17001.2 | I10: 19710.7 | J10: 18050.9 | K10: 15901.9 | L10: 15568.2 | M10: 14334.5 | N10: 14166.3 | O10: 21639.7 | P10: 21008.7 | Q10: 18736.4 | R10: 23006.8 | S10: 23574.1 | T10: 23947.5 | U10: 22396.3 | V10: 20450.7 | W10: 16819.8 | X10: 13817.5 | Y10: 13536.1 | Z10: 17881.1 | AA10: 18003.9 | AB10: 20256.7 | AC10: 19794 | AD10: 19493.6 | AE10: 20994.9 | AF10: 22090.4 | AG10: 23190.6 | AH10: 22829.3 | AI10: 23869.7 | AJ10: 24267.6 | AK10: 24310.3 | AL10: 23478.8 | AM10: 25072 | AN10: 27761 | AO10: 27344 | AP10: 25721.3 | AQ10: 26569.7 | AR10: 24427.6 | AS10: 24446.1 | AT10: 29465.1 | AU10: 29135.7 | AV10: 28677 | AW10: 28823.4 | AX10: 31937.2 | AY10: 29977.2 | AZ10: 31315.2 | BA10: 32063.3 | BB10: 33824.4 | BC10: 40196.1 | BD10: 53077.6 | BE10: 56084.1 | BF10: 54933.5
A11: - Loans and receivables to customers at amortised cost | B11: - Kredyty i inne należności udzielone klientom wyceniane wg zamortyzowanego kosztu | C11: 13782.6 | D11: 14567.2 | E11: 15449.4 | F11: 16379.1 | G11: 18039.9 | H11: 20372 | I11: 21986.8 | J11: 25742.8 | K11: 29040.3 | L11: 29268.6 | M11: 29050 | N11: 30592.8 | O11: 30159.6 | P11: 31781.2 | Q11: 33320.6 | R11: 34509 | S11: 35332.4 | T11: 37094.8 | U11: 39789.7 | V11: 42329.7 | W11: 47795.9 | X11: 48490.6 | Y11: 49275.1 | Z11: 48985.3 | AA11: 49119.3 | AB11: 51756.7 | AC11: 52357.6 | AD11: 52876.7 | AE11: 55257.5 | AF11: 58092.5 | AG11: 60705.7 | AH11: 61161.4 | AI11: 64386.1 | AJ11: 68618.5 | AK11: 71978.8 | AL11: 73874 | AM11: 75349.9 | AN11: 78308.6 | AO11: 80397.2 | AP11: 81979.5 | AQ11: 84399.5 | AR11: 86922.3 | AS11: 90107 | AT11: 87274.6 | AU11: 90028.2 | AV11: 94475.3 | AW11: 98986 | AX11: 102907.4 | AY11: 107181.3 | AZ11: 110316.4 | BA11: 115551 | BB11: 118127.8 | BC11: 123459.7 | BD11: 120598.1 | BE11: 122382 | BF11: 124655.3
A12: - Investments in controlled entities recognised under the equity method | B12: - Inwestycje w jednostki stowarzyszone wyceniane metodą praw własności | C12: 102.7 | D12: 77 | E12: 86.6 | F12: 97.3 | G12: 108.9 | H12: 84.9 | I12: 97.9 | J12: 107.3 | K12: 117.4 | L12: 89.1 | M12: 99.5 | N12: 115.6 | O12: 122.9 | P12: 133.8 | Q12: 144.4 | R12: 156.8 | S12: 166.6 | T12: 86.6 | U12: 94.8 | V12: 105 | W12: 111.8 | X12: 96.8 | Y12: 104.3 | Z12: 114.4 | AA12: 123.3 | AB12: 115.1 | AC12: 124.4 | AD12: 136.5 | AE12: 147.7 | AF12: -5.689893e-15 | AG12: 0 | AH12: -2.3092639e-14 | AI12: 0 | AJ12: 0 | AK12: 0 | AL12: 0 | AM12: 0 | AN12: 0 | AO12: 0 | AP12: 0 | AQ12: 0 | AR12: 0 | AS12: 0 | AT12: 1.3 | AU12: 1.3 | AV12: 1.3 | AW12: 1.1 | AX12: 1 | AY12: 0.9 | AZ12: 0.7 | BA12: 171.5 | BB12: 181 | BC12: 185.4 | BD12: 166.4 | BE12: 170.2 | BF12: 174.1
A13: - Investment real estates | B13: - Nieruchomości inwestycyjne | C13: 150.1 | D13: 149.1 | E13: 151.1 | F13: 144.7 | G13: 145.8 | H13: 135.8 | I13: 135.8 | J13: 151.5 | K13: 151.5 | L13: 151.5 | M13: 151.5 | N13: 129.7 | O13: 129.7 | P13: 129.7 | Q13: 140.4 | R13: 118.2 | S13: 118.2 | T13: 118.2 | U13: 118.2 | V13: 118.7 | W13: 118.7 | X13: 118.7 | Y13: 118.7 | Z13: 120.9 | AA13: 120.9 | AB13: 120.9 | AC13: 120.9 | AD13: 121.4 | AE13: 121.4 | AF13: 121.6 | AG13: 59.6 | AH13: 60 | AI13: 60 | AJ13: 61 | AK13: 61 | AL13: 53.2 | AM13: 53.2 | AN13: 53.2 | AO13: 53.2 | AP13: 0 | AQ13: 0 | AR13: 0 | AS13: 0 | AT13: 0 | AU13: 0 | AV13: 0 | AW13: 0 | AX13: 0 | AY13: 0 | AZ13: 0 | BA13: 0 | BB13: 0 | BC13: 0 | BD13: 0 | BE13: 0 | BF13: 0
A14: - Property, plant and equipment | B14: - Rzeczowe aktywa trwałe | C14: 565 | D14: 552.5 | E14: 543.1 | F14: 532.9 | G14: 536.4 | H14: 529.1 | I14: 527.6 | J14: 544.2 | K14: 548.6 | L14: 553.2 | M14: 541.3 | N14: 548.8 | O14: 539 | P14: 536.3 | Q14: 520.5 | R14: 544.2 | S14: 531.3 | T14: 511.2 | U14: 516.6 | V14: 575.3 | W14: 573.7 | X14: 579.5 | Y14: 583.4 | Z14: 600 | AA14: 573.3 | AB14: 554.1 | AC14: 544.3 | AD14: 576.6 | AE14: 569.9 | AF14: 583.9 | AG14: 635.2 | AH14: 595 | AI14: 583.5 | AJ14: 564.3 | AK14: 574.2 | AL14: 597.7 | AM14: 566.7 | AN14: 552.9 | AO14: 540 | AP14: 578 | AQ14: 580.2 | AR14: 564.4 | AS14: 557 | AT14: 549 | AU14: 538.1 | AV14: 526.8 | AW14: 539.2 | AX14: 556.1 | AY14: 1004.3 | AZ14: 937.8 | BA14: 921.6 | BB14: 956 | BC14: 950.6 | BD14: 925.2 | BE14: 917.1 | BF14: 913.1
A15: - Intangible assets | B15: - Wartości niematerialne | C15: 325.7 | D15: 319.3 | E15: 319 | F15: 318.8 | G15: 315.8 | H15: 311 | I15: 309.5 | J15: 316.2 | K15: 313.5 | L15: 317.8 | M15: 316.4 | N15: 327.3 | O15: 322.9 | P15: 325.9 | Q15: 325.8 | R15: 342.2 | S15: 342 | T15: 357.8 | U15: 355.6 | V15: 362 | W15: 360.4 | X15: 358.8 | Y15: 361.1 | Z15: 361.6 | AA15: 353.6 | AB15: 353.1 | AC15: 352 | AD15: 365.9 | AE15: 358.9 | AF15: 358.5 | AG15: 360.9 | AH15: 377.3 | AI15: 374.4 | AJ15: 380.1 | AK15: 387.4 | AL15: 419.6 | AM15: 417.9 | AN15: 426.4 | AO15: 431.8 | AP15: 426.2 | AQ15: 415.1 | AR15: 420.6 | AS15: 422 | AT15: 431 | AU15: 427.5 | AV15: 430 | AW15: 434.8 | AX15: 439.2 | AY15: 433.5 | AZ15: 420.7 | BA15: 424.8 | BB15: 429.9 | BC15: 424.3 | BD15: 423.2 | BE15: 424.6 | BF15: 426.6
A16: - Property, plant and equipment held for sale | B16: - Aktywa trwałe przeznaczone do sprzedaży | C16: 0.2 | D16: 0.3 | E16: 0.2 | F16: 0.2 | G16: 0.3 | H16: 0.3 | I16: 0.2 | J16: 0.2 | K16: 0.2 | L16: 0.1 | M16: 0.2 | N16: 0.2 | O16: 0.2 | P16: 0.2 | Q16: 1.9 | R16: 14 | S16: 12.3 | T16: 40.9 | U16: 44.4 | V16: 33.6 | W16: 38.9 | X16: 37.3 | Y16: 33.8 | Z16: 33 | AA16: 44.3 | AB16: 49.6 | AC16: 49 | AD16: 35.3 | AE16: 32.2 | AF16: 134.3 | AG16: 151.8 | AH16: 144.9 | AI16: 151 | AJ16: 156 | AK16: 44.1 | AL16: 38.4 | AM16: 49.8 | AN16: 41.2 | AO16: 41.2 | AP16: 31.8 | AQ16: 19.7 | AR16: 14.3 | AS16: 15.3 | AT16: 11.1 | AU16: 10.9 | AV16: 16.2 | AW16: 16.2 | AX16: 10.9 | AY16: 12.1 | AZ16: 20.7 | BA16: 2.8 | BB16: 3.6 | BC16: 2.2 | BD16: 3.4 | BE16: 3.4 | BF16: 3.6
A17: - Deferred tax assets | B17: - Aktywa z tytułu odroczonego podatku dochodowego | C17: 22.1 | D17: 99.5 | E17: 40.7 | F17: 49.3 | G17: 37.8 | H17: 88 | I17: 19.1 | J17: 48.7 | K17: 36.8 | L17: 0 | M17: 34.3 | N17: 86.4 | O17: 62.4 | P17: 97.4 | Q17: 77.4 | R17: 167.4 | S17: 143.9 | T17: 100.6 | U17: 97.4 | V17: 16.5 | W17: 69.7 | X17: 139.2 | Y17: 45.2 | Z17: 38.3 | AA17: 55.1 | AB17: 74.1 | AC17: 102.5 | AD17: 118.6 | AE17: 90.5 | AF17: 62.3 | AG17: 61.1 | AH17: 58 | AI17: 58.1 | AJ17: 65.4 | AK17: 55.4 | AL17: 59.5 | AM17: 68.2 | AN17: 76.6 | AO17: 77.4 | AP17: 0.3 | AQ17: 0.2 | AR17: 0 | AS17: 0 | AT17: 0 | AU17: 1.8 | AV17: 0 | AW17: 0 | AX17: 0 | AY17: 0 | AZ17: 0 | BA17: 0 | BB17: 0 | BC17: 0 | BD17: 0 | BE17: 0 | BF17: 2.7
... A19: - Other assets | B19: - Inne aktywa | C19: 128.1 | D19: 154.8 | E19: 132.9 | F19: 137.4 | G19: 122.2 | H19: 129.9 | I19: 190.9 | J19: 166 | K19: 187.9 | L19: 193 | M19: 207.2 | N19: 150 | O19: 175.4 | P19: 175.6 | Q19: 214.1 | R19: 159.7 | S19: 224.5 | T19: 210.1 | U19: 216 | V19: 141.8 | W19: 177.6 | X19: 248.4 | Y19: 316 | Z19: 193.9 | AA19: 173.3 | AB19: 225.4 | AC19: 187.8 | AD19: 180.1 | AE19: 243 | AF19: 331.9 | AG19: 300.5 | AH19: 211.8 | AI19: 269 | AJ19: 283.4 | AK19: 265.1 | AL19: 194.7 | AM19: 213.2 | AN19: 290.1 | AO19: 292.2 | AP19: 282.5 | AQ19: 333.8 | AR19: 362.9 | AS19: 385.5 | AT19: 409.2 | AU19: 345.9 | AV19: 400.3 | AW19: 444.6 | AX19: 486 | AY19: 558.4 | AZ19: 630.5 | BA19: 577.1 | BB19: 204.8 | BC19: 235.3 | BD19: 203.2 | BE19: 230.2 | BF19: 279.2
A20: T o t a l a s s e t s | B20: A k t y w a r a z e m | C20: =SUM(C6:C19) -> 56616.9 | D20: =SUM(D6:D19) -> 53203.1 | E20: =SUM(E6:E19) -> 53246.6 | F20: =SUM(F6:F19) -> 52010.8 | G20: =SUM(G6:G19) -> 60234.4 | H20: =SUM(H6:H19) -> 60513.2 | I20: =SUM(I6:I19) -> 65262.6 | J20: =SUM(J6:J19) -> 69610.5 | ... BF20: =SUM(BF6:BF19) -> 186595.7
A22: E Q U I T Y A N D L I A B I L I T I E S | B22: Z O B O W I Ą Z A N I A I K A P I T A Ł Y
A23: LIABILITIES | B23: ZOBOWIĄZANIA
A24: - Liabilities due to the Central Bank | B24: - Zobowiązania wobec Banku Centralnego | C24: 0 | D24: 0 | E24: 0 | F24: 0 | G24: 0 | H24: 0 | I24: 0 | J24: 5932.1 | K24: 4020.1 | L24: 0 | M24: 0 | N24: 0 | O24: 0 | P24: 0 | Q24: 0 | R24: 0 | S24: 0 | T24: 0 | U24: 0 | V24: 0 | W24: 0 | X24: 0 | Y24: 0 | Z24: 0 | AA24: 0 | AB24: 0 | AC24: 0 | AD24: 0 | AE24: 0 | AF24: 0 | AG24: 0 | AH24: 0 | AI24: 0 | AJ24: 0 | AK24: 0 | AL24: 0 | AM24: 0 | AN24: 0 | AO24: 0 | AP24: 0 | AQ24: 0 | AR24: 0 | AS24: 0 | AT24: 0 | AU24: 0 | AV24: 0 | AW24: 0 | AX24: 0 | AY24: 0 | AZ24: 0 | BA24: 0 | BB24: 0 | BC24: 0 | BD24: 0 | BE24: 0 | BF24: 0
A25: - Liabilities due to other banks | B25: - Zobowiązania wobec innych banków | C25: 5598.6 | D25: 3868.4 | E25: 5592.2 | F25: 1810.2 | G25: 5212.3 | H25: 6024.8 | I25: 5153.5 | J25: 6015.9 | K25: 8073.1 | L25: 9535.3 | M25: 6355.9 | N25: 3927.8 | O25: 5359.1 | P25: 5121.8 | Q25: 3115.6 | R25: 3991 | S25: 10409.2 | T25: 8913.5 | U25: 7573.3 | V25: 4917.3 | W25: 5381.4 | X25: 4079.3 | Y25: 4932.7 | Z25: 4513.7 | AA25: 4773.3 | AB25: 4139.6 | AC25: 4513.2 | AD25: 4609.8 | AE25: 10542.5 | AF25: 11859.5 | AG25: 7043.3 | AH25: 6123.4 | AI25: 5807.5 | AJ25: 8493 | AK25: 10917.1 | AL25: 3913.5 | AM25: 4236 | AN25: 5082.3 | AO25: 7032.5 | AP25: 5043 | AQ25: 5606.6 | AR25: 6140.5 | AS25: 5637.8 | AT25: 4109 | AU25: 6288.8 | AV25: 4882 | AW25: 6882.2 | AX25: 5195.8 | AY25: 5004.3 | AZ25: 7359.2 | BA25: 7593.1 | BB25: 6256.1 | BC25: 6624.3 | BD25: 4594.6 | BE25: 4883.1 | BF25: 8228
A26: - Financial liabilities measured at fair value through profit and loss | B26: - Zobowiązania finansowe wyceniane do wartości godziwej przez rachunek zysków i strat | C26: 5390.8 | D26: 4344.4 | E26: 2189.8 | F26: 1215 | G26: 4565.6 | H26: 1637.7 | I26: 3271.1 | J26: 5146.7 | K26: 3578.1 | L26: 3084.5 | M26: 5042 | N26: 2192 | O26: 3758.9 | P26: 3338.8 | Q26: 3782.6 | R26: 5974.1 | S26: 1430.5 | T26: 2582.5 | U26: 7236 | V26: 3508.8 | W26: 5621.3 | X26: 2966.4 | Y26: 4258.6 | Z26: 4781.5 | AA26: 3788.8 | AB26: 2509.5 | AC26: 2066.2 | AD26: 2727.2 | AE26: 2826.2 | AF26: 3055.2 | AG26: 4236.4 | AH26: 3439 | AI26: 3932.5 | AJ26: 2474.8 | AK26: 2971.5 | AL26: 2632.1 | AM26: 1845 | AN26: 1636.2 | AO26: 1700.5 | AP26: 1590.8 | AQ26: 1736.6 | AR26: 1154.3 | AS26: 2621.4 | AT26: 1903.2 | AU26: 1283.7 | AV26: 1565.6 | AW26: 1502.3 | AX26: 1687.6 | AY26: 1329.9 | AZ26: 1560.5 | BA26: 991.5 | BB26: 915.1 | BC26: 1027.6 | BD26: 617.2 | BE26: 696.9 | BF26: 1530.8
A27: - Derivative hedge instruments | B27: - Pochodne instrumenty zabezpieczające | C27: 0 | D27: 0 | E27: 0 | F27: 0 | G27: 10.1 | H27: 24.5 | I27: 110.8 | J27: 420 | K27: 610.9 | L27: 382.1 | M27: 493.7 | N27: 482.6 | O27: 557 | P27: 663.3 | Q27: 776 | R27: 600.4 | S27: 421.1 | T27: 427.5 | U27: 813.1 | V27: 900.6 | W27: 851.5 | X27: 871.7 | Y27: 1069 | Z27: 1364 | AA27: 1267.9 | AB27: 1082.3 | AC27: 1084.2 | AD27: 1114.4 | AE27: 1122.3 | AF27: 1251.7 | AG27: 1637.8 | AH27: 2032.8 | AI27: 2062.5 | AJ27: 1900.5 | AK27: 1842.8 | AL27: 1830.9 | AM27: 1818 | AN27: 1730.1 | AO27: 1614.3 | AP27: 1468.1 | AQ27: 1206.4 | AR27: 1015 | AS27: 799.9 | AT27: 699.2 | AU27: 622.6 | AV27: 677.7 | AW27: 574 | AX27: 611.8 | AY27: 727.4 | AZ27: 505.1 | BA27: 569.7 | BB27: 546 | BC27: 510.4 | BD27: 480.9 | BE27: 449.7 | BF27: 558.5
A28: - Liabilities due to customers | B28: - Zobowiązania wobec klientów | C28: 40774.6 | D28: 40253.4 | E28: 40658.1 | F28: 44501.8 | G28: 45359.1 | H28: 47651.4 | I28: 51303.5 | J28: 47111.9 | K28: 46583.4 | L28: 45927.9 | M28: 46520 | N28: 47630.7 | O28: 46197.3 | P28: 46022.6 | Q28: 47701.6 | R28: 47448.2 | S28: 46487.9 | T28: 48310.7 | U28: 50782.5 | V28: 52976.7 | W28: 52465.5 | X28: 54186 | Y28: 54896.2 | Z28: 57898.4 | AA28: 58126.8 | AB28: 64159.1 | AC28: 66911.4 | AD28: 67981.4 | AE28: 67036.3 | AF28: 70975.3 | AG28: 71979.6 | AH28: 75688.6 | AI28: 77661.5 | AJ28: 80755.1 | AK28: 83830 | AL28: 87866 | AM28: 90413.4 | AN28: 93492.4 | AO28: 92304.6 | AP28: 95825.4 | AQ28: 96620.7 | AR28: 97708.8 | AS28: 98459.8 | AT28: 104503.3 | AU28: 104662.1 | AV28: 109174.1 | AW28: 110205 | AX28: 117682.5 | AY28: 120414 | AZ28: 122992 | BA28: 125786.3 | BB28: 130473.5 | BC28: 139648.7 | BD28: 150979.3 | BE28: 154399.8 | BF28: 151028.5
A29: - Liabilities under issue of debt securities | B29: - Zobowiązania z tytułu emisji papierów wartościowych | C29: 0 | D29: 0 | E29: 0 | F29: 0 | G29: 0 | H29: 0 | I29: 0 | J29: 0 | K29: 0 | L29: 0 | M29: 0 | N29: 0 | O29: 0 | P29: 0 | Q29: 0 | R29: 0 | S29: 0 | T29: 0 | U29: 0 | V29: 0 | W29: 0 | X29: 0 | Y29: 0 | Z29: 567.1 | AA29: 574.5 | AB29: 566.4 | AC29: 571.5 | AD29: 566.4 | AE29: 571.4 | AF29: 566.4 | AG29: 571.6 | AH29: 866.5 | AI29: 872.7 | AJ29: 866.3 | AK29: 872 | AL29: 866.3 | AM29: 872 | AN29: 866.3 | AO29: 871.9 | AP29: 866.4 | AQ29: 872 | AR29: 866.3 | AS29: 872.1 | AT29: 300.3 | AU29: 302.2 | AV29: 300.2 | AW29: 302.2 | AX29: 300.3 | AY29: 302.2 | AZ29: 300.2 | BA29: 302.2 | BB29: 399.7 | BC29: 397.6 | BD29: 395.4 | BE29: 397.3 | BF29: 1370.5
A30: - Subordinated liabilities | B30: - Zobowiązania podporządkowane | C30: 0 | D30: 0 | E30: 0 | F30: 0 | G30: 0 | H30: 0 | I30: 0 | J30: 0 | K30: 0 | L30: 0 | M30: 0 | N30: 0 | O30: 0 | P30: 0 | Q30: 0 | R30: 0 | S30: 0 | T30: 0 | U30: 0 | V30: 0 | W30: 0 | X30: 0 | Y30: 0 | Z30: 0 | AA30: 0 | AB30: 0 | AC30: 0 | AD30: 0 | AE30: 0 | AF30: 0 | AG30: 0 | AH30: 0 | AI30: 0 | AJ30: 0 | AK30: 0 | AL30: 0 | AM30: 641.6 | AN30: 665.2 | AO30: 648.1 | AP30: 664.9 | AQ30: 634.2 | AR30: 635.3 | AS30: 647.7 | AT30: 626.9 | AU30: 632.4 | AV30: 655.6 | AW30: 641.9 | AX30: 1076.9 | AY30: 1077.2 | AZ30: 1065 | BA30: 2188.7 | BB30: 2131.1 | BC30: 2278.1 | BD30: 2235.1 | BE30: 2265.2 | BF30: 2309.2
A31: - Provisions | B31: - Rezerwy | C31: 82 | D31: 83 | E31: 75.9 | F31: 72.5 | G31: 69.3 | H31: 55.6 | I31: 62.7 | J31: 50.6 | K31: 57.3 | L31: 49 | M31: 49.7 | N31: 55.2 | O31: 48.3 | P31: 46.5 | Q31: 49.8 | R31: 55.8 | S31: 54 | T31: 66.9 | U31: 52.8 | V31: 58.1 | W31: 64.6 | X31: 64.2 | Y31: 65.4 | Z31: 72.8 | AA31: 73.9 | AB31: 77.6 | AC31: 67.3 | AD31: 67.8 | AE31: 68.9 | AF31: 71.1 | AG31: 71.7 | AH31: 74.8 | AI31: 70.6 | AJ31: 69.5 | AK31: 70.3 | AL31: 67.2 | AM31: 82.7 | AN31: 82 | AO31: 79.8 | AP31: 60.3 | AQ31: 59.4 | AR31: 69.5 | AS31: 77.3 | AT31: 108.8 | AU31: 115.6 | AV31: 125.1 | AW31: 164.9 | AX31: 152.4 | AY31: 152.2 | AZ31: 158.7 | BA31: 227.9 | BB31: 205.7 | BC31: 186.3 | BD31: 203 | BE31: 196.1 | BF31: 256.3
A32: - Deferred tax provision | B32: - Rezerwa z tytułu odroczonego podatku dochodowego | C32: 0 | D32: 0 | E32: 0 | F32: 0 | G32: 0 | H32: 0 | I32: 0 | J32: 0 | K32: 0 | L32: 55.6 | M32: 0 | N32: 0 | O32: 0 | P32: 0 | Q32: 0 | R32: 0 | S32: 0 | T32: 0 | U32: 0 | V32: 0 | W32: 1.5 | X32: 1.8 | Y32: 2.3 | Z32: 29 | AA32: 2.5 | AB32: 2.6 | AC32: 2.7 | AD32: 2.3 | AE32: 2.5 | AF32: 138.9 | AG32: 254 | AH32: 234.8 | AI32: 247 | AJ32: 0 | AK32: 92.9 | AL32: 132 | AM32: 218.3 | AN32: 94.5 | AO32: 36.4 | AP32: 121.3 | AQ32: 24.1 | AR32: 121.4 | AS32: 181.1 | AT32: 232.9 | AU32: 244.8 | AV32: 68.3 | AW32: 53.8 | AX32: 280.3 | AY32: 345.4 | AZ32: 212.3 | BA32: 389 | BB32: 381.3 | BC32: 700.3 | BD32: 426.2 | BE32: 445.2 | BF32: 389.6
A33: - Current income tax liabilities | B33: - Zobowiązanie z tytułu bieżącego podatku dochodowego | C33: 66.3 | D33: 51 | E33: 4.6 | F33: 0.1 | G33: 0.2 | H33: 53.6 | I33: 46.6 | J33: 39.1 | K33: 0 | L33: 0.1 | M33: 101.1 | N33: 156.1 | O33: 19.8 | P33: 55.4 | Q33: 60.5 | R33: 138.5 | S33: 0 | T33: 0.6 | U33: 0.4 | V33: 0 | W33: 2.2 | X33: 25.2 | Y33: 12.7 | Z33: 74 | AA33: 95.2 | AB33: 17.4 | AC33: 39.5 | AD33: 109.4 | AE33: 1.2 | AF33: 5.1 | AG33: 0.5 | AH33: 30.8 | AI33: 0.3 | AJ33: 10.2 | AK33: 30 | AL33: 24.8 | AM33: 3.4 | AN33: 86.9 | AO33: 110.4 | AP33: 0 | AQ33: 0 | AR33: 0 | AS33: 0 | AT33: 0 | AU33: 0 | AV33: 0 | AW33: 0 | AX33: 0 | AY33: 0 | AZ33: 0 | BA33: 0 | BB33: 0 | BC33: 5.2 | BD33: 5.3 | BE33: 5.3 | BF33: 0
A34: - Other liabilities | B34: - Inne zobowiązania | C34: 776.4 | D34: 952 | E34: 903.9 | F34: 570.7 | G34: 1002.4 | H34: 1086.3 | I34: 1034.7 | J34: 669.7 | K34: 999.7 | L34: 965.1 | M34: 949.6 | N34: 552.3 | O34: 1024.7 | P34: 1052.1 | Q34: 1147.5 | R34: 656.4 | S34: 1252.8 | T34: 1245.4 | U34: 1041.1 | V34: 945.9 | W34: 1121.7 | X34: 1084.4 | Y34: 973.7 | Z34: 830.2 | AA34: 812.1 | AB34: 1102.6 | AC34: 1112 | AD34: 943.3 | AE34: 1185.5 | AF34: 1177.5 | AG34: 1119.4 | AH34: 913.4 | AI34: 1681.6 | AJ34: 1190.8 | AK34: 1249.7 | AL34: 879.8 | AM34: 1932.1 | AN34: 1091.2 | AO34: 1172.5 | AP34: 1360.3 | AQ34: 1301.1 | AR34: 1332.4 | AS34: 1506.7 | AT34: 1953.9 | AU34: 1338 | AV34: 1718 | AW34: 1910.2 | AX34: 1503.7 | AY34: 2951.5 | AZ34: 2536.3 | BA34: 2702.7 | BB34: 2078.9 | BC34: 2522.1 | BD34: 2466.8 | BE34: 2525.1 | BF34: 2306
A35: T o t a l l i a b i l i t i e s | B35: Z o b o w i ą z a n i a o g ó ł e m | C35: =SUM(C24:C34) -> 52688.7 | D35: =SUM(D24:D34) -> 49552.2 | E35: =SUM(E24:E34) -> 49424.5 | F35: =SUM(F24:F34) -> 48170.3 | G35: =SUM(G24:G34) -> 56219 | H35: =SUM(H24:H34) -> 56533.9 | I35: =SUM(I24:I34) -> 60982.9 | J35: =SUM(J24:J34) -> 65386 | ... BF35: =SUM(BF24:BF34) -> 167977.4
A36: EQUITY | B36: KAPITAŁY
A37: - Share capital | B37: - Kapitał akcyjny | C37: 130.1 | D37: 130.1 | E37: 130.1 | F37: 130.1 | G37: 130.1 | H37: 130.1 | I37: 130.1 | J37: 130.1 | K37: 130.1 | L37: 130.1 | M37: 130.1 | N37: 130.1 | O37: 130.1 | P37: 130.1 | Q37: 130.1 | R37: 130.1 | S37: 130.1 | T37: 130.1 | U37: 130.1 | V37: 130.1 | W37: 130.1 | X37: 130.1 | Y37: 130.1 | Z37: 130.1 | AA37: 130.1 | AB37: 130.1 | AC37: 130.1 | AD37: 130.1 | AE37: 130.1 | AF37: 130.1 | AG37: 130.1 | AH37: 130.1 | AI37: 130.1 | AJ37: 130.1 | AK37: 130.1 | AL37: 130.1 | AM37: 130.1 | AN37: 130.1 | AO37: 130.1 | AP37: 130.1 | AQ37: 130.1 | AR37: 130.1 | AS37: 130.1 | AT37: 130.1 | AU37: 130.1 | AV37: 130.1 | AW37: 130.1 | AX37: 130.1 | AY37: 130.1 | AZ37: 130.1 | BA37: 130.1 | BB37: 130.1 | BC37: 130.1 | BD37: 130.1 | BE37: 130.1 | BF37: 130.1
A38: - Supplementary capital - issuance of shares over nominal value | B38: - Kapitał zapasowy - nadwyżka ze sprzedaży akcji powyżej ich wartości nominalnej | C38: =993.8-37.5 -> 956.3 | D38: =993.8-37.5 -> 956.3 | E38: =993.8-37.5 -> 956.3 | F38: 956.3 | G38: 956.3 | H38: 956.3 | I38: 956.3 | J38: 956.3 | K38: 956.3 | L38: 956.3 | M38: 956.3 | N38: 956.3 | O38: 956.3 | P38: 956.3 | Q38: 956.3 | R38: 956.3 | S38: 956.3 | T38: 956.3 | U38: 956.3 | V38: 956.3 | W38: 956.3 | X38: 956.3 | Y38: 956.3 | Z38: 956.3 | AA38: 956.3 | AB38: 956.3 | AC38: 956.3 | AD38: 956.3 | AE38: 956.3 | AF38: 956.3 | AG38: 956.3 | AH38: 956.3 | AI38: 956.3 | AJ38: 956.3 | AK38: 956.3 | AL38: 956.3 | AM38: 956.3 | AN38: 956.3 | AO38: 956.3 | AP38: 956.3 | AQ38: 956.3 | AR38: 956.3 | AS38: 956.3 | AT38: 956.3 | AU38: 956.3 | AV38: 956.3 | AW38: 956.3 | AX38: 956.3 | AY38: 956.3 | AZ38: 956.3 | BA38: 956.3 | BB38: 956.3 | BC38: 956.3 | BD38: 956.3 | BE38: 956.3 | BF38: 956.3
A39: - Accumulated other comprehensive income | B39: - Skumulowane inne całkowite dochody | C39: 74.2 | D39: -11.4 | E39: -12.5 | F39: -91.6 | G39: -90 | H39: -208.5 | I39: -75.2 | J39: -2.5 | K39: -24.6 | L39: 12.2 | M39: 28.1 | N39: 48.7 | O39: 117.5 | P39: 73.2 | Q39: 128.5 | R39: 56.4 | S39: -28.5 | T39: 99.1 | U39: 118.2 | V39: 118.3 | W39: 187.1 | X39: 244.2 | Y39: 483.6 | Z39: 999.7 | AA39: 840.1 | AB39: 516.8 | AC39: 419.3 | AD39: 524.3 | AE39: 526.5 | AF39: 1085.9 | AG39: 1584.5 | AH39: 1874.3 | AI39: 1908.8 | AJ39: 888.3 | AK39: 1316.9 | AL39: 1485 | AM39: 1774.8 | AN39: 1508 | AO39: 1341.8 | AP39: 577.5 | AQ39: 589.6 | AR39: 596.2 | AS39: 551.8 | AT39: 494.3 | AU39: 684 | AV39: 557 | AW39: 450.6 | AX39: 1169.7 | AY39: 1392.2 | AZ39: 1729.2 | BA39: 2357.3 | BB39: 1867.3 | BC39: 3717.7 | BD39: 4296 | BE39: 4216.1 | BF39: 3923.4
A40: - Retained earnings | B40: - Zyski zatrzymane | C40: 2741.7 | D40: 2547 | E40: 2746.5 | F40: 2844 | G40: 3017.3 | H40: 3099.7 | I40: 3266.7 | J40: 3138.3 | K40: 3219.1 | L40: 3416 | M40: 3627.6 | N40: 3749.3 | O40: 3927.8 | P40: 4120.6 | Q40: 4314.6 | R40: 4508 | S40: 4724.1 | T40: 4766 | U40: 4990 | V40: 5209 | W40: 5477.6 | X40: 5648.2 | Y40: 5854.9 | Z40: 6047.7 | AA40: 6310 | AB40: 6528 | AC40: 6763.5 | AD40: 7015.6 | AE40: 7272.7 | AF40: 6986.4 | AG40: 7260.7 | AH40: 7493.3 | AI40: 7234.3 | AJ40: 7581.4 | AK40: 7898.5 | AL40: 8106.5 | AM40: 7806.5 | AN40: 8215.7 | AO40: 8548.5 | AP40: 8811 | AQ40: 9111.3 | AR40: 9471.5 | AS40: 9848 | AT40: 9953.6 | AU40: 10288.5 | AV40: 10232.5 | AW40: 10610.8 | AX40: 11065.5 | AY40: 10934.7 | AZ40: 11404.2 | BA40: 11819 | BB40: 12269.6 | BC40: 12536.9 | BD40: 12853.1 | BE40: 13293.3 | BF40: 13608.5
A41: Equity attributable to shareholders of ING Bank Śląski S.A. | B41: Kapitał własny przypadający akcjonariuszom ING Banku Śląskiego S.A. | C41: =SUM(C37:C40) -> 3902.3 | D41: =SUM(D37:D40) -> 3622 | E41: =SUM(E37:E40) -> 3820.4 | F41: =SUM(F37:F40) -> 3838.8 | G41: =SUM(G37:G40) -> 4013.7 | H41: =SUM(H37:H40) -> 3977.6 | I41: =SUM(I37:I40) -> 4277.9 | J41: =SUM(J37:J40) -> 4222.2 | ... BF41: =SUM(BF37:BF40) -> 18618.3
A43: - Non-controlling interests | B43: - Udziały niekontrolujące | C43: 25.9 | D43: 28.9 | E43: 1.7 | F43: 1.7 | G43: 1.7 | H43: 1.7 | I43: 1.8 | J43: 2.3 | K43: 2.3 | L43: 2.3 | M43: 2.3 | N43: 2.3 | O43: 2.3 | P43: 2.3 | Q43: 2.4 | R43: 2.3 | S43: 2.3 | T43: 2.3 | U43: 2.3 | V43: 2.3 | W43: 2.3 | X43: 2.3 | Y43: 2.3 | Z43: 2.3 | AA43: 2.3 | AB43: 2.3 | AC43: 2.3 | AD43: 2.3 | AE43: 2.3 | AF43: 2.4 | AG43: 2.6 | AH43: 2.6 | AI43: 2.6 | AJ43: 2.6 | AK43: 2.6 | AL43: 2.6 | AM43: 2.5 | AN43: 2.5 | AO43: 2.3 | AP43: 2.3 | AQ43: 2.1 | AR43: 0 | AS43: 0 | AT43: 0 | AU43: 0 | AV43: 0 | AW43: 0 | AX43: 0 | AY43: 0 | AZ43: 0 | BA43: 0 | BB43: 0 | BC43: 0 | BD43: 0 | BE43: 0 | BF43: 0
A45: T o t a l e q u i t y | B45: K a p i t a ł y w ł a s n e o g ó ł e m | C45: =C41+C43 -> 3928.2 | D45: =D41+D43 -> 3650.9 | E45: =E41+E43 -> 3822.1 | F45: =F41+F43 -> 3840.5 | G45: =G41+G43 -> 4015.4 | H45: =H41+H43 -> 3979.3 | I45: =I41+I43 -> 4279.7 | J45: =J41+J43 -> 4224.5 | ... BF45: =BF41+BF43 -> 18618.3
A47: T o t a l e q u i t y a n d l i a b i l i t i e s | B47: Z o b o w i ą z a n i a i k a p i t a ł w ł a s n y r a z e m | C47: =C35+C45 -> 56616.9 | D47: =D35+D45 -> 53203.1 | E47: =E35+E45 -> 53246.6 | F47: =F35+F45 -> 52010.8 | G47: =G35+G45 -> 60234.4 | H47: =H35+H45 -> 60513.2 | I47: =I35+I45 -> 65262.6 | J47: =J35+J45 -> 69610.5 | ... BF47: =BF35+BF45 -> 186595.7

Sheet Kredyty_loans
A1: Comparable data pro-forma | B1: Dane porównywalne pro-forma | AY1: nowa segmentacja / new segmentation ->
A2: Loans and other receivables to customers | B2: Kredyty i inne należności udzielone klientom | AP2: 2016 | AQ2: 2017 | AU2: 2018 | AY2: 2019 | BC2: 2020
AP3: 4Q | AQ3: 1Q | AR3: 2Q | AS3: 3Q | AT3: 4Q | AU3: 1Q | AV3: 2Q | AW3: 3Q | AX3: 4Q | AY3: 1Q | AZ3: 2Q | BA3: 3Q | BB3: 4Q | BC3: 1Q | BD3: 2Q | BE3: 3Q | BF3: 4Q
A4: (PLN million) | B4: (w mln zł) | AP4: [MSR 39 / IAS 39] | AQ4: [MSR 39 / IAS 39] | AR4: [MSR 39 / IAS 39] | AS4: [MSR 39 / IAS 39] | AT4: [MSR 39 / IAS 39] | AU4: [MSSF 9 / IFRS 9] | AV4: [MSSF 9 / IFRS 9] | AW4: [MSSF 9 / IFRS 9] | AX4: [MSSF 9 / IFRS 9] | AY4: [MSSF 9 / IFRS 9] | AZ4: [MSSF 9 / IFRS 9] | BA4: [MSSF 9 / IFRS 9] | BB4: [MSSF 9 / IFRS 9] | BC4: [MSSF 9 / IFRS 9] | BD4: [MSSF 9 / IFRS 9] | BE4: [MSSF 9 / IFRS 9] | BF4: [MSSF 9 / IFRS 9]
A5: Measured at amortised cost | B5: Wyceniane wg zamortyzowanego kosztu | AP5: =AP60 -> 81979.5 | AQ5: =AQ60 -> 84399.5 | AR5: =AR60 -> 86922.3 | AS5: =AS60 -> 90107 | AT5: =AT60 -> 87274.6 | AU5: =AU60 -> 90028.2 | AV5: =AV60 -> 94475.3 | AW5: =AW60 -> 98986 | ... BF5: =BF60 -> 124655.3
A6: Measured at fair value through profit or loss | B6: Wyceniane do wartości godziwej przez rachunek zysków i strat | AP6: - | AQ6: - | AR6: - | AS6: - | AT6: - | AU6: 262.3 | AV6: 249 | AW6: 237.8 | AX6: 218.4 | AY6: 206.1 | AZ6: 193.4 | BA6: 177.9 | BB6: 160.3 | BC6: 148.7 | BD6: 233.4 | BE6: 219.8 | BF6: 106.2
A7: Total (net) | B7: Razem (netto) | AP7: =SUM(AP5:AP6) -> 81979.5 | AQ7: =SUM(AQ5:AQ6) -> 84399.5 | AR7: =SUM(AR5:AR6) -> 86922.3 | AS7: =SUM(AS5:AS6) -> 90107 | AT7: =SUM(AT5:AT6) -> 87274.6 | AU7: =SUM(AU5:AU6) -> 90290.5 | AV7: =SUM(AV5:AV6) -> 94724.3 | AW7: =SUM(AW5:AW6) -> 99223.8 | ... BF7: =SUM(BF5:BF6) -> 124761.5
A9: Loans and other receivables measured at amortised cost | B9: Kredyty i inne należności wyceniane wg zamortyzowanego kosztu | AP9: 2016 | AQ9: 2017 | AU9: 2018 | AY9: 2019 | BC9: 2020
AP10: 4Q | AQ10: 1Q | AR10: 2Q | AS10: 3Q | AT10: 4Q | AU10: 1Q | AV10: 2Q | AW10: 3Q | AX10: 4Q | AY10: 1Q | AZ10: 2Q | BA10: 3Q | BB10: 4Q | BC10: 1Q | BD10: 2Q | BE10: 3Q | BF10: 4Q
A12: Gross loans and other receivables measured at amortised cost, including: | B12: Kredyty i inne należności brutto wyceniane wg zamortyzowanego kosztu, w tym: | AP12: =SUM(AP14,AP30) -> 83447.2 | AQ12: =SUM(AQ14,AQ30) -> 85915.6 | AR12: =SUM(AR14,AR30) -> 88458.2 | AS12: =SUM(AS14,AS30) -> 91699.7 | AT12: =SUM(AT14,AT30) -> 88942.1 | AU12: =SUM(AU14,AU30) -> 92114.4 | AV12: =SUM(AV14,AV30) -> 96711.3 | AW12: =SUM(AW14,AW30) -> 101189.9 | ... BF12: =SUM(BF14,BF30) -> 127925.7
A14: Portfolio of gross loans, including: | B14: Portfel kredytowy brutto, w tym: | AP14: =SUM(AP15:AP17) -> 79100.6 | AQ14: =SUM(AQ15:AQ17) -> 81785.8 | AR14: =SUM(AR15:AR17) -> 84277.2 | AS14: =SUM(AS15:AS17) -> 87356.3 | AT14: =SUM(AT15:AT17) -> 88223.1 | AU14: =SUM(AU15:AU17) -> 91367.2 | AV14: =SUM(AV15:AV17) -> 95902.3 | AW14: =SUM(AW15:AW17) -> 100398.8 | ... BF14: =SUM(BF15:BF17) -> 125992.4
A15: Households | B15: Gospodarstwa domowe | AP15: 33450 | AQ15: 34675.2 | AR15: 36236.1 | AS15: 38046.5 | AT15: 39536 | AU15: 42477.4 | AV15: 44811.2 | AW15: 46785.7 | AX15: 48631.3 | AY15: 50644.9 | AZ15: 53434.3 | BA15: 56220.3 | BB15: 58488.8 | BC15: 61282.6 | BD15: 62526.7 | BE15: 64045.4 | BF15: 65039.7
A16: Business entities | B16: Podmioty gospodarcze | AP16: 42233.4 | AQ16: 43730 | AR16: 44806.6 | AS16: 46243.1 | AT16: 45838.6 | AU16: 46239.5 | AV16: 48533.7 | AW16: 50952.3 | AX16: 52388.2 | AY16: 54460.5 | AZ16: 54600.8 | BA16: 56793.9 | BB16: 56769 | BC16: 59611.3 | BD16: 55989.5 | BE16: 56604.2 | BF16: 57634.6
A17: The government and self-government institutions’ sector | B17: Sektor instytucji rządowych i samorządowych | AP17: 3417.2 | AQ17: 3380.6 | AR17: 3234.5 | AS17: 3066.7 | AT17: 2848.5 | AU17: 2650.3 | AV17: 2557.4 | AW17: 2660.8 | AX17: 3207.3 | AY17: 3133.3 | AZ17: 3244.9 | BA17: 3191.3 | BB17: 3019.2 | BC17: 2975.3 | BD17: 2947 | BE17: 3095.6 | BF17: 3318.1
A18: Total, including: | B18: Razem, w tym: | AP18: =SUM(AP19,AP25) -> 79100.6 | AQ18: =SUM(AQ19,AQ25) -> 81785.8 | AR18: =SUM(AR19,AR25) -> 84277.2 | AS18: =SUM(AS19,AS25) -> 87356.3 | AT18: =SUM(AT19,AT25) -> 88223.1 | AU18: =SUM(AU19,AU25) -> 91367.2 | AV18: =SUM(AV19,AV25) -> 95902.3 | AW18: =SUM(AW19,AW25) -> 100398.8 | ... BF18: =SUM(BF19,BF25) -> 125992.4
A19: Corporate banking segment | B19: Bankowość korporacyjna | AP19: =SUM(AP20:AP24) -> 47460 | AQ19: =SUM(AQ20:AQ24) -> 48999.6 | AR19: =SUM(AR20:AR24) -> 49955.9 | AS19: =SUM(AS20:AS24) -> 51561 | AT19: =SUM(AT20:AT24) -> 50714.1 | AU19: =SUM(AU20:AU24) -> 51942.5 | AV19: =SUM(AV20:AV24) -> 54179.2 | AW19: =SUM(AW20:AW24) -> 56859 | ... BF19: =SUM(BF20:BF24) -> 70159.9
A20: loans in the current account | B20: kredyty w rachunku bieżącym | AP20: 7544.2 | AQ20: 9431 | AR20: 9538.6 | AS20: 9904.2 | AT20: 9230.7 | AU20: 10622.5 | AV20: 10393.2 | AW20: 11222.6 | AX20: 10782.9 | AY20: 12286.3 | AZ20: 12478.4 | BA20: 9239.6 | BB20: 11515.3 | BC20: 11871.7 | BD20: 10095.9 | BE20: 9949.8 | BF20: 9549.9
A21: term loans and advances | B21: kredyty i pożyczki terminowe | AP21: 27754 | AQ21: 27293.1 | AR21: 27919.2 | AS21: 28932.8 | AT21: 28413.1 | AU21: 28311.8 | AV21: 30441.6 | AW21: 31819.8 | AX21: 33243.9 | AY21: 38337.1 | AZ21: 38453.8 | BA21: 43348.1 | BB21: 41166.6 | BC21: 43599.3 | BD21: 42455.3 | BE21: 42733.6 | BF21: 42928.5
A22: leasing receivables | B22: należności leasingowe | AP22: 5258.2 | AQ22: 5278 | AR22: 5549.6 | AS22: 5725 | AT22: 5902.3 | AU22: 6116.6 | AV22: 6481.1 | AW22: 6782.6 | AX22: 7165 | AY22: 8673.6 | AZ22: 9135.1 | BA22: 9469.6 | BB22: 9396.8 | BC22: 9608.4 | BD22: 9477.2 | BE22: 9626.2 | BF22: 9832.1
A23: factoring receivables | B23: należności faktoringowe | AP23: 4373.7 | AQ23: 4536.9 | AR23: 4643.2 | AS23: 4742.6 | AT23: 4619.8 | AU23: 4583.8 | AV23: 4773.9 | AW23: 4793.3 | AX23: 4861.9 | AY23: 5038.5 | AZ23: 5173.9 | BA23: 5333.5 | BB23: 5333.4 | BC23: 5373.9 | BD23: 4597.6 | BE23: 4674.2 | BF23: 4857.1
A24: corporate and municipal securities | B24: papiery wartościowe komercyjne i komunalne | AP24: 2529.9 | AQ24: 2460.6 | AR24: 2305.3 | AS24: 2256.4 | AT24: 2548.2 | AU24: 2307.8 | AV24: 2089.4 | AW24: 2240.7 | AX24: 2809.8 | AY24: 2511.1 | AZ24: 2337.8 | BA24: 2619.7 | BB24: 2504.6 | BC24: 2475.5 | BD24: 2228.4 | BE24: 2997.3 | BF24: 2992.3
A25: Retail banking segment | B25: Bankowość detaliczna | AP25: =SUM(AP26:AP29) -> 31640.6 | AQ25: =SUM(AQ26:AQ29) -> 32786.2 | AR25: =SUM(AR26:AR29) -> 34321.3 | AS25: =SUM(AS26:AS29) -> 35795.3 | AT25: =SUM(AT26:AT29) -> 37509 | AU25: =SUM(AU26:AU29) -> 39424.7 | AV25: =SUM(AV26:AV29) -> 41723.1 | AW25: =SUM(AW26:AW29) -> 43539.8 | ... BF25: =SUM(BF26:BF29) -> 55832.5
A26: mortgages | B26: kredyty i pożyczki hipoteczne | AP26: 23469.3 | AQ26: 24171.6 | AR26: 25179.6 | AS26: 26234.6 | AT26: 27539.8 | AU26: 28892.1 | AV26: 30540.9 | AW26: 31988.9 | AX26: 33371.7 | AY26: 34589.5 | AZ26: 36464.6 | BA26: 38618.2 | BB26: 40771.7 | BC26: 43178.9 | BD26: 44932.8 | BE26: 45923.9 | BF26: 47901.1
A27: loans in the current account | B27: kredyty w rachunku bieżącym | AP27: 1217.9 | AQ27: 1281.1 | AR27: 1328.1 | AS27: 1367.6 | AT27: 1315 | AU27: 1394.2 | AV27: 1403.4 | AW27: 1376.8 | AX27: 1329.2 | AY27: 588.9 | AZ27: 611.9 | BA27: 650.1 | BB27: 645.2 | BC27: 627.3 | BD27: 612.5 | BE27: 654.3 | BF27: 655
A28: leasing receivables | B28: należności leasingowe | AP28: 502.4 | AQ28: 536.4 | AR28: 576.9 | AS28: 631.1 | AT28: 690.7 | AU28: 753 | AV28: 811.2 | AW28: 872.9 | AX28: 979.1 | AY28: 0 | AZ28: 0 | BA28: 0 | BB28: 0 | BC28: 0 | BD28: 0 | BE28: 0 | BF28: 0
A29: other loans and advances | B29: pozostałe kredyty i pożyczki | AP29: 6451 | AQ29: 6797.1 | AR29: 7236.7 | AS29: 7562 | AT29: 7963.5 | AU29: 8385.4 | AV29: 8967.6 | AW29: 9301.2 | AX29: 9683.3 | AY29: 6213.7 | AZ29: 6624.5 | BA29: 6926.7 | BB29: 6943.4 | BC29: 7134.2 | BD29: 7063.5 | BE29: 7185.9 | BF29: 7276.4
A30: Other gross receivables, including: | B30: Inne należności brutto, w tym: | AP30: =SUM(AP31:AP34) -> 4346.6 | AQ30: =SUM(AQ31:AQ34) -> 4129.8 | AR30: =SUM(AR31:AR34) -> 4181 | AS30: =SUM(AS31:AS34) -> 4343.4 | AT30: =SUM(AT31:AT34) -> 719 | AU30: =SUM(AU31:AU34) -> 747.2 | AV30: =SUM(AV31:AV34) -> 809 | AW30: =SUM(AW31:AW34) -> 791.1 | ... BF30: =SUM(BF31:BF34) -> 1933.3
A31: Eurobonds (T-bonds) | B31: euroobligacje (obligacje Skarbu Państwa) | AP31: 3910.7 | AQ31: 3686.4 | AR31: 3589.8 | AS31: 3674.4 | AT31: 0 | AU31: 0 | AV31: 0 | AW31: 0 | AX31: 0 | AY31: 0 | AZ31: 0 | BA31: 0 | BB31: 0 | BC31: 0 | BD31: 0 | BE31: 0 | BF31: 0
A32: complex call deposits | B32: złożone depozyty zabezpieczające typu call | AP32: 329 | AQ32: 324.6 | AR32: 483.4 | AS32: 521.2 | AT32: 540.1 | AU32: 603 | AV32: 651.7 | AW32: 612 | AX32: 733 | AY32: 1029.7 | AZ32: 1081.1 | BA32: 1451.7 | BB32: 1598.6 | BC32: 1936.5 | BD32: 1368.3 | BE32: 1213 | BF32: 1272.2
A33: receivables under repo transactions | B33: należności z tytułu transakcji z przyrzeczeniem odkupu | AP33: 0 | AQ33: 19.9 | AR33: 20 | AS33: 19.7 | AT33: 19.8 | AU33: 0 | AV33: 0 | AW33: 0 | AX33: 0 | AY33: 0 | AZ33: 0 | BA33: 0 | BB33: 0 | BC33: 0 | BD33: 0 | BE33: 0 | BF33: 0
A34: other receivables | B34: pozostałe należności | AP34: 106.9 | AQ34: 98.9 | AR34: 87.8 | AS34: 128.1 | AT34: 159.1 | AU34: 144.2 | AV34: 157.3 | AW34: 179.1 | AX34: 217.6 | AY34: 197.3 | AZ34: 378.1 | BA34: 428.7 | BB34: 698.2 | BC34: 420.2 | BD34: 814.7 | BE34: 609.6 | BF34: 661.1
A36: Impairment on loans and other receivables measured at amortised cost, including: | B36: Odpis na kredyty i inne należności wyceniane wg zamortyzowanego kosztu, w tym: | AP36: =SUM(AP38,AP54) -> -1467.7 | AQ36: =SUM(AQ38,AQ54) -> -1516.1 | AR36: =SUM(AR38,AR54) -> -1535.9 | AS36: =SUM(AS38,AS54) -> -1592.7 | AT36: =SUM(AT38,AT54) -> -1667.5 | AU36: =SUM(AU38,AU54) -> -2086.2 | AV36: =SUM(AV38,AV54) -> -2236 | AW36: =SUM(AW38,AW54) -> -2203.9 | ... BF36: =SUM(BF38,BF54) -> -3270.4
A38: Impairment on portfolio of loans, including: | B38: Odpis na portfel kredytowy, w tym: | AP38: =SUM(AP39:AP41) -> -1467 | AQ38: =SUM(AQ39:AQ41) -> -1515.4 | AR38: =SUM(AR39:AR41) -> -1535.2 | AS38: =SUM(AS39:AS41) -> -1592 | AT38: =SUM(AT39:AT41) -> -1666.8 | AU38: =SUM(AU39:AU41) -> -2086.2 | AV38: =SUM(AV39:AV41) -> -2236 | AW38: =SUM(AW39:AW41) -> -2203.9 | ... BF38: =SUM(BF39:BF41) -> -3270.3
A39: Households | B39: Gospodarstwa domowe | AP39: -584.6 | AQ39: -623.3 | AR39: -659.4 | AS39: -664.6 | AT39: -695.6 | AU39: -1004.4 | AV39: -1103.8 | AW39: -1021.7 | AX39: -1105.6 | AY39: -1151.9 | AZ39: -1224.2 | BA39: -1327.1 | BB39: -1203.9 | BC39: -1378.8 | BD39: -1489.1 | BE39: -1588.8 | BF39: -1694.7
A40: Business entities | B40: Podmioty gospodarcze | AP40: -881.2 | AQ40: -890.9 | AR40: -874.5 | AS40: -926.1 | AT40: -970 | AU40: -1080.3 | AV40: -1131.6 | AW40: -1181.8 | AX40: -1164.3 | AY40: -1132.2 | AZ40: -1198.5 | BA40: -1207.4 | BB40: -1241.8 | BC40: -1387.2 | BD40: -1558.3 | BE40: -1596.4 | BF40: -1574.9
A41: The government and self-government institutions’ sector | B41: Sektor instytucji rządowych i samorządowych | AP41: -1.2 | AQ41: -1.2 | AR41: -1.3 | AS41: -1.3 | AT41: -1.2 | AU41: -1.5 | AV41: -0.6 | AW41: -0.4 | AX41: -0.1 | AY41: -0.3 | AZ41: -0.1 | BA41: -0.4 | BB41: -0.3 | BC41: -0.2 | BD41: -0.6 | BE41: -0.5 | BF41: -0.7
A42: Total, including: | B42: Razem, w tym: | AP42: =SUM(AP43,AP49) -> -1467 | AQ42: =SUM(AQ43,AQ49) -> -1515.4 | AR42: =SUM(AR43,AR49) -> -1535.2 | AS42: =SUM(AS43,AS49) -> -1592 | AT42: =SUM(AT43,AT49) -> -1666.8 | AU42: =SUM(AU43,AU49) -> -2086.2 | AV42: =SUM(AV43,AV49) -> -2236 | AW42: =SUM(AW43,AW49) -> -2203.9 | ... BF42: =SUM(BF43,BF49) -> -3270.3
A43: Corporate banking segment | B43: Bankowość korporacyjna | AP43: =SUM(AP44:AP48) -> -939.9 | AQ43: =SUM(AQ44:AQ48) -> -952.4 | AR43: =SUM(AR44:AR48) -> -933.6 | AS43: =SUM(AS44:AS48) -> -989.9 | AT43: =SUM(AT44:AT48) -> -1039 | AU43: =SUM(AU44:AU48) -> -1157.5 | AV43: =SUM(AV44:AV48) -> -1211.6 | AW43: =SUM(AW44:AW48) -> -1275.8 | ... BF43: =SUM(BF44:BF48) -> -2183.2
A44: loans in the current account | B44: kredyty w rachunku bieżącym | AP44: -265.3 | AQ44: -289.9 | AR44: -287.5 | AS44: -287.6 | AT44: -310.6 | AU44: -390.4 | AV44: -406.2 | AW44: -423 | AX44: -460.1 | AY44: -472.4 | AZ44: -503.9 | BA44: -521.1 | BB44: -515.8 | BC44: -550.1 | BD44: -565.6 | BE44: -588.2 | BF44: -567.8
A45: term loans and advances | B45: kredyty i pożyczki terminowe | AP45: -585.2 | AQ45: -583.2 | AR45: -582.2 | AS45: -631.8 | AT45: -650.6 | AU45: -702.5 | AV45: -740.2 | AW45: -782.2 | AX45: -726.6 | AY45: -953.4 | AZ45: -1017.5 | BA45: -1047.8 | BB45: -1067.4 | BC45: -1211.8 | BD45: -1375.6 | BE45: -1409 | BF45: -1417.7
A46: leasing receivables | B46: należności leasingowe | AP46: -49 | AQ46: -39.3 | AR46: -26.7 | AS46: -26.9 | AT46: -30.9 | AU46: -42.3 | AV46: -42.6 | AW46: -43.5 | AX46: -46.9 | AY46: -55.5 | AZ46: -57.2 | BA46: -46.5 | BB46: -62.1 | BC46: -81.9 | BD46: -113.2 | BE46: -121.5 | BF46: -134.5
A47: factoring receivables | B47: należności faktoringowe | AP47: -23.3 | AQ47: -23.5 | AR47: -21 | AS47: -27.5 | AT47: -30.8 | AU47: -21.2 | AV47: -22.3 | AW47: -26.3 | AX47: -27.4 | AY47: -26.6 | AZ47: -35.1 | BA47: -43.6 | BB47: -40.1 | BC47: -47.4 | BD47: -55.2 | BE47: -62.3 | BF47: -62.6
A48: corporate and municipal securities | B48: papiery wartościowe komercyjne i komunalne | AP48: -17.1 | AQ48: -16.5 | AR48: -16.2 | AS48: -16.1 | AT48: -16.1 | AU48: -1.1 | AV48: -0.3 | AW48: -0.8 | AX48: -0.5 | AY48: -0.5 | AZ48: -0.3 | BA48: -0.6 | BB48: -0.6 | BC48: -0.6 | BD48: -0.9 | BE48: -0.6 | BF48: -0.6
A49: Retail banking segment | B49: Bankowość detaliczna | AP49: =SUM(AP50:AP53) -> -527.1 | AQ49: =SUM(AQ50:AQ53) -> -563 | AR49: =SUM(AR50:AR53) -> -601.6 | AS49: =SUM(AS50:AS53) -> -602.1 | AT49: =SUM(AT50:AT53) -> -627.8 | AU49: =SUM(AU50:AU53) -> -928.7 | AV49: =SUM(AV50:AV53) -> -1024.4 | AW49: =SUM(AW50:AW53) -> -928.1 | ... BF49: =SUM(BF50:BF53) -> -1087.1
A50: mortgages | B50: kredyty i pożyczki hipoteczne | AP50: -185.3 | AQ50: -189.1 | AR50: -181.2 | AS50: -176.3 | AT50: -170.4 | AU50: -231 | AV50: -245.5 | AW50: -232.4 | AX50: -224.9 | AY50: -227.8 | AZ50: -200.1 | BA50: -209 | BB50: -174.3 | BC50: -202 | BD50: -224.1 | BE50: -255.2 | BF50: -279.3
A51: loans in the current account | B51: kredyty w rachunku bieżącym | AP51: -74 | AQ51: -77.3 | AR51: -83.3 | AS51: -72.5 | AT51: -75.2 | AU51: -98.8 | AV51: -104 | AW51: -71.9 | AX51: -105.8 | AY51: -47.7 | AZ51: -51.8 | BA51: -55.9 | BB51: -48.7 | BC51: -54.4 | BD51: -53.4 | BE51: -53.2 | BF51: -60.7
A52: leasing receivables | B52: należności leasingowe | AP52: -1 | AQ52: -1 | AR52: -1.2 | AS52: -1.8 | AT52: -2 | AU52: -2.3 | AV52: -3.4 | AW52: -3.7 | AX52: -3.6 | AY52: 0 | AZ52: 0 | BA52: 0 | BB52: 0 | BC52: 0 | BD52: 0 | BE52: 0 | BF52: 0
A53: other loans and advances | B53: pozostałe kredyty i pożyczki | AP53: -266.8 | AQ53: -295.6 | AR53: -335.9 | AS53: -351.5 | AT53: -380.2 | AU53: -596.6 | AV53: -671.5 | AW53: -620.1 | AX53: -674.2 | AY53: -500.5 | AZ53: -556.9 | BA53: -610.4 | BB53: -537 | BC53: -618 | BD53: -660 | BE53: -695.7 | BF53: -747.1
A54: Impairment on other receivables, including: | B54: Odpis na inne należności, w tym: | AP54: =SUM(AP55:AP58) -> -0.7 | AQ54: =SUM(AQ55:AQ58) -> -0.7 | AR54: =SUM(AR55:AR58) -> -0.7 | AS54: =SUM(AS55:AS58) -> -0.7 | AT54: =SUM(AT55:AT58) -> -0.7 | AU54: =SUM(AU55:AU58) -> 0 | AV54: =SUM(AV55:AV58) -> 0 | AW54: =SUM(AW55:AW58) -> 0 | ... BF54: =SUM(BF55:BF58) -> -0.1
A55: Eurobonds (T-bonds) | B55: euroobligacje (obligacje Skarbu Państwa) | AP55: -0.7 | AQ55: -0.7 | AR55: -0.7 | AS55: -0.7 | AT55: -0.7 | AU55: 0 | AV55: 0 | AW55: 0 | AX55: 0 | AY55: 0 | AZ55: 0 | BA55: 0 | BB55: 0 | BC55: 0 | BD55: 0 | BE55: 0 | BF55: 0
A56: complex call deposits | B56: złożone depozyty zabezpieczające typu call | AP56: 0 | AQ56: 0 | AR56: 0 | AS56: 0 | AT56: 0 | AU56: 0 | AV56: 0 | AW56: 0 | AX56: 0 | AY56: 0 | AZ56: 0 | BA56: 0 | BB56: 0 | BC56: 0 | BD56: -0.1 | BE56: -0.1 | BF56: 0
A57: receivables under repo transactions | B57: należności z tytułu transakcji z przyrzeczeniem odkupu | AP57: 0 | AQ57: 0 | AR57: 0 | AS57: 0 | AT57: 0 | AU57: 0 | AV57: 0 | AW57: 0 | AX57: 0 | AY57: 0 | AZ57: 0 | BA57: 0 | BB57: 0 | BC57: 0 | BD57: 0 | BE57: 0 | BF57: 0
A58: other receivables | B58: pozostałe należności | AP58: 0 | AQ58: 0 | AR58: 0 | AS58: 0 | AT58: 0 | AU58: 0 | AV58: 0 | AW58: 0 | AX58: 0 | AY58: 0 | AZ58: 0 | BA58: 0 | BB58: 0 | BC58: 0 | BD58: 0 | BE58: 0 | BF58: -0.1
A60: Net loans and other receivables measured at amortised cost, including: | B60: Kredyty i inne należności netto wyceniane wg zamortyzowanego kosztu, w tym: | AP60: =SUM(AP62,AP78) -> 81979.5 | AQ60: =SUM(AQ62,AQ78) -> 84399.5 | AR60: =SUM(AR62,AR78) -> 86922.3 | AS60: =SUM(AS62,AS78) -> 90107 | AT60: =SUM(AT62,AT78) -> 87274.6 | AU60: =SUM(AU62,AU78) -> 90028.2 | AV60: =SUM(AV62,AV78) -> 94475.3 | AW60: =SUM(AW62,AW78) -> 98986 | ... BF60: =SUM(BF62,BF78) -> 124655.3
A62: Portfolio of net loans, including: | B62: Portfel kredytowy netto, w tym: | AP62: =SUM(AP63:AP65) -> 77633.6 | AQ62: =SUM(AQ63:AQ65) -> 80270.4 | AR62: =SUM(AR63:AR65) -> 82742 | AS62: =SUM(AS63:AS65) -> 85764.3 | AT62: =SUM(AT63:AT65) -> 86556.3 | AU62: =SUM(AU63:AU65) -> 89281 | AV62: =SUM(AV63:AV65) -> 93666.3 | AW62: =SUM(AW63:AW65) -> 98194.9 | ... BF62: =SUM(BF63:BF65) -> 122722.1
A63: Households | B63: Gospodarstwa domowe | AP63: =SUM(AP15,AP39) -> 32865.4 | AQ63: =SUM(AQ15,AQ39) -> 34051.9 | AR63: =SUM(AR15,AR39) -> 35576.7 | AS63: =SUM(AS15,AS39) -> 37381.9 | AT63: =SUM(AT15,AT39) -> 38840.4 | AU63: =SUM(AU15,AU39) -> 41473 | AV63: =SUM(AV15,AV39) -> 43707.4 | AW63: =SUM(AW15,AW39) -> 45764 | ... BF63: =SUM(BF15,BF39) -> 63345
A64: Business entities | B64: Podmioty gospodarcze | AP64: =SUM(AP16,AP40) -> 41352.2 | AQ64: =SUM(AQ16,AQ40) -> 42839.1 | AR64: =SUM(AR16,AR40) -> 43932.1 | AS64: =SUM(AS16,AS40) -> 45317 | AT64: =SUM(AT16,AT40) -> 44868.6 | AU64: =SUM(AU16,AU40) -> 45159.2 | AV64: =SUM(AV16,AV40) -> 47402.1 | AW64: =SUM(AW16,AW40) -> 49770.5 | ... BF64: =SUM(BF16,BF40) -> 56059.7
A65: The government and self-government institutions’ sector | B65: Sektor instytucji rządowych i samorządowych | AP65: =SUM(AP17,AP41) -> 3416 | AQ65: =SUM(AQ17,AQ41) -> 3379.4 | AR65: =SUM(AR17,AR41) -> 3233.2 | AS65: =SUM(AS17,AS41) -> 3065.4 | AT65: =SUM(AT17,AT41) -> 2847.3 | AU65: =SUM(AU17,AU41) -> 2648.8 | AV65: =SUM(AV17,AV41) -> 2556.8 | AW65: =SUM(AW17,AW41) -> 2660.4 | ... BF65: =SUM(BF17,BF41) -> 3317.4
A66: Total, including: | B66: Razem, w tym: | AP66: =SUM(AP67,AP73) -> 77633.6 | AQ66: =SUM(AQ67,AQ73) -> 80270.4 | AR66: =SUM(AR67,AR73) -> 82742 | AS66: =SUM(AS67,AS73) -> 85764.3 | AT66: =SUM(AT67,AT73) -> 86556.3 | AU66: =SUM(AU67,AU73) -> 89281 | AV66: =SUM(AV67,AV73) -> 93666.3 | AW66: =SUM(AW67,AW73) -> 98194.9 | ... BF66: =SUM(BF67,BF73) -> 122722.1
A67: Corporate banking segment | B67: Bankowość korporacyjna | AP67: =SUM(AP68:AP72) -> 46520.1 | AQ67: =SUM(AQ68:AQ72) -> 48047.2 | AR67: =SUM(AR68:AR72) -> 49022.3 | AS67: =SUM(AS68:AS72) -> 50571.1 | AT67: =SUM(AT68:AT72) -> 49675.1 | AU67: =SUM(AU68:AU72) -> 50785 | AV67: =SUM(AV68:AV72) -> 52967.6 | AW67: =SUM(AW68:AW72) -> 55583.2 | ... BF67: =SUM(BF68:BF72) -> 67976.7
A68: loans in the current account | B68: kredyty w rachunku bieżącym | AP68: =SUM(AP20,AP44) -> 7278.9 | AQ68: =SUM(AQ20,AQ44) -> 9141.1 | AR68: =SUM(AR20,AR44) -> 9251.1 | AS68: =SUM(AS20,AS44) -> 9616.6 | AT68: =SUM(AT20,AT44) -> 8920.1 | AU68: =SUM(AU20,AU44) -> 10232.1 | AV68: =SUM(AV20,AV44) -> 9987 | AW68: =SUM(AW20,AW44) -> 10799.6 | ... BF68: =SUM(BF20,BF44) -> 8982.1
A69: term loans and advances | B69: kredyty i pożyczki terminowe | AP69: =SUM(AP21,AP45) -> 27168.8 | AQ69: =SUM(AQ21,AQ45) -> 26709.9 | AR69: =SUM(AR21,AR45) -> 27337 | AS69: =SUM(AS21,AS45) -> 28301 | AT69: =SUM(AT21,AT45) -> 27762.5 | AU69: =SUM(AU21,AU45) -> 27609.3 | AV69: =SUM(AV21,AV45) -> 29701.4 | AW69: =SUM(AW21,AW45) -> 31037.6 | ... BF69: =SUM(BF21,BF45) -> 41510.8
A70: leasing receivables | B70: należności leasingowe | AP70: =SUM(AP22,AP46) -> 5209.2 | AQ70: =SUM(AQ22,AQ46) -> 5238.7 | AR70: =SUM(AR22,AR46) -> 5522.9 | AS70: =SUM(AS22,AS46) -> 5698.1 | AT70: =SUM(AT22,AT46) -> 5871.4 | AU70: =SUM(AU22,AU46) -> 6074.3 | AV70: =SUM(AV22,AV46) -> 6438.5 | AW70: =SUM(AW22,AW46) -> 6739.1 | ... BF70: =SUM(BF22,BF46) -> 9697.6
A71: factoring receivables | B71: należności faktoringowe | AP71: =SUM(AP23,AP47) -> 4350.4 | AQ71: =SUM(AQ23,AQ47) -> 4513.4 | AR71: =SUM(AR23,AR47) -> 4622.2 | AS71: =SUM(AS23,AS47) -> 4715.1 | AT71: =SUM(AT23,AT47) -> 4589 | AU71: =SUM(AU23,AU47) -> 4562.6 | AV71: =SUM(AV23,AV47) -> 4751.6 | AW71: =SUM(AW23,AW47) -> 4767 | ... BF71: =SUM(BF23,BF47) -> 4794.5
A72: corporate and municipal securities | B72: papiery wartościowe komercyjne i komunalne | AP72: =SUM(AP24,AP48) -> 2512.8 | AQ72: =SUM(AQ24,AQ48) -> 2444.1 | AR72: =SUM(AR24,AR48) -> 2289.1 | AS72: =SUM(AS24,AS48) -> 2240.3 | AT72: =SUM(AT24,AT48) -> 2532.1 | AU72: =SUM(AU24,AU48) -> 2306.7 | AV72: =SUM(AV24,AV48) -> 2089.1 | AW72: =SUM(AW24,AW48) -> 2239.9 | ... BF72: =SUM(BF24,BF48) -> 2991.7
A73: Retail banking segment | B73: Bankowość detaliczna | AP73: =SUM(AP74:AP77) -> 31113.5 | AQ73: =SUM(AQ74:AQ77) -> 32223.2 | AR73: =SUM(AR74:AR77) -> 33719.7 | AS73: =SUM(AS74:AS77) -> 35193.2 | AT73: =SUM(AT74:AT77) -> 36881.2 | AU73: =SUM(AU74:AU77) -> 38496 | AV73: =SUM(AV74:AV77) -> 40698.7 | AW73: =SUM(AW74:AW77) -> 42611.7 | ... BF73: =SUM(BF74:BF77) -> 54745.4
A74: mortgages | B74: kredyty i pożyczki hipoteczne | AP74: =SUM(AP26,AP50) -> 23284 | AQ74: =SUM(AQ26,AQ50) -> 23982.5 | AR74: =SUM(AR26,AR50) -> 24998.4 | AS74: =SUM(AS26,AS50) -> 26058.3 | AT74: =SUM(AT26,AT50) -> 27369.4 | AU74: =SUM(AU26,AU50) -> 28661.1 | AV74: =SUM(AV26,AV50) -> 30295.4 | AW74: =SUM(AW26,AW50) -> 31756.5 | ... BF74: =SUM(BF26,BF50) -> 47621.8
A75: loans in the current account | B75: kredyty w rachunku bieżącym | AP75: =SUM(AP27,AP51) -> 1143.9 | AQ75: =SUM(AQ27,AQ51) -> 1203.8 | AR75: =SUM(AR27,AR51) -> 1244.8 | AS75: =SUM(AS27,AS51) -> 1295.1 | AT75: =SUM(AT27,AT51) -> 1239.8 | AU75: =SUM(AU27,AU51) -> 1295.4 | AV75: =SUM(AV27,AV51) -> 1299.4 | AW75: =SUM(AW27,AW51) -> 1304.9 | ... BF75: =SUM(BF27,BF51) -> 594.3
A76: leasing receivables | B76: należności leasingowe | AP76: =SUM(AP28,AP52) -> 501.4 | AQ76: =SUM(AQ28,AQ52) -> 535.4 | AR76: =SUM(AR28,AR52) -> 575.7 | AS76: =SUM(AS28,AS52) -> 629.3 | AT76: =SUM(AT28,AT52) -> 688.7 | AU76: =SUM(AU28,AU52) -> 750.7 | AV76: =SUM(AV28,AV52) -> 807.8 | AW76: =SUM(AW28,AW52) -> 869.2 | ... BF76: =SUM(BF28,BF52) -> 0
A77: other loans and advances | B77: pozostałe kredyty i pożyczki | AP77: =SUM(AP29,AP53) -> 6184.2 | AQ77: =SUM(AQ29,AQ53) -> 6501.5 | AR77: =SUM(AR29,AR53) -> 6900.8 | AS77: =SUM(AS29,AS53) -> 7210.5 | AT77: =SUM(AT29,AT53) -> 7583.3 | AU77: =SUM(AU29,AU53) -> 7788.8 | AV77: =SUM(AV29,AV53) -> 8296.1 | AW77: =SUM(AW29,AW53) -> 8681.1 | ... BF77: =SUM(BF29,BF53) -> 6529.3
A78: Other net receivables, including: | B78: Inne należności netto, w tym: | AP78: =SUM(AP79:AP82) -> 4345.9 | AQ78: =SUM(AQ79:AQ82) -> 4129.1 | AR78: =SUM(AR79:AR82) -> 4180.3 | AS78: =SUM(AS79:AS82) -> 4342.7 | AT78: =SUM(AT79:AT82) -> 718.3 | AU78: =SUM(AU79:AU82) -> 747.2 | AV78: =SUM(AV79:AV82) -> 809 | AW78: =SUM(AW79:AW82) -> 791.1 | ... BF78: =SUM(BF79:BF82) -> 1933.2
A79: Eurobonds (T-bonds) | B79: euroobligacje (obligacje Skarbu Państwa) | AP79: =SUM(AP31,AP55) -> 3910 | AQ79: =SUM(AQ31,AQ55) -> 3685.7 | AR79: =SUM(AR31,AR55) -> 3589.1 | AS79: =SUM(AS31,AS55) -> 3673.7 | AT79: =SUM(AT31,AT55) -> -0.7 | AU79: =SUM(AU31,AU55) -> 0 | AV79: =SUM(AV31,AV55) -> 0 | AW79: =SUM(AW31,AW55) -> 0 | ... BF79: =SUM(BF31,BF55) -> 0
A80: complex call deposits | B80: złożone depozyty zabezpieczające typu call | AP80: =SUM(AP32,AP56) -> 329 | AQ80: =SUM(AQ32,AQ56) -> 324.6 | AR80: =SUM(AR32,AR56) -> 483.4 | AS80: =SUM(AS32,AS56) -> 521.2 | AT80: =SUM(AT32,AT56) -> 540.1 | AU80: =SUM(AU32,AU56) -> 603 | AV80: =SUM(AV32,AV56) -> 651.7 | AW80: =SUM(AW32,AW56) -> 612 | ... BF80: =SUM(BF32,BF56) -> 1272.2
A81: receivables under repo transactions | B81: należności z tytułu transakcji z przyrzeczeniem odkupu | AP81: =SUM(AP33,AP57) -> 0 | AQ81: =SUM(AQ33,AQ57) -> 19.9 | AR81: =SUM(AR33,AR57) -> 20 | AS81: =SUM(AS33,AS57) -> 19.7 | AT81: =SUM(AT33,AT57) -> 19.8 | AU81: =SUM(AU33,AU57) -> 0 | AV81: =SUM(AV33,AV57) -> 0 | AW81: =SUM(AW33,AW57) -> 0 | ... BF81: =SUM(BF33,BF57) -> 0
A82: other receivables | B82: pozostałe należności | AP82: =SUM(AP34,AP58) -> 106.9 | AQ82: =SUM(AQ34,AQ58) -> 98.9 | AR82: =SUM(AR34,AR58) -> 87.8 | AS82: =SUM(AS34,AS58) -> 128.1 | AT82: =SUM(AT34,AT58) -> 159.1 | AU82: =SUM(AU34,AU58) -> 144.2 | AV82: =SUM(AV34,AV58) -> 157.3 | AW82: =SUM(AW34,AW58) -> 179.1 | ... BF82: =SUM(BF34,BF58) -> 661

Sheet Jakość portfela_Portf. quality
AY1: nowa segmentacja / new segmentation ->
